Workbook
Name \0: #REF!
Name \0: #REF!
Name \0: #REF!
Name \0: #REF!
Name \1: #REF!
Name \1: #REF!
Name \11: #REF!
Name \11: #REF!
Name \2: #REF!
Name \2: #REF!
Name \a: #REF!
Name \a: #REF!
Name \a: #REF!
Name \a: #REF!
Name \B: #REF!
Name \B: #REF!
Name \c: #REF!
Name \c: #REF!
Name \D: #REF!
Name \D: #REF!
Name \E: #REF!
Name \E: #REF!
Name \fagf: #REF!
Name \fagf: #REF!
Name \I: #REF!
Name \I: #REF!
Name \I: #REF!
Name \I: #REF!
Name \p: #REF!
Name \p: #REF!
Name \S: #REF!
Name \S: #REF!
Name \S: #REF!
Name \S: #REF!
Name \SA: #REF!
Name \SA: #REF!
Name \w: #REF!
Name \w: #REF!
Name \x: #REF!
Name \x: #REF!
Name \z: #REF!
Name \z: #REF!
Name \ZACVDERVREW: #N/A
Name _\1: #REF!
Name _\1: #REF!
Name _\11: #REF!
Name _\11: #REF!
Name _\a: #REF!
Name _\a: #REF!
Name _\b: #REF!
Name _\b: #REF!
Name _\c: #REF!
Name _\c: #REF!
Name _\fagf: #REF!
Name _\fagf: #REF!
Name _\I: #REF!
Name _\I: #REF!
Name _\p: #REF!
Name _\p: #REF!
Name _\S: #REF!

Sheet RESUMO
A2: GOVERNO DO ESTADO DE PERNAMBUCO
A3: SECRETARIA DE MOBILIDADE E INFRAESTRUTURA - SEMOBI/PE
A4: DEPARTAMENTO DE ESTRADAS E RODAGEM - DER/PE
A5: RODOVIA: | B5: PE-060
A6: TRECHO: | B6: ENTR. BR-101 (CABO DE SANTO AGOSTINHO) - DIV. PE/AL
A7: EXTENSÃO: | B7: 85,96 KM
A8: DATA BASE: | B8: OUTUBRO/2025
C9: R$ | E9: %
A10: 1.0 | B10: =PLANILHA!D2 -> MOBILIZAÇAO/DESMOBILIZAÇÃO | C10: =PLANILHA!I4 -> 30550.78 | E10: =C10/$C$21 -> 0.0023644422
A11: 2.0 | B11: =PLANILHA!D5 -> INSTALAÇÃO DO CANTEIRO DE OBRAS | C11: =PLANILHA!I7 -> 10187.12 | E11: =C11/$C$21 -> 0.00078842034
A12: 3.0 | B12: =PLANILHA!D8 -> ADMINISTRAÇÃO LOCAL | C12: =PLANILHA!I10 -> 463824.88 | E12: =C12/$C$21 -> 0.035897189
A13: 4.0 | B13: =PLANILHA!D11 -> TERRAPLENAGEM | C13: =PLANILHA!I22 -> 2270861.4 | E13: =C13/$C$21 -> 0.17575068
A14: 5.0 | B14: =PLANILHA!D23 -> DRENAGEM | C14: =PLANILHA!I31 -> 417455.92 | E14: =C14/$C$21 -> 0.032308517
A15: 6.0 | B15: =PLANILHA!D32 -> PAVIMENTAÇÃO | C15: =PLANILHA!I45 -> 6476627 | E15: =C15/$C$21 -> 0.50125104
A16: 7.0 | B16: =PLANILHA!D46 -> SINALIZAÇÃO | C16: =PLANILHA!I68 -> 407113 | E16: =C16/$C$21 -> 0.031508039
A17: 8.0 | B17: =PLANILHA!D69 -> PROTEÇÃO AMBIENTAL | C17: =PLANILHA!I72 -> 310614 | E17: =C17/$C$21 -> 0.02403961
A18: 9.0 | B18: =PLANILHA!D73 -> INTERSEÇÃO COM A PE-072 | C18: =PLANILHA!I130 -> 1614448.3 | E18: =C18/$C$21 -> 0.12494835
A19: 10.0 | B19: =PLANILHA!D131 -> INTERSEÇÃO COM A PE-038 | C19: =PLANILHA!I192 -> 919242.49 | E19: =C19/$C$21 -> 0.071143707
B21: TOTAL | C21: =C12+C11+C10+C13++C14+C15+C16+C17+C18+C19 -> 12920925 | E21: =SUM(E10,E11,E12,E13,E14,E15,E16,E17,E18,E19) -> 1
B63: RESUMO DO ORÇAMENTO | D63: QD - 3.1

Sheet PLANILHA
A1: Item | B1: Código | C1: Fonte | D1: Descrição | E1: Unid. | F1: Quantidade | G1: Custo Unit R$ | H1: Preço Unit R$ | I1: Total c/BDI | J1: BDI %
A2: 1.0 | D2: MOBILIZAÇAO/DESMOBILIZAÇÃO
A3: 1.1 | C3: COMPOSIÇÃO | D3: MOBILIZAÇÃO E DESMOBILIZAÇÃO DE EQUIPAMENTO | E3: UN | F3: 1 | G3: 25309.24 | H3: =IFERROR(ROUND((1+J3)*G3,2),0) -> 30550.78 | I3: =IFERROR(TRUNC(H3*F3,2),0) -> 30550.78 | J3: 0.2071
D4: SUBTOTAL 1.0 | I4: =SUBTOTAL(9,I2:I3) -> 30550.78
A5: 2.0 | D5: INSTALAÇÃO DO CANTEIRO DE OBRAS
A6: 2.1 | C6: COMPOSIÇÃO | D6: INSTALAÇÃO DO CANTEIRO DE OBRAS | E6: UN | F6: 1 | G6: 8439.33 | H6: =IFERROR(ROUND((1+J6)*G6,2),0) -> 10187.12 | I6: =IFERROR(TRUNC(H6*F6,2),0) -> 10187.12 | J6: 0.2071
D7: SUBTOTAL 2.0 | I7: =SUBTOTAL(9,I5:I6) -> 10187.12
A8: 3.0 | D8: ADMINISTRAÇÃO LOCAL
A9: 3.1 | C9: COMPOSIÇÃO | D9: ADMINISTRAÇÃO LOCAL DE OBRA | E9: UN | F9: 1 | G9: 384247.27 | H9: =IFERROR(ROUND((1+J9)*G9,2),0) -> 463824.88 | I9: =IFERROR(TRUNC(H9*F9,2),0) -> 463824.88 | J9: 0.2071
D10: SUBTOTAL 3.0 | I10: =SUBTOTAL(9,I8:I9) -> 463824.88
A11: 4.0 | D11: TERRAPLENAGEM
A12: 4.1 | B12: 5501700 | C12: COMPOSIÇÃO | D12: DESMATAMENTO, DESTOCAMENTO E LIMPEZA DE ÁREA COM ÁRVORES DE DIÂMETRO ATÉ 0,15 M | E12: M² | F12: 29513.06 | G12: 0.72 | H12: =IFERROR(ROUND((1+J12)*G12,2),0) -> 0.87 | I12: =IFERROR(TRUNC(H12*F12,2),0) -> 25676.36 | J12: 0.2071
A13: 4.2 | B13: 5501702 | C13: COMPOSIÇÃO | D13: DESTOCAMENTO DE ÁRVORES COM DIÂMETRO MAIOR QUE 0,30 M | E13: UN | F13: 20 | G13: 133.67 | H13: =IFERROR(ROUND((1+J13)*G13,2),0) -> 161.35 | I13: =IFERROR(TRUNC(H13*F13,2),0) -> 3227 | J13: 0.2071
A14: 4.3 | B14: 5501710 | C14: COMPOSIÇÃO | D14: ESCAVAÇÃO, CARGA E TRANSPORTE EM MATERIAL DE 1ª CATEGORIA - DMT DE 50 M | E14: M³ | F14: 712.315 | G14: 3.77 | H14: =IFERROR(ROUND((1+J14)*G14,2),0) -> 4.55 | I14: =IFERROR(TRUNC(H14*F14,2),0) -> 3241.03 | J14: 0.2071
A15: 4.4 | B15: 5502161 | C15: COMPOSIÇÃO | D15: ESCAVAÇÃO, CARGA E TRANSPORTE DE MATERIAL DE 1ª CATEGORIA - DMT DE 50 A 200 M - CAMINHO DE SERVIÇO PAVIMENTADO - COM ESCAVADEIRA E CAMINHÃO BASCULANTE DE 14 M³ | E15: M³ | F15: 74.041 | G15: 5.68 | H15: =IFERROR(ROUND((1+J15)*G15,2),0) -> 6.86 | I15: =IFERROR(TRUNC(H15*F15,2),0) -> 507.92 | J15: 0.2071
A16: 4.5 | B16: 5502162 | C16: COMPOSIÇÃO | D16: ESCAVAÇÃO, CARGA E TRANSPORTE DE MATERIAL DE 1ª CATEGORIA - DMT DE 200 A 400 M - CAMINHO DE SERVIÇO PAVIMENTADO - COM ESCAVADEIRA E CAMINHÃO BASCULANTE DE 14 M³ | E16: M³ | F16: 647.914 | G16: 6.43 | H16: =IFERROR(ROUND((1+J16)*G16,2),0) -> 7.76 | I16: =IFERROR(TRUNC(H16*F16,2),0) -> 5027.81 | J16: 0.2071
A17: 4.6 | B17: 5503041 | C17: COMPOSIÇÃO | D17: COMPACTAÇÃO DE ATERROS A 100% DO PROCTOR INTERMEDIÁRIO | E17: M³ | F17: 1147.416 | G17: 6.65 | H17: =IFERROR(ROUND((1+J17)*G17,2),0) -> 8.03 | I17: =IFERROR(TRUNC(H17*F17,2),0) -> 9213.75 | J17: 0.2071
A18: 4.7 | B18: CP0007 | C18: COMPOSIÇÃO | D18: DESTINAÇÃO FINAL DE RESÍDUOS SÓLIDOS | E18: T | F18: 15293.514 | G18: 84.54 | H18: =IFERROR(ROUND((1+J18)*G18,2),0) -> 96.8 | I18: =IFERROR(TRUNC(H18*F18,2),0) -> 1480412.1 | J18: 0.145
A19: 4.8 | B19: 5915411 | C19: COMPOSIÇÃO | D19: CARGA, MANOBRA E DESCARGA DE AGREGADOS OU SOLOS EM CAMINHÃO BASCULANTE DE 10 M³ - CARGA COM CARREGADEIRA DE 3,40 M³ E DESCARGA EM DISTRIBUIDOR AUTOPROPELIDO | E19: T | F19: =F18 -> 15293.514 | G19: 3.79 | H19: =IFERROR(ROUND((1+J19)*G19,2),0) -> 4.57 | I19: =IFERROR(TRUNC(H19*F19,2),0) -> 69891.35 | J19: 0.2071
A20: 4.9 | B20: 5914389 | C20: COMPOSIÇÃO | D20: TRANSPORTE COM CAMINHÃO BASCULANTE DE 10 M³ - RODOVIA PAVIMENTADA | E20: TKM | F20: =ROUND(F19*36.65,2) -> 560507.29 | G20: 0.83 | H20: =IFERROR(ROUND((1+J20)*G20,2),0) -> 1 | I20: =IFERROR(TRUNC(H20*F20,2),0) -> 560507.29 | J20: 0.2071
A21: 4.10 | B21: 5914359 | C21: COMPOSIÇÃO | D21: TRANSPORTE COM CAMINHÃO BASCULANTE DE 10 M³ - RODOVIA EM LEITO NATURAL | E21: TKM | F21: =ROUND(F19*4.9,2) -> 74938.22 | G21: 1.25 | H21: =IFERROR(ROUND((1+J21)*G21,2),0) -> 1.51 | I21: =IFERROR(TRUNC(H21*F21,2),0) -> 113156.71 | J21: 0.2071
D22: SUBTOTAL 4.0 | I22: =SUBTOTAL(9,I11:I21) -> 2270861.4
A23: 5.0 | D23: DRENAGEM
A24: 5.1 | B24: 2003257 | C24: COMPOSIÇÃO | D24: SARJETA TRIANGULAR DE CONCRETO - STC 100-20 - ESCAVAÇÃO MECÂNICA - AREIA E BRITA COMERCIAIS | E24: M | F24: 1725 | G24: 63.5 | H24: =IFERROR(ROUND((1+J24)*G24,2),0) -> 76.65 | I24: =IFERROR(TRUNC(H24*F24,2),0) -> 132221.25 | J24: 0.2071
A25: 5.2 | B25: 2003377 | C25: COMPOSIÇÃO | D25: MEIO-FIO DE CONCRETO - MFC 05 - AREIA E BRITA COMERCIAIS - FÔRMA DE MADEIRA | E25: M | F25: 2865 | G25: 61.81 | H25: =IFERROR(ROUND((1+J25)*G25,2),0) -> 74.61 | I25: =IFERROR(TRUNC(H25*F25,2),0) -> 213757.65 | J25: 0.2071
A26: 5.3 | B26: 2003109 | C26: COMPOSIÇÃO | D26: ENTRADA PARA DESCIDA D'ÁGUA - EDA 04 A - AREIA E BRITA COMERCIAIS | E26: un | F26: 63 | G26: 211 | H26: =IFERROR(ROUND((1+J26)*G26,2),0) -> 254.7 | I26: =IFERROR(TRUNC(H26*F26,2),0) -> 16046.1 | J26: 0.2071
A27: 5.4 | B27: 2003121 | C27: COMPOSIÇÃO | D27: ENTRADA PARA DESCIDA D'ÁGUA - EDA 04 B - AREIA E BRITA COMERCIAIS | E27: un | F27: 5 | G27: 305.84 | H27: =IFERROR(ROUND((1+J27)*G27,2),0) -> 369.18 | I27: =IFERROR(TRUNC(H27*F27,2),0) -> 1845.9 | J27: 0.2071
A28: 5.5 | B28: 2003393 | C28: COMPOSIÇÃO | D28: DESCIDA D'ÁGUA DE ATERROS TIPO RÁPIDO - DAR 60-30 - AREIA E BRITA COMERCIAIS | E28: M | F28: 68 | G28: 382.1 | H28: =IFERROR(ROUND((1+J28)*G28,2),0) -> 461.23 | I28: =IFERROR(TRUNC(H28*F28,2),0) -> 31363.64 | J28: 0.2071
A29: 5.6 | B29: 1619006 | C29: COMPOSIÇÃO | D29: DEMOLIÇÃO MECÂNICA DE CONCRETO SIMPLES COM ESCAVADEIRA HIDRÁULICA | E29: M³ | F29: 47.762 | G29: 159.01 | H29: =IFERROR(ROUND((1+J29)*G29,2),0) -> 191.94 | I29: =IFERROR(TRUNC(H29*F29,2),0) -> 9167.43 | J29: 0.2071
A30: 5.7 | B30: CP0001 | C30: COMPOSIÇÃO | D30: DESTINAÇÃO FINAL DE RESÍDUOS SÓLIDOS | E30: T | F30: 114.629 | G30: 99.46 | H30: =IFERROR(ROUND((1+J30)*G30,2),0) -> 113.88 | I30: =IFERROR(TRUNC(H30*F30,2),0) -> 13053.95 | J30: 0.145
D31: SUBTOTAL 5.0 | I31: =SUBTOTAL(9,I23:I30) -> 417455.92
A32: 6.0 | D32: PAVIMENTAÇÃO
A33: 6.1 | B33: 4011279 | C33: COMPOSIÇÃO | D33: BASE OU SUB-BASE DE MACADAME SECO COM BRITA COMERCIAL - 100% PROCTOR MODIFICADO | E33: M³ | F33: 4519.164 | G33: 272.32 | H33: =IFERROR(ROUND((1+J33)*G33,2),0) -> 328.72 | I33: =IFERROR(TRUNC(H33*F33,2),0) -> 1485539.6 | J33: 0.2071
A34: 6.2 | B34: 4011276 | C34: COMPOSIÇÃO | D34: BASE OU SUB-BASE DE BRITA GRADUADA COM BRITA COMERCIAL - 100% PROCTOR MODIFICADO | E34: M³ | F34: 4519.164 | G34: 189.15 | H34: =IFERROR(ROUND((1+J34)*G34,2),0) -> 228.32 | I34: =IFERROR(TRUNC(H34*F34,2),0) -> 1031815.5 | J34: 0.2071
A35: 6.3 | B35: CP0002 | C35: COMPOSIÇÃO | D35: MISTURA BGS | E35: M³ | F35: 4519.164 | G35: 60.14 | H35: =IFERROR(ROUND((1+J35)*G35,2),0) -> 68.86 | I35: =IFERROR(TRUNC(H35*F35,2),0) -> 311189.63 | J35: 0.145
A36: 6.4 | B36: 4011212 | C36: COMPOSIÇÃO | D36: VARREDURA DA SUPERFÍCIE PARA EXECUÇÃO DE REVESTIMENTO ASFÁLTICO | E36: M² | F36: 22595.82 | G36: 0.1 | H36: =IFERROR(ROUND((1+J36)*G36,2),0) -> 0.12 | I36: =IFERROR(TRUNC(H36*F36,2),0) -> 2711.49 | J36: 0.2071
A37: 6.5 | B37: 4011351 | C37: COMPOSIÇÃO | D37: IMPRIMAÇÃO COM ASFALTO DILUÍDO | E37: M² | F37: 22595.82 | G37: 0.7 | H37: =IFERROR(ROUND((1+J37)*G37,2),0) -> 0.84 | I37: =IFERROR(TRUNC(H37*F37,2),0) -> 18980.48 | J37: 0.2071
A38: 6.6 | B38: CP0003 | C38: COMPOSIÇÃO | D38: AQUISIÇÃO DE ASFALTO DILUÍDO CM-30 | E38: T | F38: 27.115 | G38: 5576.09 | H38: =IFERROR(ROUND((1+J38)*G38,2),0) -> 6384.62 | I38: =IFERROR(TRUNC(H38*F38,2),0) -> 173118.97 | J38: 0.145
A39: 6.7 | B39: CP0004 | C39: COMPOSIÇÃO | D39: TRANSPORTE DE ASFALTO DILUÍDO CM-30 | E39: T | F39: 27.115 | G39: 674.57 | H39: =IFERROR(ROUND((1+J39)*G39,2),0) -> 772.38 | I39: =IFERROR(TRUNC(H39*F39,2),0) -> 20943.08 | J39: 0.145
A40: 6.8 | B40: 4011353 | C40: COMPOSIÇÃO | D40: PINTURA DE LIGAÇÃO | E40: M² | F40: 45191.64 | G40: 0.53 | H40: =IFERROR(ROUND((1+J40)*G40,2),0) -> 0.64 | I40: =IFERROR(TRUNC(H40*F40,2),0) -> 28922.64 | J40: 0.2071
A41: 6.9 | B41: CP0005 | C41: COMPOSIÇÃO | D41: AQUISIÇÃO DE EMULSÃO ASFÁLTICA RR-1C | E41: T | F41: 20.338 | G41: 3903.31 | H41: =IFERROR(ROUND((1+J41)*G41,2),0) -> 4469.29 | I41: =IFERROR(TRUNC(H41*F41,2),0) -> 90896.42 | J41: 0.145
A42: 6.10 | B42: CP0006 | C42: COMPOSIÇÃO | D42: TRANSPORTE EMULSÃO ASFÁLTICA RR-1C | E42: T | F42: 20.338 | G42: 577.26 | H42: =IFERROR(ROUND((1+J42)*G42,2),0) -> 660.96 | I42: =IFERROR(TRUNC(H42*F42,2),0) -> 13442.6 | J42: 0.145
A43: 6.11 | B43: 4011463 | C43: COMPOSIÇÃO | D43: CONCRETO ASFÁLTICO - FAIXA C-12,5 - AREIA E BRITA COMERCIAIS | E43: T | F43: 4338.4 | G43: 103 | H43: =IFERROR(ROUND((1+J43)*G43,2),0) -> 124.33 | I43: =IFERROR(TRUNC(H43*F43,2),0) -> 539393.27 | J43: 0.2071
A44: 6.12 | B44: 4915801 | C44: COMPOSIÇÃO | D44: MISTURA BETUMINOSA | E44: M³ | F44: 1807.666 | G44: 1333.32 | H44: =IFERROR(ROUND((1+J44)*G44,2),0) -> 1526.65 | I44: =IFERROR(TRUNC(H44*F44,2),0) -> 2759673.3 | J44: 0.145
D45: SUBTOTAL 6.0 | I45: =SUBTOTAL(9,I32:I44) -> 6476627
A46: 7.0 | D46: SINALIZAÇÃO
A48: 7.1 | D48: SINALIZAÇÃO VERTICAL | I48: =SUBTOTAL(9,I49:I51) -> 116368
A49: 7.1.1 | B49: 5213442 | C49: COMPOSIÇÃO | D49: PLACA DE REGULAMENTAÇÃO EM AÇO D = 1,00 M - PELÍCULA RETRORREFLETIVA TIPO I + SI - FORNECIMENTO E IMPLANTAÇÃO | E49: UN | F49: 20 | G49: 708.86 | H49: =IFERROR(ROUND((1+J49)*G49,2),0) -> 855.66 | I49: =IFERROR(TRUNC(H49*F49,2),0) -> 17113.2 | J49: 0.2071
A50: 7.1.2 | B50: 5213571 | C50: COMPOSIÇÃO | D50: PLACA EM AÇO - PELÍCULA I + III - FORNECIMENTO E IMPLANTAÇÃO | E50: M² | F50: 130 | G50: 505.44 | H50: =IFERROR(ROUND((1+J50)*G50,2),0) -> 610.12 | I50: =IFERROR(TRUNC(H50*F50,2),0) -> 79315.6 | J50: 0.2071
A51: 7.1.3 | B51: 5216111 | C51: COMPOSIÇÃO | D51: SUPORTE PARA PLACA DE SINALIZAÇÃO EM MADEIRA DE LEI TRATADA 8 X 8 CM - FORNECIMENTO E IMPLANTAÇÃO | E51: UN | F51: 120 | G51: 137.65 | H51: =IFERROR(ROUND((1+J51)*G51,2),0) -> 166.16 | I51: =IFERROR(TRUNC(H51*F51,2),0) -> 19939.2 | J51: 0.2071
C52: PROJETO EXECUTIVO DE ENGENHARIA NA RODOVIA PE-060 PROPOSTA DE IMPLANTAÇÃO DE 3º FAIXA E INTERSEÇÕES DA PE-038 E PE-072 | G52: DEMONSTRATIVO DO ORÇAMENTO
C54: Orçamento onerado, BDI = 20,71% e 14,50% (Diferenciado) | G54: DATA BASE: OUTUBRO/2025 | I54: QD - 4.1
A55: 7.2 | D55: SINALIZAÇÃO HORIZONTAL | I55: =SUBTOTAL(9,I56:I57) -> 166062.12
A56: 7.2.1 | B56: 5213401 | C56: COMPOSIÇÃO | D56: PINTURA DE FAIXA COM TINTA ACRÍLICA - ESPESSURA DE 0,6 MM | E56: M² | F56: 3502 | G56: 28.63 | H56: =IFERROR(ROUND((1+J56)*G56,2),0) -> 34.56 | I56: =IFERROR(TRUNC(H56*F56,2),0) -> 121029.12 | J56: 0.2071
A57: 7.2.2 | B57: 5213405 | C57: COMPOSIÇÃO | D57: PINTURA DE SETAS E ZEBRADOS COM TINTA ACRÍLICA - ESPESSURA DE 0,6 MM | E57: M² | F57: 850 | G57: 43.89 | H57: =IFERROR(ROUND((1+J57)*G57,2),0) -> 52.98 | I57: =IFERROR(TRUNC(H57*F57,2),0) -> 45033 | J57: 0.2071
A58: 7.3 | D58: SINAIZAÇÃO DE OBRAS | I58: =SUBTOTAL(9,I59:I67) -> 124682.88
A59: 7.3.1 | B59: 5212557 | C59: COMPOSIÇÃO | D59: PLACA DE REGULAMENTAÇÃO PARA SINALIZAÇÃO DE OBRAS MONTADA EM SUPORTE METÁLICO MÓVEL - D = 1,00 M - UTILIZAÇÃO DE 600 CICLOS - FORNECIMENTO, 01 IMPLANTAÇÃO E 01 RETIRADA DIÁRIA | E59: UN.DIA | F59: 1440 | G59: 3.86 | H59: =IFERROR(ROUND((1+J59)*G59,2),0) -> 4.66 | I59: =IFERROR(TRUNC(H59*F59,2),0) -> 6710.4 | J59: 0.2071
A60: 7.3.2 | B60: 5212560 | C60: COMPOSIÇÃO | D60: PLACA DE ADVERTÊNCIA PARA SINALIZAÇÃO DE OBRAS MONTADA EM SUPORTE METÁLICO MÓVEL, LADO 1,00 M - UTILIZAÇÃO DE 600 CICLOS - FORNECIMENTO, 01 IMPLANTAÇÃO E 01 RETIRADA DIÁRIA | E60: UN.DIA | F60: 720 | G60: 4.09 | H60: =IFERROR(ROUND((1+J60)*G60,2),0) -> 4.94 | I60: =IFERROR(TRUNC(H60*F60,2),0) -> 3556.8 | J60: 0.2071
A61: 7.3.3 | B61: CP0008 | C61: COMPOSIÇÃO | D61: PLACA PARA SINALIZAÇÃO DE OBRAS MONTADA EM CAVALETE METÁLICO - 1,25 X 0,40 M - UTILIZAÇÃO DE 600 CICLOS - FORNECIMENTO, 01 IMPLANTAÇÃO E 01 RETIRADA DIÁRIA | E61: UN.DIA | F61: 1440 | G61: 1.67 | H61: =IFERROR(ROUND((1+J61)*G61,2),0) -> 2.02 | I61: =IFERROR(TRUNC(H61*F61,2),0) -> 2908.8 | J61: 0.2071
A62: 7.3.4 | C62: COMPOSIÇÃO | D62: PLACA PARA SINALIZAÇÃO DE OBRAS MONTADA EM CAVALETE METÁLICO - 1,25 X 0,80 M - UTILIZAÇÃO DE 600 CICLOS - FORNECIMENTO, 01 IMPLANTAÇÃO E 01 RETIRADA DIÁRIA | E62: UN.DIA | F62: 720 | G62: 2.01 | H62: =IFERROR(ROUND((1+J62)*G62,2),0) -> 2.43 | I62: =IFERROR(TRUNC(H62*F62,2),0) -> 1749.6 | J62: 0.2071
A63: 7.3.5 | B63: 5213343 | C63: COMPOSIÇÃO | D63: BARREIRA DE SINALIZAÇÃO TIPO I DE DIRECIONAMENTO OU BLOQUEIO - UTILIZAÇÃO DE 150 CICLOS - FORNECIMENTO, 01 IMPLANTAÇÃO E 01 RETIRADA DIÁRIA | E63: UN.DIA | F63: 6120 | G63: 4.36 | H63: =IFERROR(ROUND((1+J63)*G63,2),0) -> 5.26 | I63: =IFERROR(TRUNC(H63*F63,2),0) -> 32191.2 | J63: 0.2071
A64: 7.3.6 | B64: 5213345 | C64: COMPOSIÇÃO | D64: BARREIRA DE SINALIZAÇÃO TIPO II DE DIRECIONAMENTO OU BLOQUEIO - UTILIZAÇÃO DE 150 CICLOS - FORNECIMENTO, 01 IMPLANTAÇÃO E 01 RETIRADA DIÁRIA | E64: UN.DIA | F64: 1440 | G64: 6.4 | H64: =IFERROR(ROUND((1+J64)*G64,2),0) -> 7.73 | I64: =IFERROR(TRUNC(H64*F64,2),0) -> 11131.2 | J64: 0.2071
A65: 7.3.7 | B65: 5213835 | C65: COMPOSIÇÃO | D65: CONE PLÁSTICO PARA CANALIZAÇÃO DE TRÂNSITO - UTILIZAÇÃO DE 150 CICLOS - FORNECIMENTO, 01 IMPLANTAÇÃO E 01 RETIRADA DIÁRIA | E65: UN.DIA | F65: 1440 | G65: 0.76 | H65: =IFERROR(ROUND((1+J65)*G65,2),0) -> 0.92 | I65: =IFERROR(TRUNC(H65*F65,2),0) -> 1324.8 | J65: 0.2071
A66: 7.3.8 | B66: 5213848 | C66: COMPOSIÇÃO | D66: LUZ DE ADVERTÊNCIA E BATERIA PARA DISPOSITIVOS DE SINALIZAÇÃO - UTILIZAÇÃO DE 200 CICLOS - FORNECIMENTO, 01 IMPLANTAÇÃO E 01 RETIRADA DIÁRIA | E66: UN.DIA | F66: 360 | G66: 1.1 | H66: =IFERROR(ROUND((1+J66)*G66,2),0) -> 1.33 | I66: =IFERROR(TRUNC(H66*F66,2),0) -> 478.8 | J66: 0.2071
A67: 7.3.9 | B67: 5213850 | C67: COMPOSIÇÃO | D67: OPERAÇÃO DE SINALIZAÇÃO POR BANDEIROLA DE TECIDO OU COM PLACA METÁLICA | E67: H | F67: 2263 | G67: 23.66 | H67: =IFERROR(ROUND((1+J67)*G67,2),0) -> 28.56 | I67: =IFERROR(TRUNC(H67*F67,2),0) -> 64631.28 | J67: 0.2071
D68: SUBTOTAL 7.0 | I68: =SUBTOTAL(9,I46:I67) -> 407113
A69: 8.0 | D69: PROTEÇÃO AMBIENTAL
A70: 8.1 | B70: 4413996 | C70: COMPOSIÇÃO | D70: ENLEIVAMENTO | E70: M² | F70: 17250 | G70: 11.1 | H70: =IFERROR(ROUND((1+J70)*G70,2),0) -> 13.4 | I70: =IFERROR(TRUNC(H70*F70,2),0) -> 231150 | J70: 0.2071
A71: 8.2 | B71: 4413905 | C71: COMPOSIÇÃO | D71: HIDROSSEMEADURA | E71: M² | F71: 10320 | G71: 6.38 | H71: =IFERROR(ROUND((1+J71)*G71,2),0) -> 7.7 | I71: =IFERROR(TRUNC(H71*F71,2),0) -> 79464 | J71: 0.2071
D72: SUBTOTAL 8.0 | I72: =SUBTOTAL(9,I69:I71) -> 310614
A73: 9.0 | D73: INTERSEÇÃO COM A PE-072
A74: 9.1 | D74: SERVIÇOS PRELIMINARES E TERRAPLENAGEM | I74: =SUBTOTAL(9,I75:I78) -> 141334.99
A75: 9.1.1 | B75: 4915744 | C75: COMPOSIÇÃO | D75: CAPINA MANUAL | E75: M² | F75: 1962.84 | G75: 0.79 | H75: =IFERROR(ROUND((1+J75)*G75,2),0) -> 0.95 | I75: =IFERROR(TRUNC(H75*F75,2),0) -> 1864.69 | J75: 0.2071
A76: 9.1.2 | B76: 5502985 | C76: COMPOSIÇÃO | D76: LIMPEZA MECANIZADA DA CAMADA VEGETAL | E76: M² | F76: 3271.4 | G76: 0.79 | H76: =IFERROR(ROUND((1+J76)*G76,2),0) -> 0.95 | I76: =IFERROR(TRUNC(H76*F76,2),0) -> 3107.83 | J76: 0.2071
A77: 9.1.3 | B77: 4805750 | C77: COMPOSIÇÃO | D77: ESCAVAÇÃO MANUAL EM MATERIAL DE 1ª CATEGORIA NA PROFUNDIDADE DE ATÉ 1 M | E77: M³ | F77: 947.09 | G77: 47.43 | H77: =IFERROR(ROUND((1+J77)*G77,2),0) -> 57.25 | I77: =IFERROR(TRUNC(H77*F77,2),0) -> 54220.9 | J77: 0.2071
A78: 9.1.4 | B78: CP0007 | C78: COMPOSIÇÃO | D78: DESTINAÇÃO FINAL DE RESÍDUOS SÓLIDOS (ESCAVAÇÃO) | E78: T | F78: 848.57 | G78: 84.54 | H78: =IFERROR(ROUND((1+J78)*G78,2),0) -> 96.8 | I78: =IFERROR(TRUNC(H78*F78,2),0) -> 82141.57 | J78: 0.145
A79: 9.2 | D79: DRENAGEM E OBRAS DE ARTE CORRENTES | I79: =SUBTOTAL(9,I80:I86) -> 145775.78
A80: 9.2.1 | B80: 1600989 | C80: COMPOSIÇÃO | D80: DEMOLIÇÃO DE CONCRETO SIMPLES COM MARTELETE | E80: M³ | F80: 5.95 | G80: 539.8 | H80: =IFERROR(ROUND((1+J80)*G80,2),0) -> 651.59 | I80: =IFERROR(TRUNC(H80*F80,2),0) -> 3876.96 | J80: 0.2071
A81: 9.2.2 | B81: CP0001 | C81: COMPOSIÇÃO | D81: DESTINAÇÃO FINAL DE RESÍDUOS SÓLIDOS (ENTULHO) | E81: T | F81: 14.27 | G81: 99.46 | H81: =IFERROR(ROUND((1+J81)*G81,2),0) -> 113.88 | I81: =IFERROR(TRUNC(H81*F81,2),0) -> 1625.06 | J81: 0.145
A82: 9.2.3 | B82: 2003107 | C82: COMPOSIÇÃO | D82: ENTRADA PARA DESCIDA D'ÁGUA - EDA 03 A - AREIA E BRITA COMERCIAIS | E82: un | F82: 4 | G82: 200.08 | H82: =IFERROR(ROUND((1+J82)*G82,2),0) -> 241.52 | I82: =IFERROR(TRUNC(H82*F82,2),0) -> 966.08 | J82: 0.2071
A83: 9.2.4 | B83: 2003399 | C83: COMPOSIÇÃO | D83: DESCIDA D'ÁGUA DE CORTES EM DEGRAUS - DCD 60-30 - AREIA E BRITA COMERCIAIS | E83: M | F83: 20.6 | G83: 643.97 | H83: =IFERROR(ROUND((1+J83)*G83,2),0) -> 777.34 | I83: =IFERROR(TRUNC(H83*F83,2),0) -> 16013.2 | J83: 0.2071
A84: 9.2.5 | B84: 2003373 | C84: COMPOSIÇÃO | D84: MEIO-FIO DE CONCRETO - MFC 03 - AREIA E BRITA COMERCIAIS - FÔRMA DE MADEIRA | E84: M | F84: 417.2 | G84: 70.84 | H84: =IFERROR(ROUND((1+J84)*G84,2),0) -> 85.51 | I84: =IFERROR(TRUNC(H84*F84,2),0) -> 35674.77 | J84: 0.2071
A85: 9.2.6 | B85: 2003269 | C85: COMPOSIÇÃO | D85: SARJETA TRIANGULAR DE CONCRETO - STC 73-15 - ESCAVAÇÃO MECÂNICA - AREIA E BRITA COMERCIAIS | E85: M | F85: 136.06 | G85: 49.12 | H85: =IFERROR(ROUND((1+J85)*G85,2),0) -> 59.29 | I85: =IFERROR(TRUNC(H85*F85,2),0) -> 8066.99 | J85: 0.2071
A86: 9.2.7 | B86: 2003363 | C86: COMPOSIÇÃO | D86: TRANSPOSIÇÃO DE SEGMENTOS DE SARJETA - TSS 140 - AREIA E BRITA COMERCIAIS | E86: M | F86: 53.79 | G86: 1225.21 | H86: =IFERROR(ROUND((1+J86)*G86,2),0) -> 1478.95 | I86: =IFERROR(TRUNC(H86*F86,2),0) -> 79552.72 | J86: 0.2071
A87: 9.3 | D87: PAVIMENTAÇÃO | I87: =SUBTOTAL(9,I88:I110) -> 1076141.8
A88: 9.3.1 | B88: 4915655 | C88: COMPOSIÇÃO | D88: FRESAGEM CONTÍNUA DE REVESTIMENTO ASFÁLTICO - ESPESSURA DE 3 CM | E88: M³ | F88: 74.31 | G88: 201.45 | H88: =IFERROR(ROUND((1+J88)*G88,2),0) -> 243.17 | I88: =IFERROR(TRUNC(H88*F88,2),0) -> 18069.96 | J88: 0.2071
A89: 9.3.2 | B89: 1619006 | C89: COMPOSIÇÃO | D89: DEMOLIÇÃO MECÂNICA DE CONCRETO SIMPLES COM ESCAVADEIRA HIDRÁULICA | E89: M³ | F89: 13.6 | G89: 159.01 | H89: =IFERROR(ROUND((1+J89)*G89,2),0) -> 191.94 | I89: =IFERROR(TRUNC(H89*F89,2),0) -> 2610.38 | J89: 0.2071
A90: 9.3.3 | B90: CP0001 | C90: COMPOSIÇÃO | D90: DESTINAÇÃO FINAL DE RESÍDUOS SÓLIDOS (ENTULHO) | E90: T | F90: 208.26 | G90: 99.46 | H90: =IFERROR(ROUND((1+J90)*G90,2),0) -> 113.88 | I90: =IFERROR(TRUNC(H90*F90,2),0) -> 23716.64 | J90: 0.145
A91: 9.3.4 | B91: 4011209 | C91: COMPOSIÇÃO | D91: REGULARIZAÇÃO DO SUBLEITO - 100% PROCTOR INTERMEDIÁRIO | E91: M² | F91: 3060 | G91: 1.85 | H91: =IFERROR(ROUND((1+J91)*G91,2),0) -> 2.23 | I91: =IFERROR(TRUNC(H91*F91,2),0) -> 6823.8 | J91: 0.2071
A92: 9.3.5 | B92: C40181 | C92: COMPOSIÇÃO | D92: SUB-BASE DE CONCRETO COMPACTADO COM ROLO - BRITA COMERCIAL | E92: M³ | F92: 612 | G92: 15.07 | H92: =IFERROR(ROUND((1+J92)*G92,2),0) -> 18.19 | I92: =IFERROR(TRUNC(H92*F92,2),0) -> 11132.28 | J92: 0.2071
A93: 9.3.6 | B93: 1107888 | C93: COMPOSIÇÃO | D93: CONCRETO FCK = 15 MPA - CONFECÇÃO EM BETONEIRA E LANÇAMENTO MANUAL - AREIA E BRITA COMERCIAIS | E93: M³ | F93: 612 | G93: 495.96 | H93: =IFERROR(ROUND((1+J93)*G93,2),0) -> 598.67 | I93: =IFERROR(TRUNC(H93*F93,2),0) -> 366386.04 | J93: 0.2071
A94: 9.3.7 | B94: 4011276 | C94: COMPOSIÇÃO | D94: BASE OU SUB-BASE DE BRITA GRADUADA COM BRITA COMERCIAL - 100% PROCTOR MODIFICADO | E94: M³ | F94: 612 | G94: 189.15 | H94: =IFERROR(ROUND((1+J94)*G94,2),0) -> 228.32 | I94: =IFERROR(TRUNC(H94*F94,2),0) -> 139731.84 | J94: 0.2071
A95: 9.3.8 | B95: CP0002 | C95: COMPOSIÇÃO | D95: MISTURA BGS | E95: M³ | F95: 612 | G95: 60.14 | H95: =IFERROR(ROUND((1+J95)*G95,2),0) -> 68.86 | I95: =IFERROR(TRUNC(H95*F95,2),0) -> 42142.32 | J95: 0.145
A96: 9.3.9 | B96: 4915626 | C96: COMPOSIÇÃO | D96: SELAGEM DE TRINCAS MECANIZADA EM PAVIMENTO FLEXÍVEL COM EMULSÃO - AREIA COMERCIAL | E96: M | F96: 1337.57 | G96: 2.9 | H96: =IFERROR(ROUND((1+J96)*G96,2),0) -> 3.5 | I96: =IFERROR(TRUNC(H96*F96,2),0) -> 4681.49 | J96: 0.2071
A97: 9.3.10 | B97: 4915757 | C97: COMPOSIÇÃO | D97: TAPA BURACO COM PINTURA DE LIGAÇÃO - DEMOLIÇÃO COM SERRA CORTA PISO | E97: M³ | F97: 0.08 | G97: 581.13 | H97: =IFERROR(ROUND((1+J97)*G97,2),0) -> 701.48 | I97: =IFERROR(TRUNC(H97*F97,2),0) -> 56.11 | J97: 0.2071
A98: 9.3.11 | B98: 4915801 | C98: COMPOSIÇÃO | D98: MISTURA BETUMINOSA | E98: M³ | F98: 0.08 | G98: 1333.32 | H98: =IFERROR(ROUND((1+J98)*G98,2),0) -> 1526.65 | I98: =IFERROR(TRUNC(H98*F98,2),0) -> 122.13 | J98: 0.145
A99: 9.3.12 | B99: 4011212 | C99: COMPOSIÇÃO | D99: VARREDURA DA SUPERFÍCIE PARA EXECUÇÃO DE REVESTIMENTO ASFÁLTICO | E99: M² | F99: 5537 | G99: 0.1 | H99: =IFERROR(ROUND((1+J99)*G99,2),0) -> 0.12 | I99: =IFERROR(TRUNC(H99*F99,2),0) -> 664.44 | J99: 0.2071
A100: 9.3.13 | B100: 4011351 | C100: COMPOSIÇÃO | D100: IMPRIMAÇÃO COM ASFALTO DILUÍDO | E100: M² | F100: 3060 | G100: 0.7 | H100: =IFERROR(ROUND((1+J100)*G100,2),0) -> 0.84 | I100: =IFERROR(TRUNC(H100*F100,2),0) -> 2570.4 | J100: 0.2071
A101: 9.3.14 | B101: CP0003 | C101: COMPOSIÇÃO | D101: AQUISIÇÃO DE ASFALTO DILUÍDO CM-30 | E101: T | F101: 3.67 | G101: 5576.09 | H101: =IFERROR(ROUND((1+J101)*G101,2),0) -> 6384.62 | I101: =IFERROR(TRUNC(H101*F101,2),0) -> 23431.55 | J101: 0.145
C102: PROJETO EXECUTIVO DE ENGENHARIA NA RODOVIA PE-060 PROPOSTA DE IMPLANTAÇÃO DE 3º FAIXA E INTERSEÇÕES DA PE-038 E PE-072 | G102: DEMONSTRATIVO DO ORÇAMENTO
...

Sheet CRON
B1: CRONOGRAMA FÍSICO FINANCEIRO
B2: PROJETO EXECUTIVO DE ENGENHARIA NA RODOVIA PE-060 PROPOSTA DE IMPLANTAÇÃO DE 3º FAIXA
A3: CRONOGRAMA FÍSICO FINANCEIRO | B3: ITEM | D3: VALOR R$ | E3: DIAS CORRIDOS
C4: ATIVIDADES | E4: 30 | K4: 60 | Q4: 90 | W4: 120 | AC4: 150 | AI4: 180
B6: 1.0 | C6: =PLANILHA!D8 -> ADMINISTRAÇÃO LOCAL | D6: =D8/$AI$42 -> 0.035897189 | E6: =E8/$D$8 -> 0.23349882 | K6: =K8/$D$8 -> 0.17577641 | Q6: =Q8/$D$8 -> 0.17577641 | W6: =W8/$D$8 -> 0.17577641 | AC6: =AC8/$D$8 -> 0.17577641 | AI6: =AI8/$D$8 -> 0.063395551
D8: =RESUMO!C12 -> 463824.88 | E8: =SUM(E11+E14+E17+E29)*$D$46 -> 108302.56 | K8: =SUM(K20+K23+K29)*D46 -> 81529.471 | Q8: =SUM(Q20+Q23+Q29)*D46 -> 81529.471 | W8: =SUM(W20+W23+W29)*D46 -> 81529.471 | AC8: =SUM(AC20+AC23+AC29)*D46 -> 81529.471 | AI8: =SUM(AI11+AI26+AI29+AI32)*D46 -> 29404.434 | AO8: =SUM(E8:AN8) -> 463824.88 | AP8: =D8-AO8 -> 0
B9: 2.0 | C9: =PLANILHA!D2 -> MOBILIZAÇAO/DESMOBILIZAÇÃO | D9: =D11/$AI$42 -> 0.0023644422 | E9: 0.5 | AI9: 0.5
D11: =PLANILHA!I4 -> 30550.78 | E11: =E9*$D$11 -> 15275.39 | AI11: =AI9*$D$11 -> 15275.39 | AO11: =SUM(E11:AN11) -> 30550.78 | AP11: =D11-AO11 -> 0
B12: 3.0 | C12: =PLANILHA!D5 -> INSTALAÇÃO DO CANTEIRO DE OBRAS | D12: =D14/$AI$42 -> 0.00078842034 | E12: 1
D14: =PLANILHA!I7 -> 10187.12 | E14: =E12*$D$14 -> 10187.12 | AO14: =SUM(E14:AN14) -> 10187.12 | AP14: =D14-AO14 -> 0
B15: 4.0 | C15: =PLANILHA!$D$11 -> TERRAPLENAGEM | D15: =D17/$AI$42 -> 0.17575068 | E15: 1
D17: =PLANILHA!$I$22 -> 2270861.4 | E17: =E15*$D$17 -> 2270861.4 | AO17: =SUM(E17:AN17) -> 2270861.4 | AP17: =D17-AO17 -> 0
B18: 5.0 | C18: =PLANILHA!$D$23 -> DRENAGEM | D18: =D20/$AI$42 -> 0.032308517 | K18: 0.25 | Q18: 0.25 | W18: 0.25 | AC18: 0.25
D20: =PLANILHA!$I$31 -> 417455.92 | K20: =K18*$D$20 -> 104363.98 | Q20: =Q18*$D$20 -> 104363.98 | W20: =W18*$D$20 -> 104363.98 | AC20: =AC18*$D$20 -> 104363.98 | AO20: =SUM(E20:AN20) -> 417455.92 | AP20: =D20-AO20 -> 0
B21: 6.0 | C21: =PLANILHA!$D$32 -> PAVIMENTAÇÃO | D21: =D23/$AI$42 -> 0.50125104 | K21: 0.25 | Q21: 0.25 | W21: 0.25 | AC21: 0.25
D23: =PLANILHA!$I$45 -> 6476627 | K23: =K21*$D$23 -> 1619156.7 | Q23: =Q21*$D$23 -> 1619156.7 | W23: =W21*$D$23 -> 1619156.7 | AC23: =AC21*$D$23 -> 1619156.7 | AO23: =SUM(E23:AN23) -> 6476627 | AP23: =D23-AO23 -> 0
B24: 7.0 | C24: =PLANILHA!$D$46 -> SINALIZAÇÃO | D24: =D26/$AI$42 -> 0.021858352 | AI24: 1
D26: =SUM(PLANILHA!$I$48,PLANILHA!$I$55) -> 282430.12 | AI26: =AI24*$D$26 -> 282430.12 | AO26: =SUM(E26:AN26) -> 282430.12 | AP26: =D26-AO26 -> 0
B27: 7.3 | C27: =PLANILHA!$D$58 -> SINAIZAÇÃO DE OBRAS | D27: =D29/$AI$42 -> 0.009649687 | E27: =1/6 -> 0.16666667 | K27: =1/6 -> 0.16666667 | Q27: =1/6 -> 0.16666667 | W27: =1/6 -> 0.16666667 | AC27: =1/6 -> 0.16666667 | AI27: =1/6 -> 0.16666667
D29: =PLANILHA!$I$58 -> 124682.88 | E29: =E27*$D$29 -> 20780.48 | K29: =K27*$D$29 -> 20780.48 | Q29: =Q27*$D$29 -> 20780.48 | W29: =W27*$D$29 -> 20780.48 | AC29: =AC27*$D$29 -> 20780.48 | AI29: =AI27*$D$29 -> 20780.48 | AO29: =SUM(E29:AN29) -> 124682.88 | AP29: =D29-AO29 -> 0
B30: 8.0 | C30: =PLANILHA!D69 -> PROTEÇÃO AMBIENTAL | D30: =D32/$AI$42 -> 0.02403961 | AI30: 1
D32: =PLANILHA!I72 -> 310614 | AI32: =AI30*$D$32 -> 310614 | AO32: =SUM(E32:AN32) -> 310614 | AP32: =D32-AO32 -> 0
B33: 9.0 | C33: =PLANILHA!D73 -> INTERSEÇÃO COM A PE-072 | D33: =D35/$AI$42 -> 0.12494835 | E33: =1/6 -> 0.16666667 | K33: =1/6 -> 0.16666667 | Q33: =1/6 -> 0.16666667 | W33: =1/6 -> 0.16666667 | AC33: =1/6 -> 0.16666667 | AI33: =1/6 -> 0.16666667
D35: =PLANILHA!I130 -> 1614448.3 | E35: =E33*$D$35 -> 269074.72 | K35: =K33*$D$35 -> 269074.72 | Q35: =Q33*$D$35 -> 269074.72 | W35: =W33*$D$35 -> 269074.72 | AC35: =AC33*$D$35 -> 269074.72 | AI35: =AI33*$D$35 -> 269074.72 | AO35: =SUM(E35:AN35) -> 1614448.3 | AP35: =D35-AO35 -> 0
B36: 10.0 | C36: =PLANILHA!D131 -> INTERSEÇÃO COM A PE-038 | D36: =D38/$AI$42 -> 0.071143707 | E36: =1/6 -> 0.16666667 | K36: =1/6 -> 0.16666667 | Q36: =1/6 -> 0.16666667 | W36: =1/6 -> 0.16666667 | AC36: =1/6 -> 0.16666667 | AI36: =1/6 -> 0.16666667
D38: =PLANILHA!I192 -> 919242.49 | E38: =E36*$D$38 -> 153207.08 | K38: =K36*$D$38 -> 153207.08 | Q38: =Q36*$D$38 -> 153207.08 | W38: =W36*$D$38 -> 153207.08 | AC38: =AC36*$D$38 -> 153207.08 | AI38: =AI36*$D$38 -> 153207.08 | AO38: =SUM(E38:AN38) -> 919242.49 | AP38: =D38-AO38 -> 0
A39: QD - 8.1 | B39: DESEMBOLSO MENSAL | E39: =ROUND(E40/$D$42,4) -> 0.2204 | K39: =ROUND(K40/$D$42,4) -> 0.174 | Q39: =ROUND(Q40/$D$42,4) -> 0.174 | W39: =ROUND(W40/$D$42,4) -> 0.174 | AC39: =ROUND(AC40/$D$42,4) -> 0.174 | AI39: =ROUND(AI40/$D$42,4) -> 0.0836
E40: =SUM(E11,E14,E8,E17,E29,E35,E38) -> 2847688.7 | K40: =SUM(K8,K20,K23,K29,K35,K38) -> 2248112.5 | Q40: =SUM(Q8,Q20,Q23,Q29,Q35,Q38) -> 2248112.5 | W40: =SUM(W20,W8,W23,W29,W35,W38) -> 2248112.5 | AC40: =SUM(AC20,AC8,AC23,AC29,AC35,AC38) -> 2248112.5 | AI40: =SUM(AI11,AI8,AI26,AI29,AI32,AI35,AI38) -> 1080786.2
B41: DESEMBOLSO ACUMULADO | D41: =SUM(D30,D27,D24,D21,D18,D15,D12,D9,D6,D33,D36) -> 1 | E41: =E39 -> 0.2204 | K41: =K39+E41 -> 0.3944 | Q41: =Q39+K41 -> 0.5684 | W41: =W39+Q41 -> 0.7424 | AC41: =AC39+W41 -> 0.9164 | AI41: =AI39+AC41 -> 1
D42: =SUM(D17,D8,D11,D80,D14,D20,D23,D26,D29,D32,D35,D38) -> 12920925 | E42: =E40 -> 2847688.7 | K42: =K40+E42 -> 5095801.2 | Q42: =Q40+K42 -> 7343913.7 | W42: =W40+Q42 -> 9592026.1 | AC42: =AC40+W42 -> 11840139 | AI42: =AI40+AC42 -> 12920925
D44: =RESUMO!C21 -> 12920925
D45: =D42-D44 -> 0
D46: =D8/(D11+D14+D17+D20+D23+D26+D29+D32) -> 0.046740477

Sheet CURVA ABC
A1: GOVERNO DO ESTADO DE PERNAMBUCO
A2: SECRETARIA DE MOBILIDADE E INFRAESTRUTURA - SEMOBI/PE
A3: DEPARTAMENTO DE ESTRADAS E RODAGEM - DER/PE
A4: RODOVIA: | B4: =RESUMO!B5 -> PE-060
A5: TRECHO: | B5: =RESUMO!B6 -> ENTR. BR-101 (CABO DE SANTO AGOSTINHO) - DIV. PE/AL
A6: EXTENSÃO: | B6: =RESUMO!B7 -> 85,96 KM
A8: DEMONSTRATIVO DA CURVA ABC DE SERVIÇOS
A10: CÓDIGO | B10: DESCRIÇÃO | C10: UND | D10: QUANT. | E10: PREÇO UNITÁRIO | F10: PREÇO TOTAL | G10: CURVA ABC
G11: % | H11: % ACUM
A12: CP0007 | B12: MISTURA BETUMINOSA - FAIXA C | C12: T | D12: 1807.67 | E12: 1526.65 | F12: =TRUNC(E12*D12,2) -> 2759679.4 | G12: =F12/$F$89 -> 0.21358219 | H12: =G12 -> 0.21358219
A13: 4011279 | B13: Base ou sub-base de macadame seco com brita comercial - 100% Proctor modificado | C13: m³ | D13: 4519.16 | E13: 328.72 | F13: =TRUNC(E13*D13,2) -> 1485538.3 | G13: =F13/$F$89 -> 0.11497151 | H13: =H12+G13 -> 0.3285537
B14: DESTINAÇÃO FINAL DE RESÍDUOS SÓLIDOS (SOLOS) | C14: T | D14: 15293.51 | E14: 96.8 | F14: =TRUNC(E14*D14,2) -> 1480411.8 | G14: =F14/$F$89 -> 0.11457475 | H14: =H13+G14 -> 0.44312845
A15: 4011276 | B15: Base ou sub-base de brita graduada com brita comercial - 100% Proctor modificado | C15: m³ | D15: 5247.8 | E15: 228.32 | F15: =TRUNC(E15*D15,2) -> 1198177.7 | G15: =F15/$F$89 -> 0.092731573 | H15: =H14+G15 -> 0.53586003
A16: 4011463 | B16: Concreto asfáltico - faixa C-12,5 - areia e brita comerciais | C16: t | D16: 5272.55 | E16: 124.33 | F16: =TRUNC(E16*D16,2) -> 655536.14 | G16: =F16/$F$89 -> 0.05073446 | H16: =H15+G16 -> 0.58659449
A17: 4915801 | B17: Mistura betuminosa | C17: m³ | D17: 389.42 | E17: 1526.65 | F17: =TRUNC(E17*D17,2) -> 594508.04 | G17: =F17/$F$89 -> 0.046011261 | H17: =H16+G17 -> 0.63260575
A18: 5914389 | B18: Transporte com caminhão basculante de 10 m³ - rodovia pavimentada | C18: tkm | D18: 565438.04 | E18: 1 | F18: =TRUNC(E18*D18,2) -> 565438.04 | G18: =F18/$F$89 -> 0.043761422 | H18: =H17+G18 -> 0.67636717
A19: CP0012 | B19: ADMINISTRAÇÃO LOCAL | C19: UN | D19: 1 | E19: 463824.88 | F19: =TRUNC(E19*D19,2) -> 463824.88 | G19: =F19/$F$89 -> 0.035897189 | H19: =H18+G19 -> 0.71226436
A20: 1107888 | B20: Concreto fck = 15 MPa - confecção em betoneira e lançamento manual - areia e brita comerciais | C20: m³ | D20: 668.84 | E20: 598.67 | F20: =TRUNC(E20*D20,2) -> 400414.44 | G20: =F20/$F$89 -> 0.030989611 | H20: =H19+G20 -> 0.74325397
A21: CP0002 | B21: MISTURA BGS | C21: M³ | D21: 5247.8 | E21: 68.86 | F21: =TRUNC(E21*D21,2) -> 361363.5 | G21: =F21/$F$89 -> 0.027967309 | H21: =H20+G21 -> 0.77122128
A22: 4413996 | B22: Enleivamento | C22: m² | D22: 17250 | E22: 13.4 | F22: =TRUNC(E22*D22,2) -> 231150 | G22: =F22/$F$89 -> 0.017889586 | H22: =H21+G22 -> 0.78911086
A23: 2003377 | B23: Meio-fio de concreto - MFC 05 - areia e brita comerciais - fôrma de madeira | C23: m | D23: 2865 | E23: 74.61 | F23: =TRUNC(E23*D23,2) -> 213757.65 | G23: =F23/$F$89 -> 0.016543526 | H23: =H22+G23 -> 0.80565439
A24: CP0003 | B24: AQUISIÇÃO DE ASFALTO DILUÍDO CM-30 | C24: T | D24: 31.16 | E24: 6384.62 | F24: =TRUNC(E24*D24,2) -> 198944.75 | G24: =F24/$F$89 -> 0.015397098 | H24: =H23+G24 -> 0.82105149
A25: 5213711 | B25: Semipórtico metálico com vão de 8,3 m, vento de 40 m/s e área de exposição de até 12,45 m² - fornecimento e implantação - areia e brita comerciais | C25: un | D25: 2 | E25: 80932.05 | F25: =TRUNC(E25*D25,2) -> 161864.1 | G25: =F25/$F$89 -> 0.012527284 | H25: =H24+G25 -> 0.83357877
A26: CP0001 | B26: DESTINAÇÃO FINAL DE RESÍDUOS SÓLIDOS (ESCAVAÇÃO) | C26: T | D26: 1641.98 | E26: 96.8 | F26: =TRUNC(E26*D26,2) -> 158943.66 | G26: =F26/$F$89 -> 0.01230126 | H26: =H25+G26 -> 0.84588003
A27: 5213401 | B27: Pintura de faixa com tinta acrílica - espessura de 0,6 mm | C27: m² | D27: 4066.73 | E27: 34.56 | F27: =TRUNC(E27*D27,2) -> 140546.18 | G27: =F27/$F$89 -> 0.010877409 | H27: =H26+G27 -> 0.85675744
A28: CP0015 | B28: DESTINAÇÃO FINAL DE RESÍDUOS SÓLIDOS (ENTULHO) | C28: T | D28: 1204.59 | E28: 113.88 | F28: =TRUNC(E28*D28,2) -> 137178.7 | G28: =F28/$F$89 -> 0.010616786 | H28: =H27+G28 -> 0.86737423
A29: 2003257 | B29: Sarjeta triangular de concreto - STC 100-20 - escavação mecânica - areia e brita comerciais | C29: m | D29: 1725 | E29: 76.65 | F29: =TRUNC(E29*D29,2) -> 132221.25 | G29: =F29/$F$89 -> 0.01023311 | H29: =H28+G29 -> 0.87760734
A30: 4805750 | B30: Escavação manual em material de 1ª categoria na profundidade de até 1 m | C30: m³ | D30: 2108.01 | E30: 57.25 | F30: =TRUNC(E30*D30,2) -> 120683.57 | G30: =F30/$F$89 -> 0.009340165 | H30: =H29+G30 -> 0.8869475
A31: 2003363 | B31: Transposição de segmentos de sarjeta - TSS 140 - areia e brita comerciais | C31: m | D31: 78 | E31: 1478.95 | F31: =TRUNC(E31*D31,2) -> 115358.1 | G31: =F31/$F$89 -> 0.0089280064 | H31: =H30+G31 -> 0.89587551
A32: 5914359 | B32: Transporte com caminhão basculante de 10 m³ - rodovia em leito natural | C32: tkm | D32: 74938.22 | E32: 1.51 | F32: =TRUNC(E32*D32,2) -> 113156.71 | G32: =F32/$F$89 -> 0.0087576324 | H32: =H31+G32 -> 0.90463314
A33: CP0005 | B33: AQUISIÇÃO DE EMULSÃO ASFÁLTICA RR-1C | C33: T | D33: 25.17 | E33: 4469.29 | F33: =TRUNC(E33*D33,2) -> 112492.02 | G33: =F33/$F$89 -> 0.0087061895 | H33: =H32+G33 -> 0.91333933
A34: 5213571 | B34: Placa em aço - película I + III - fornecimento e implantação | C34: m² | D34: 173.86 | E34: 610.12 | F34: =TRUNC(E34*D34,2) -> 106075.46 | G34: =F34/$F$89 -> 0.0082095873 | H34: =H33+G34 -> 0.92154892
A35: 4413905 | B35: Hidrossemeadura | C35: m² | D35: 10320 | E35: 7.7 | F35: =TRUNC(E35*D35,2) -> 79464 | G35: =F35/$F$89 -> 0.0061500242 | H35: =H34+G35 -> 0.92769894
A36: 5915411 | B36: Carga, manobra e descarga de agregados ou solos em caminhão basculante de 10 m³ - carga com carregadeira de 3,40 m³ e descarga em distribuidor autopropelido | C36: t | D36: 15293.51 | E36: 4.57 | F36: =TRUNC(E36*D36,2) -> 69891.34 | G36: =F36/$F$89 -> 0.0054091592 | H36: =H35+G36 -> 0.9331081
A37: 5213850 | B37: Operação de sinalização por bandeirola de tecido ou com placa metálica | C37: h | D37: 2263 | E37: 28.56 | F37: =TRUNC(E37*D37,2) -> 64631.28 | G37: =F37/$F$89 -> 0.005002063 | H37: =H36+G37 -> 0.93811017
A38: 4915655 | B38: Fresagem contínua de revestimento asfáltico - espessura de 3 cm | C38: m³ | D38: 221.28 | E38: 243.17 | F38: =TRUNC(E38*D38,2) -> 53808.65 | G38: =F38/$F$89 -> 0.0041644581 | H38: =H37+G38 -> 0.94227462
A39: 2003373 | B39: Meio-fio de concreto - MFC 03 - areia e brita comerciais - fôrma de madeira | C39: m | D39: 539.62 | E39: 85.51 | F39: =TRUNC(E39*D39,2) -> 46142.9 | G39: =F39/$F$89 -> 0.0035711763 | H39: =H38+G39 -> 0.9458458
A40: 5213405 | B40: Pintura de setas e zebrados com tinta acrílica - espessura de 0,6 mm | C40: m² | D40: 850 | E40: 52.98 | F40: =TRUNC(E40*D40,2) -> 45033 | G40: =F40/$F$89 -> 0.0034852768 | H40: =H39+G40 -> 0.94933108
A41: 1600989 | B41: Demolição de concreto simples com martelete | C41: m³ | D41: 67.93 | E41: 651.59 | F41: =TRUNC(E41*D41,2) -> 44262.5 | G41: =F41/$F$89 -> 0.0034256449 | H41: =H40+G41 -> 0.95275672
A42: 804029 | B42: Corpo de BSTC D = 0,80 m PA1 - areia, brita e pedra de mão comerciais | C42: m | D42: 49.43 | E42: 796.43 | F42: =TRUNC(E42*D42,2) -> 39367.53 | G42: =F42/$F$89 -> 0.0030468044 | H42: =H41+G42 -> 0.95580353
A43: 5216111 | B43: Suporte para placa de sinalização em madeira de lei tratada 8 x 8 cm - fornecimento e implantação | C43: un | D43: 227.1 | E43: 166.16 | F43: =TRUNC(E43*D43,2) -> 37734.93 | G43: =F43/$F$89 -> 0.0029204512 | H43: =H42+G43 -> 0.95872398
A44: 4011353 | B44: Pintura de ligação | C44: m² | D44: 55926.64 | E44: 0.64 | F44: =TRUNC(E44*D44,2) -> 35793.04 | G44: =F44/$F$89 -> 0.0027701608 | H44: =H43+G44 -> 0.96149414
A45: 5213343 | B45: Barreira de sinalização tipo I de direcionamento ou bloqueio - utilização de 150 ciclos - fornecimento, 01 implantação e 01 retirada diária | C45: un.dia | D45: 6120 | E45: 5.26 | F45: =TRUNC(E45*D45,2) -> 32191.2 | G45: =F45/$F$89 -> 0.0024914006 | H45: =H44+G45 -> 0.96398554
... A47: 5213409 | B47: Pintura de setas e zebrados com termoplástico por extrusão - espessura de 3,0 mm | C47: m² | D47: 257.62 | E47: 118.84 | F47: =TRUNC(E47*D47,2) -> 30615.56 | G47: =F47/$F$89 -> 0.0023694558 | H47: =H46+G47 -> 0.96878235
A48: CP0014 | B48: MOBILIZAÇÃO/DESMOBILIZAÇÃO | C48: UN | D48: 1 | E48: 30550.78 | F48: =TRUNC(E48*D48,2) -> 30550.78 | G48: =F48/$F$89 -> 0.0023644422 | H48: =H47+G48 -> 0.97114679
A49: 2003269 | B49: Sarjeta triangular de concreto - STC 73-15 - escavação mecânica - areia e brita comerciais | C49: m | D49: 443.73 | E49: 59.29 | F49: =TRUNC(E49*D49,2) -> 26308.75 | G49: =F49/$F$89 -> 0.0020361352 | H49: =H48+G49 -> 0.97318292
A50: 5501700 | B50: Desmatamento, destocamento e limpeza de área com árvores de diâmetro até 0,15 m | C50: m² | D50: 29513.06 | E50: 0.87 | F50: =TRUNC(E50*D50,2) -> 25676.36 | G50: =F50/$F$89 -> 0.0019871921 | H50: =H49+G50 -> 0.97517012
A51: 4915670 | B51: Remoção manual de camada granular do pavimento | C51: m³ | D51: 56.84 | E51: 436.5 | F51: =TRUNC(E51*D51,2) -> 24810.66 | G51: =F51/$F$89 -> 0.0019201923 | H51: =H50+G51 -> 0.97709031
A52: CP0004 | B52: TRANSPORTE DE ASFALTO DILUÍDO CM-30 | C52: T | D52: 31.16 | E52: 772.38 | F52: =TRUNC(E52*D52,2) -> 24067.36 | G52: =F52/$F$89 -> 0.0018626654 | H52: =H51+G52 -> 0.97895297
A53: 5213572 | B53: Placa em aço - película III + III - fornecimento e implantação | C53: m² | D53: 30.47 | E53: 719.6 | F53: =TRUNC(E53*D53,2) -> 21926.21 | G53: =F53/$F$89 -> 0.0016969536 | H53: =H52+G53 -> 0.98064993
A54: 4011351 | B54: Imprimação com asfalto diluído | C54: m² | D54: 25954.82 | E54: 0.84 | F54: =TRUNC(E54*D54,2) -> 21802.04 | G54: =F54/$F$89 -> 0.0016873436 | H54: =H53+G54 -> 0.98233727
A55: 5213442 | B55: Placa de regulamentação em aço D = 1,00 m - película retrorrefletiva tipo I + SI - fornecimento e implantação | C55: un | D55: 20 | E55: 855.66 | F55: =TRUNC(E55*D55,2) -> 17113.2 | G55: =F55/$F$89 -> 0.0013244563 | H55: =H54+G55 -> 0.98366173
A56: CP0006 | B56: TRANSPORTE EMULSÃO ASFÁLTICA RR-1C | C56: T | D56: 25.17 | E56: 660.96 | F56: =TRUNC(E56*D56,2) -> 16636.36 | G56: =F56/$F$89 -> 0.0012875518 | H56: =H55+G56 -> 0.98494928
A57: 5219608 | B57: Tacha refletiva em plástico injetado - bidirecional tipo III - com um pino - fornecimento e colocação | C57: un | D57: 341 | E57: 48.31 | F57: =TRUNC(E57*D57,2) -> 16473.71 | G57: =F57/$F$89 -> 0.0012749637 | H57: =H56+G57 -> 0.98622424
A58: 2003109 | B58: Entrada para descida d'água - EDA 04 A - areia e brita comerciais | C58: un | D58: 63 | E58: 254.7 | F58: =TRUNC(E58*D58,2) -> 16046.1 | G58: =F58/$F$89 -> 0.0012418693 | H58: =H57+G58 -> 0.98746611
A59: 2003399 | B59: Descida d'água de cortes em degraus - DCD 60-30 - areia e brita comerciais | C59: m | D59: 20.6 | E59: 777.34 | F59: =TRUNC(E59*D59,2) -> 16013.2 | G59: =F59/$F$89 -> 0.0012393231 | H59: =H58+G59 -> 0.98870544
A60: 4011342 | B60: Reestabilização de camada de base com adição de 50% de brita comercial - 100% Proctor modificado | C60: m³ | D60: 59.8 | E60: 208.54 | F60: =TRUNC(E60*D60,2) -> 12470.69 | G60: =F60/$F$89 -> 0.0009651546 | H60: =H59+G60 -> 0.98967059
A61: 4011214 | B61: Sub-base de concreto compactado com rolo - brita comercial | C61: m³ | D61: 668.84 | E61: 18.19 | F61: =TRUNC(E61*D61,2) -> 12166.19 | G61: =F61/$F$89 -> 0.00094158817 | H61: =H60+G61 -> 0.99061218
A62: 1619006 | B62: Demolição mecânica de concreto simples com escavadeira hidráulica | C62: m³ | D62: 61.36 | E62: 191.94 | F62: =TRUNC(E62*D62,2) -> 11777.43 | G62: =F62/$F$89 -> 0.00091150054 | H62: =H61+G62 -> 0.99152368
A63: 5213345 | B63: Barreira de sinalização tipo II de direcionamento ou bloqueio - utilização de 150 ciclos - fornecimento, 01 implantação e 01 retirada diária | C63: un.dia | D63: 1460 | E63: 7.73 | F63: =TRUNC(E63*D63,2) -> 11285.8 | G63: =F63/$F$89 -> 0.00087345141 | H63: =H62+G63 -> 0.99239713
A64: CP0013 | B64: INSTALAÇÃO DO CANTEIRO DE OBRA | C64: UN | D64: 1 | E64: 10187.12 | F64: =TRUNC(E64*D64,2) -> 10187.12 | G64: =F64/$F$89 -> 0.00078842034 | H64: =H63+G64 -> 0.99318555
A65: 4915626 | B65: Selagem de trincas mecanizada em pavimento flexível com emulsão - areia comercial | C65: m | D65: 2893.47 | E65: 3.5 | F65: =TRUNC(E65*D65,2) -> 10127.14 | G65: =F65/$F$89 -> 0.00078377826 | H65: =H64+G65 -> 0.99396933
A66: 5219615 | B66: Tacha refletiva em plástico injetado - monodirecional tipo III - com um pino - fornecimento e colocação | C66: un | D66: 223 | E66: 44.52 | F66: =TRUNC(E66*D66,2) -> 9927.96 | G66: =F66/$F$89 -> 0.00076836296 | H66: =H65+G66 -> 0.99473769
A67: 5503041 | B67: Compactação de aterros a 100% do Proctor intermediário | C67: m³ | D67: 1147.42 | E67: 8.03 | F67: =TRUNC(E67*D67,2) -> 9213.78 | G67: =F67/$F$89 -> 0.00071308982 | H67: =H66+G67 -> 0.99545078
A68: 4011209 | B68: Regularização do subleito - 100% Proctor intermediário | C68: m² | D68: 3359 | E68: 2.23 | F68: =TRUNC(E68*D68,2) -> 7490.57 | G68: =F68/$F$89 -> 0.00057972398 | H68: =H67+G68 -> 0.99603051
A69: 5212557 | B69: Placa de regulamentação para sinalização de obras montada em suporte metálico móvel - D = 1,00 m - utilização de 600 ciclos - fornecimento, 01 implantação e 01 retirada diária | C69: un.dia | D69: 1444 | E69: 4.66 | F69: =TRUNC(E69*D69,2) -> 6729.04 | G69: =F69/$F$89 -> 0.00052078625 | H69: =H68+G69 -> 0.99655129
A70: 2003519 | B70: Caixa coletora de sarjeta - CCS 200-80 B - com grelha de aço - areia e brita comerciais | C70: un | D70: 1 | E70: 6256.41 | F70: =TRUNC(E70*D70,2) -> 6256.41 | G70: =F70/$F$89 -> 0.0004842076 | H70: =H69+G70 -> 0.9970355
A71: 5502162 | B71: Escavação, carga e transporte de material de 1ª categoria - DMT de 200 a 400 m - caminho de serviço pavimentado - com escavadeira e caminhão basculante de 14 m³ | C71: m³ | D71: 647.91 | E71: 7.76 | F71: =TRUNC(E71*D71,2) -> 5027.78 | G71: =F71/$F$89 -> 0.00038911921 | H71: =H70+G71 -> 0.99742462
A72: 5502985 | B72: Limpeza mecanizada da camada vegetal | C72: m² | D72: 5287.47 | E72: 0.95 | F72: =TRUNC(E72*D72,2) -> 5023.09 | G72: =F72/$F$89 -> 0.00038875623 | H72: =H71+G72 -> 0.99781337
A73: 4011212 | B73: Varredura da superfície para execução de revestimento asfáltico | C73: m² | D73: 33330.82 | E73: 0.12 | F73: =TRUNC(E73*D73,2) -> 3999.69 | G73: =F73/$F$89 -> 0.00030955137 | H73: =H72+G73 -> 0.99812293
A74: 5212560 | B74: Placa de advertência para sinalização de obras montada em suporte metálico móvel, lado 1,00 m - utilização de 600 ciclos - fornecimento, 01 implantação e 01 retirada diária | C74: un.dia | D74: 732 | E74: 4.94 | F74: =TRUNC(E74*D74,2) -> 3616.08 | G74: =F74/$F$89 -> 0.00027986232 | H74: =H73+G74 -> 0.99840279
A75: 5501710 | B75: Escavação, carga e transporte em material de 1ª categoria - DMT de 50 m | C75: m³ | D75: 712.32 | E75: 4.55 | F75: =TRUNC(E75*D75,2) -> 3241.05 | G75: =F75/$F$89 -> 0.00025083731 | H75: =H74+G75 -> 0.99865363
A76: 5501702 | B76: Destocamento de árvores com diâmetro maior que 0,30 m | C76: un | D76: 20 | E76: 161.35 | F76: =TRUNC(E76*D76,2) -> 3227 | G76: =F76/$F$89 -> 0.00024974992 | H76: =H75+G76 -> 0.99890338
A77: 4915744 | B77: Capina manual | C77: m² | D77: 3172.48 | E77: 0.95 | F77: =TRUNC(E77*D77,2) -> 3013.85 | G77: =F77/$F$89 -> 0.00023325343 | H77: =H76+G77 -> 0.99913663
A78: CP0008 | B78: Placa para sinalização de obras montada em cavalete metálico - 1,25 x 0,40 m - utilização de 600 ciclos - fornecimento, 01 implantação e 01 retirada diária | C78: un.dia | D78: 1444 | E78: 2.02 | F78: =TRUNC(E78*D78,2) -> 2916.88 | G78: =F78/$F$89 -> 0.00022574855 | H78: =H77+G78 -> 0.99936238
A79: 2003121 | B79: Entrada para descida d'água - EDA 04 B - areia e brita comerciais | C79: un | D79: 5 | E79: 369.18 | F79: =TRUNC(E79*D79,2) -> 1845.9 | G79: =F79/$F$89 -> 0.00014286129 | H79: =H78+G79 -> 0.99950524
A80: CP0009 | B80: Placa para sinalização de obras montada em cavalete metálico - 1,25 x 0,80 m - utilização de 600 ciclos - fornecimento, 01 implantação e 01 retirada diária | C80: un.dia | D80: 724 | E80: 2.43 | F80: =TRUNC(E80*D80,2) -> 1759.32 | G80: =F80/$F$89 -> 0.00013616053 | H80: =H79+G80 -> 0.9996414
A81: 5213835 | B81: Cone plástico para canalização de trânsito - utilização de 150 ciclos - fornecimento, 01 implantação e 01 retirada diária | C81: un.dia | D81: 1480 | E81: 0.92 | F81: =TRUNC(E81*D81,2) -> 1361.6 | G81: =F81/$F$89 -> 0.00010537945 | H81: =H80+G81 -> 0.99974678
A82: 2003107 | B82: Entrada para descida d'água - EDA 03 A - areia e brita comerciais | C82: un | D82: 4 | E82: 241.52 | F82: =TRUNC(E82*D82,2) -> 966.08 | G82: =F82/$F$89 -> 7.4768642e-05 | H82: =H81+G82 -> 0.99982155
A83: 5213348 | B83: Dispositivo de direcionamento ou bloqueio tipo tela plástica com suporte móvel afixado em bloco de concreto - utilização de 150 ciclos - fornecimento, 01 implantação e 01 retirada diária | C83: m².dia | D83: 800 | E83: 1.12 | F83: =TRUNC(E83*D83,2) -> 896 | G83: =F83/$F$89 -> 6.9344881e-05 | H83: =H82+G83 -> 0.99989089
A84: 5502161 | B84: Escavação, carga e transporte de material de 1ª categoria - DMT de 50 a 200 m - caminho de serviço pavimentado - com escavadeira e caminhão basculante de 14 m³ | C84: m³ | D84: 74.04 | E84: 6.86 | F84: =TRUNC(E84*D84,2) -> 507.91 | G84: =F84/$F$89 -> 3.9309106e-05 | H84: =H83+G84 -> 0.9999302
A85: 5213848 | B85: Luz de advertência e bateria para dispositivos de sinalização - utilização de 200 ciclos - fornecimento, 01 implantação e 01 retirada diária | C85: un.dia | D85: 360 | E85: 1.33 | F85: =TRUNC(E85*D85,2) -> 478.8 | G85: =F85/$F$89 -> 3.7056171e-05 | H85: =H84+G85 -> 0.99996726
A86: 3103302 | B86: Fôrmas de tábuas de pinho para dispositivos de drenagem - utilização de 3 vezes - confecção, instalação e retirada | C86: m² | D86: 2.25 | E86: 102.57 | F86: =TRUNC(E86*D86,2) -> 230.78 | G86: =F86/$F$89 -> 1.7860951e-05 | H86: =H85+G86 -> 0.99998512
A87: 4915757 | B87: Tapa buraco com pintura de ligação - demolição com serra corta piso | C87: m³ | D87: 0.19 | E87: 701.48 | F87: =TRUNC(E87*D87,2) -> 133.28 | G87: =F87/$F$89 -> 1.0315051e-05 | H87: =H86+G87 -> 0.99999543
A88: 5213477 | B88: Placa delineador em aço - 0,30 x 0,90 m - película retrorrefletiva tipo I + IV - fornecimento e implantação | C88: un | D88: 0.54 | E88: 205.59 | F88: =TRUNC(E88*D88,2) -> 111.01 | G88: =F88/$F$89 -> 8.5914903e-06 | H88: =H87+G88 -> 1.000004
A89: TOTAL | F89: =SUM(F12:F88)-52.01 -> 12920925

Sheet Adm Local
B2: GOVERNO DO ESTADO DE PERNAMBUCO
B3: SECRETARIA DE MOBILIDADE E INFRAESTRUTURA - SEMOBI/PE
B4: DEPARTAMENTO DE ESTRADAS DE RODAGEM - DER/PE
B6: RODOVIA: | D6: =Canteiro!C6 -> PE-060
B7: TRECHO: | D7: =Canteiro!C7 -> ENTR. BR-101 (CABO DE SANTO AGOSTINHO) - DIV. PE/AL
B8: DATA BASE: | D8: =Canteiro!C8 -> OUTUBRO/2025
B9: TIPO: | D9: =Canteiro!C9 -> SEM DESONERAÇÃO
B11: ADMINISTRAÇÃO LOCAL
C13: ADMINISTRAÇÃO LOCAL
C14: De acordo com o Manual de Custos de Infraestrutura de Transportes, a administração local compreende o conjunto de gastos com pessoal, materiais e equipamentos incorridos pelo executor no local do empreendimento e indispensáveis ao apoio e à condução da obra. É exercida normalmente por pessoal técnico e administrativo, tais como: engenheiro supervisor, engenheiros setoriais, gestores administrativos, equipes de medicina e segurança no trabalho, etc. Além da gerência técnica e administrativa da obra, incluem-se na administração local as equipes responsáveis pelo controle de produção das frentes de serviços, pelo controle tecnológico da obra e pelos serviços gerais de apoio.
C18: A) Considerações :
D19: Natureza da obra: | E19: Intervenção Pontual do tipo Restrita
D20: Extensão de km de faixa do Segmento: | F20: 0
D21: Prazo de execução (meses) | F21: 6
D22: Dimensões referenciais do canteiro de obras e acampamentos: | H22: 305.17 | I22: de área de instalações referenciais
H23: =Canteiro!E79 -> 73.92 | I23: de instalações cobertas (estrutura modular);
H24: =Canteiro!E80 -> 315.89744 | I24: de áreas descobertas.
C26: B) Parcela Fixa da Administração Local :
C28: Tabela 68 – Parcela fixa da administração local para obras de intervenções pontuais (mão de obra)
C29: ITEM | D29: CÓDIGO | E29: DISCRIMINAÇÃO | F29: UNIDADE | G29: QUANTIDADE | H29: CUSTO UINTÁRIO (R$) | I29: CUSTO TOTAL (R$)
C30: 1 | D30: GERÊNCIA TÉCNICA
C31: 1.1 | D31: Geral
C32: 1.1.1 | D32: P9819 | E32: Engenheiro Supervisor | F32: mês | G32: 0.25 | H32: =VLOOKUP(D32,'[5]Mão de Obra (OK)'!$D$9:$J$109,7,0) -> 27534.562 | I32: =TRUNC(H32*G32,2) -> 6883.64
C33: 1.1.2 | D33: P9840 | E33: Encarregado geral | F33: mês | G33: 1 | H33: =VLOOKUP(D33,'[5]Mão de Obra (OK)'!$D$9:$J$109,7,0) -> 11551.203 | I33: =TRUNC(H33*G33,2) -> 11551.2
C34: SUBTOTAL DO ITEM 1 - GERÊNCIA TÉCNICA (R$) | I34: =SUM(I32:I33) -> 18434.84
C35: 2 | D35: GERÊNCIA ADMINISTRATIVA
C36: 2.1 | D36: Auxiliar
C37: 2.1.1 | D37: P9842 | E37: Faxineiro | F37: mês | G37: 1 | H37: =VLOOKUP(D37,'[5]Mão de Obra (OK)'!$D$9:$J$109,7,0) -> 4271.9216 | I37: =TRUNC(H37*G37,2) -> 4271.92
C38: SUBTOTAL DO ITEM 2 - GERÊNCIA ADMINISTRATIVA (R$) | I38: =SUM(I37:I37) -> 4271.92
C39: TOTAL DA MÃO DE OBRA DA PARCELA FIXA (R$) | I39: =SUM(I38,I34) -> 22706.76
C41: Tabela 68 – Parcela fixa da administração local para obras de intervenções pontuais (veículos)
C42: ITEM | D42: CÓDIGO | E42: DISCRIMINAÇÃO | F42: UNIDADE | G42: QUANTIDADE | H42: UTIL. PROD. | I42: UTIL. IMPROD. | J42: CHP | K42: CHI | L42: CUSTO TOTAL (R$)
C43: 1 | D43: GERÊNCIA TÉCNICA
C44: 1.1 | D44: Geral
C45: 1.1.1 | D45: E9093 | E45: Veículo leve - 53 kw | F45: mês | G45: =G33+G32 -> 1.25 | H45: 44 | I45: 176 | J45: =VLOOKUP(D45,'[5]Equipamentos (OK)'!$D$10:$G$573,3,0) -> 35.8043 | K45: =VLOOKUP(D45,'[5]Equipamentos (OK)'!$D$10:$G$573,4,0) -> 6.6485 | L45: =TRUNC(G45*((H45*J45)+(I45*K45)),2) -> 3431.9
C46: 1.1.2 | D46: E9134 | E46: Miniônibus - 111 kw | F46: mês | G46: 0 | H46: 44 | I46: 176 | J46: =VLOOKUP(D46,'[5]Equipamentos (OK)'!$D$10:$G$573,3,0) -> 242.9887 | K46: =VLOOKUP(D46,'[5]Equipamentos (OK)'!$D$10:$G$573,4,0) -> 80.8888 | L46: =TRUNC(G46*((H46*J46)+(I46*K46)),2) -> 0
L47: =SUM(L45:L46) -> 3431.9
C48: 2 | D48: GERÊNCIA ADMINISTRATIVA
C49: 2.1 | D49: Geral
C50: 2.1.1 | D50: E9093 | E50: Veículo leve - 53 kw | F50: mês | G50: =G37+G36 -> 1 | H50: 44 | I50: 176 | J50: =VLOOKUP(D50,'[5]Equipamentos (OK)'!$D$10:$G$573,3,0) -> 35.8043 | K50: =VLOOKUP(D50,'[5]Equipamentos (OK)'!$D$10:$G$573,4,0) -> 6.6485 | L50: =TRUNC(G50*((H50*J50)+(I50*K50)),2) -> 2745.52
C51: SUBTOTAL DO ITEM 2 - GERÊNCIA ADMINISTRATIVA (R$) | L51: =SUM(L49:L50) -> 2745.52
C52: TOTAL DOS VEÍCULOS DA PARCELA FIXA (R$) | L52: =SUM(L47,L51) -> 6177.42
C54: C) Parcela Vinculada da Administração Local :
C56: C.1) Equipe de Topografia
C57: Tabela 69 - Equipe de topografia para intervenções pontuais - Parcela vinculada (mão de obra)
C58: ITEM | D58: CÓDIGO | E58: DISCRIMINAÇÃO | F58: UNIDADE | G58: QUANTIDADE | H58: CUSTO UINTÁRIO (R$) | I58: CUSTO TOTAL (R$)
C59: 1 | D59: EQUIPE DE TOPOGRAFIA
C60: 1.1 | D60: P9949 | E60: Topógrafo | F60: mês | G60: 1 | H60: =VLOOKUP(D60,'[5]Mão de Obra (OK)'!$D$9:$J$153,7,0) -> 8892.4903 | I60: =TRUNC(H60*G60,2) -> 8892.49
C61: 1.2 | D61: P9950 | E61: Auxiliar de topografia | F61: mês | G61: 2 | H61: =VLOOKUP(D61,'[5]Mão de Obra (OK)'!$D$9:$J$153,7,0) -> 5963.7447 | I61: =TRUNC(H61*G61,2) -> 11927.48
C62: SUBTOTAL DA EQUIPE DE TOPOGRAFIA (R$) | I62: =SUM(I60:I61) -> 20819.97
C64: Tabela 69 - Equipe de topografia para intervenções pontuais - Parcela vinculada (veículo)
C65: ITEM | D65: CÓDIGO | E65: DISCRIMINAÇÃO | F65: UNIDADE | G65: QUANTIDADE | H65: UTIL. PROD. | I65: UTIL. IMPROD. | J65: CHP | K65: CHI | L65: CUSTO TOTAL (R$)
C66: 2 | D66: EQUIPE DE TOPOGRAFIA
C67: 2.1 | D67: E9125 | E67: Veículo tipo van furgão | F67: mês | G67: 1 | H67: 44 | I67: 176 | J67: =VLOOKUP(D67,'[5]Equipamentos (OK)'!$D$10:$G$573,3,0) -> 88.964 | K67: =VLOOKUP(D67,'[5]Equipamentos (OK)'!$D$10:$G$573,4,0) -> 50.6822 | L67: =TRUNC(G67*((H67*J67)+(I67*K67)),2) -> 12834.48
C68: SUBTOTAL DOS VEÍCULOS DA DA EQUIPE DE TOPOGRAFIA (R$) | L68: =SUM(L67) -> 12834.48
C69: TOTAL DA PARCELA VINCULADA - EQUIPE DE TOPOGRAFIA | L69: =SUM(L68,I62) -> 33654.45
C71: C.2) Equipe de Medicina e Segurança do Trabalho
C72: Tabela 71 - Equipe de medicina e segurança do trabalho para intervenções pontuais - Parcela vinculada (mão de obra)
C73: ITEM | D73: CÓDIGO | E73: DISCRIMINAÇÃO | F73: UNIDADE | G73: QUANTIDADE | H73: CUSTO UINTÁRIO (R$) | I73: CUSTO TOTAL (R$)
C74: 1 | D74: EQUIPE DE MEDICINA E SEGURANÇA DO TRABALHO | Q74: (NMO) Número de funcionários da mão de obra ordinária no mês de pico | R74: ='MÃO DE OBRA'!G25 -> 21
C75: 1.1 | D75: P9876 | E75: Técnico de segurança do trabalho | F75: und | G75: 0 | H75: =VLOOKUP(D75,'[5]Mão de Obra (OK)'!$D$9:$J$153,7,0) -> 7702.3911 | I75: =TRUNC(H75*G75,2) -> 0 | Q75: (NPF) Número de funcionários da parcela fixa da administração local | R75: =SUM(G32,G33,G37,G46) -> 2.25
C76: 1.2 | D76: P9864 | E76: Engenheiro de segurança do trabalho | F76: und | G76: 0 | H76: =VLOOKUP(D76,'[5]Mão de Obra (OK)'!$D$9:$J$153,7,0) -> 25094.22 | I76: =TRUNC(H76*G76,2) -> 0 | Q76: (NPF-V) Número de funcionários das parcelas fixa e vinculada da administração local | R76: =SUM(G60,G61,G75,G76,G77,G78,G67)+R75 -> 6.25
C77: 1.3 | D77: P9851 | E77: Médico do trabalho | F77: und | G77: 0 | H77: =VLOOKUP(D77,'[5]Mão de Obra (OK)'!$D$9:$J$153,7,0) -> 18389.418 | I77: =TRUNC(H77*G77,2) -> 0 | Q77: (NPV) Número de funcionários da parcela variável da administração local no mês de pico | R77: =SUM(G87,G88,G101,G108,G109,G115) -> 6.5
C78: 1.4 | D78: P9951 | E78: Médico de câmara hiperbárica | F78: und | G78: 0 | H78: =VLOOKUP(D78,'[5]Mão de Obra (OK)'!$D$9:$J$153,7,0) -> 20969.817 | I78: =TRUNC(H78*G78,2) -> 0 | Q78: (NFA) Número de funcionários alojados no canteiro | R78: =R76+(R74+R77)/2 -> 20
C79: TOTAL DA EQUIPE DE MEDICINA E SEGURANÇA DO TRABALHO (R$) | I79: =SUM(I75:I78) -> 0 | Q79: (NMAX) Número máximo de funcionários | R79: =R74+R76+R77 -> 33.75
C81: D) Parcela Variável da Administração Local | Q81: ANO | R81: 2026
Q82: DIAS | R82: 365
C83: D.1) Acompanhamento das Frentes de Serviço | Q83: DOMINGOS | R83: 52
C84: Tabela 72 - Equipe de acompanhamento das frentes de serviço para intervenções pontuais (mão de obra) | Q84: FERIADOS | R84: 10 | S84: (FERIADOS NO ANO SEM SER DOMINGO)
C85: ITEM | D85: CÓDIGO | E85: DISCRIMINAÇÃO | F85: UNIDADE | G85: QUANTIDADE | H85: CUSTO UINTÁRIO (R$) | I85: CUSTO TOTAL (R$) | Q85: DIAS ÚTEIS | R85: =R82-R83-R84 -> 303
C86: 1 | D86: EQUIPE DE ACOMPANHAMENTO DAS FRENTES DE SERVIÇO | Q86: HORAS GLOBAIS TRABALHÁVEIS (7,333 HORAS/DIA) | R86: =R85*7.333 -> 2221.899
C87: 1.1 | D87: P9875 | E87: Encarregado de turma | F87: Equipe x mês | G87: 1 | H87: =VLOOKUP(D87,'[5]Mão de Obra (OK)'!$D$9:$J$153,7,0) -> 6191.2078 | I87: =TRUNC(H87*G87,2) -> 6191.2 | Q87: HORAS GLOBAIS / MÊS TRABALHÁVEIS | R87: =R86/12 -> 185.15825 | S87: =R85*3 -> 909 | T87: (DIAS ÚTEIS X 3 HORAS DÍARIAS)
C88: 1.2 | D88: P9804 | E88: Apontador | F88: Equipe x mês | G88: 0.5 | H88: =VLOOKUP(D88,'[5]Mão de Obra (OK)'!$D$9:$J$153,7,0) -> 5278.6116 | I88: =TRUNC(H88*G88,2) -> 2639.3 | S88: =S87/12 -> 75.75 | T88: HORAS TRABALHADAS POR MÊS
C89: TOTAL DA EQUIPE DE ACOMPANHAMENTO DAS FRENTES DE SERVIÇO | I89: =SUM(I87:I88) -> 8830.5
Y90: =R87 -> 185.15825 | Z90: 1MÊS
Y95: X= | Z95: =#REF!/Y90 -> #REF!
Q96: PARA AS OBRAS DE INTERVENÇÕES PONTUAIS, CONSIDERA-SE O GRAU DE RISCO 4.
C97: D.2) Manejo Florestal
C98: Tabela 91 - Equipe de controle e manejo florestal para obras de intervenções pontuais (mão de obra)
C99: ITEM | D99: CÓDIGO | E99: DISCRIMINAÇÃO | F99: UNIDADE | G99: QUANTIDADE | H99: CUSTO UINTÁRIO (R$) | I99: CUSTO TOTAL (R$)
C100: 1 | D100: EQUIPE DE CONTROLE E MANEJO FLORESTAL
C101: 1.1 | D101: P9947 | E101: Técnico Florestal | F101: Equipe x mês | G101: 1 | H101: =VLOOKUP(D101,'[5]Mão de Obra (OK)'!$D$9:$J$153,7,0) -> 8029.9043 | I101: =TRUNC(H101*G101,2) -> 8029.9
C102: TOTAL DA EQUIPE DE MANEJO FLORESTAL | I102: =SUM(I101:I101) -> 8029.9
C104: D.3) Controle Tecnológico
C105: Tabela 79 - Equipe de controle tecnológico com veículos para obras de intervenções pontuais (mão de obra)
C106: ITEM | D106: CÓDIGO | E106: DISCRIMINAÇÃO | F106: UNIDADE | G106: QUANTIDADE | H106: CUSTO UINTÁRIO (R$) | I106: CUSTO TOTAL (R$)
C107: 1 | D107: EQUIPE DE CONTROLE TECNOLÓGICO
C108: 1.1 | D108: P9858 | E108: Laboratorista | F108: mês | G108: 1 | H108: =VLOOKUP(D108,'[5]Mão de Obra (OK)'!$D$9:$J$153,7,0) -> 7854.3998 | I108: =TRUNC(H108*G108,2) -> 7854.39
C109: 1.2 | D109: P9833 | E109: Auxiliar de Laboratorio | F109: mês | G109: 2 | H109: =VLOOKUP(D109,'[5]Mão de Obra (OK)'!$D$9:$J$153,7,0) -> 5946.8743 | I109: =TRUNC(H109*G109,2) -> 11893.74
C110: SUBTOTAL DA EQUIPE DE CONTROLE TECNOLÓGICO (R$) | I110: =SUM(I108:I109) -> 19748.13
C112: Tabela 79 - Equipe de controle tecnológico com veículos para obras de intervenções pontuais (veículos)
C113: ITEM | D113: CÓDIGO | E113: DISCRIMINAÇÃO | F113: UNIDADE | G113: QUANTIDADE | H113: UTIL. PROD. | I113: UTIL. IMPROD. | J113: CHP | K113: CHI | L113: CUSTO TOTAL (R$)
C114: 1 | D114: VEÍCULOS
C115: 1.1 | D115: E9125 | E115: Van Furgão a diesel- 93 kW | F115: mês | G115: =G108 -> 1 | H115: 44 | I115: 176 | J115: =VLOOKUP(D115,'[5]Equipamentos (OK)'!$D$10:$G$573,3,0) -> 88.964 | K115: =VLOOKUP(D115,'[5]Equipamentos (OK)'!$D$10:$G$573,4,0) -> 50.6822 | L115: =TRUNC(G115*((H115*J115)+(I115*K115)),2) -> 12834.48
C116: SUBTOTAL DOS VEÍCULOS DA EQUIPE DE CONTROLE TECNOLÓGICO | L116: =SUM(L115) -> 12834.48
C117: TOTAL DA PARCELA VARIÁVEL - EQUIPE DE CONTROLE TECNOLÓGICO | L117: =SUM(L116,I110) -> 32582.61
C119: E) Manutenção do Canteiro de Obras e Acampamentos
C120: O dimensionamento da equipe para manutenção do canteiro de obras tem como base a Tabela 93 (Anexo 04/2024 do Volume 08 - Administração Local) ajustada pelo Coeficiente de proporcionalidade de áreas cobertas.
C123: Tabela 93 – Equipes de manutenção do canteiro de obras e acampamento para interevenções pontuais
C124: ITEM | D124: CÓDIGO | E124: DISCRIMINAÇÃO | F124: UNIDADE | G124: QUANTIDADE | H124: CUSTO UINTÁRIO (R$) | I124: CUSTO TOTAL (R$)
...

Sheet EFS
A1: GOVERNO DO ESTADO DE PERNAMBUCO
A2: SECRETARIA DE MOBILIDADE E INFRAESTRUTURA - SEMOBI/PE
A3: DEPARTAMENTO DE ESTRADAS DE RODAGEM - DER/PE
A5: RODOVIA: | C5: =Canteiro!$C$6 -> PE-060
A6: TRECHO: | C6: =Canteiro!$C$7 -> ENTR. BR-101 (CABO DE SANTO AGOSTINHO) - DIV. PE/AL
A7: DATA BASE: | C7: =Canteiro!C8 -> OUTUBRO/2025
A8: TIPO: | C8: =Canteiro!C9 -> SEM DESONERAÇÃO
A10: EQUIPE PARA O CONTROLE TECNOLÓGICO
A11: Cod. Grupo | B11: Cod. Cliente | C11: Descricao Completa | D11: Unid. Comp | E11: Prod.Equipe Ph | F11: Equipe/und Efsdu | G11: Fator redutor | H11: Equipe Efs | I11: Qtde projeto Qprojeto | J11: Laboratório QE | K11: Equipe/und ELU | L11: Tipo | M11: Laboratório EL | N11: Equipe Efs | O11: Solo EL | P11: Asfalto EL | Q11: Concreto EL | R11: Manejo EL
A13: 1 | C13: PAVIMENTAÇÃO | E13: 1 | H13: x | I13: X | M13: =IF(J13<>"",ROUND(I13/J13,2),IF(K13<>"",ROUND(I13*K13,2),IF(L13="M",ROUND(I13/(E13*182.49),2),""))) | N13: =SUM(H14:H19) -> 1.08 | O13: =SUM(O14:O19) -> 0.42 | P13: =SUM(P14:P19) -> 0.5 | Q13: =SUM(Q14:Q19) -> 0 | R13: =SUM(R14:R19) -> 0
B14: 4011463 | C14: CONCRETO ASFÁLTICO - FAIXA C - AREIA E BRITA COMERCIAIS | D14: T | E14: 99.6 | H14: =IF(F14<>"",ROUND(I14*F14,2),IF(G14<>"",ROUND(G14*(I14/(E14*182.49)),2),ROUND(I14/(E14*182.49),2))) -> 0.24 | I14: 4338.4 | J14: 9000 | L14: A | M14: =IF(J14<>"",ROUND(I14/J14,2),IF(K14<>"",ROUND(I14*K14,2),IF(L14="M",ROUND(I14/(E14*182.49),2),""))) -> 0.48 | O14: =IF(L14="S",M14,0) -> 0 | P14: =IF(L14="A",M14,0) -> 0.48 | Q14: =IF(L14="C",M14,0) -> 0 | R14: =IF(L14="M",M14,0) -> 0
B15: 4011353 | C15: PINTURA DE LIGAÇÃO | D15: M² | E15: 1500 | H15: =IF(F15<>"",ROUND(I15*F15,2),IF(G15<>"",ROUND(G15*(I15/(E15*182.49)),2),ROUND(I15/(E15*182.49),2))) -> 0.17 | I15: 45191.64 | J15: 3610000 | L15: A | M15: =IF(J15<>"",ROUND(I15/J15,2),IF(K15<>"",ROUND(I15*K15,2),IF(L15="M",ROUND(I15/(E15*182.49),2),""))) -> 0.01 | O15: =IF(L15="S",M15,0) -> 0 | P15: =IF(L15="A",M15,0) -> 0.01 | Q15: =IF(L15="C",M15,0) -> 0 | R15: =IF(L15="M",M15,0) -> 0
B16: 4011351 | C16: IMPRIMAÇÃO COM ASFALTO DILUÍDO | D16: M² | E16: 1125 | H16: =IF(F16<>"",ROUND(I16*F16,2),IF(G16<>"",ROUND(G16*(I16/(E16*182.49)),2),ROUND(I16/(E16*182.49),2))) -> 0.11 | I16: 22595.82 | J16: 1610000 | L16: A | M16: =IF(J16<>"",ROUND(I16/J16,2),IF(K16<>"",ROUND(I16*K16,2),IF(L16="M",ROUND(I16/(E16*182.49),2),""))) -> 0.01 | O16: =IF(L16="S",M16,0) -> 0 | P16: =IF(L16="A",M16,0) -> 0.01 | Q16: =IF(L16="C",M16,0) -> 0 | R16: =IF(L16="M",M16,0) -> 0
B17: 4011279 | C17: BASE OU SUB-BASE DE MACADAME SECO COM BRITA COMERCIAL - 100% PROCTOR MODIFICADO | D17: M³ | E17: 84.62 | H17: =IF(F17<>"",ROUND(I17*F17,2),IF(G17<>"",ROUND(G17*(I17/(E17*182.49)),2),ROUND(I17/(E17*182.49),2))) -> 0.29 | I17: 4519.164 | J17: 21900 | L17: S | M17: =IF(J17<>"",ROUND(I17/J17,2),IF(K17<>"",ROUND(I17*K17,2),IF(L17="M",ROUND(I17/(E17*182.49),2),""))) -> 0.21 | O17: =IF(L17="S",M17,0) -> 0.21 | P17: =IF(L17="A",M17,0) -> 0
B18: 4011276 | C18: BASE OU SUB-BASE DE BRITA GRADUADA COM BRITA COMERCIAL - 100% PROCTOR MODIFICADO | D18: M³ | E18: 113.18 | H18: =IF(F18<>"",ROUND(I18*F18,2),IF(G18<>"",ROUND(G18*(I18/(E18*182.49)),2),ROUND(I18/(E18*182.49),2))) -> 0.22 | I18: 4519.164 | J18: 21900 | L18: S | M18: =IF(J18<>"",ROUND(I18/J18,2),IF(K18<>"",ROUND(I18*K18,2),IF(L18="M",ROUND(I18/(E18*182.49),2),""))) -> 0.21 | O18: =IF(L18="S",M18,0) -> 0.21 | P18: =IF(L18="A",M18,0) -> 0
B19: 4011212 | C19: VARREDURA DA SUPERFÍCIE PARA EXECUÇÃO DE REVESTIMENTO ASFÁLTICO | D19: M² | E19: 2430.24 | H19: =IF(F19<>"",ROUND(I19*F19,2),IF(G19<>"",ROUND(G19*(I19/(E19*182.49)),2),ROUND(I19/(E19*182.49),2))) -> 0.05 | I19: 22595.82 | M19: =IF(J19<>"",ROUND(I19/J19,2),IF(K19<>"",ROUND(I19*K19,2),IF(L19="M",ROUND(I19/(E19*182.49),2),""))) | O19: =IF(L19="S",M19,0) -> 0 | P19: =IF(L19="A",M19,0) -> 0 | Q19: =IF(L19="C",M19,0) -> 0 | R19: =IF(L19="M",M19,0) -> 0
A20: 2 | C20: TERRAPLENAGEM | E20: 1 | H20: x | I20: X | M20: =IF(J20<>"",ROUND(I20/J20,2),IF(K20<>"",ROUND(I20*K20,2),IF(L20="M",ROUND(I20/(E20*182.49),2),""))) | N20: =SUM(H21) -> 0.05 | O20: =SUM(O21) -> 0 | P20: =SUM(P21) -> 0 | Q20: =SUM(Q21) -> 0 | R20: =SUM(R21) -> 0
B21: 5503041 | C21: COMPACTAÇÃO DE ATERROS A 100% DO PROCTOR INTERMEDIÁRIO | D21: M³ | E21: 134.56 | H21: =IF(F21<>"",ROUND(I21*F21,2),IF(G21<>"",ROUND(G21*(I21/(E21*182.49)),2),ROUND(I21/(E21*182.49),2))) -> 0.05 | I21: 1147.416 | J21: 24200 | M21: =IF(J21<>"",ROUND(I21/J21,2),IF(K21<>"",ROUND(I21*K21,2),IF(L21="M",ROUND(I21/(E21*182.49),2),""))) -> 0.05 | O21: =IF(L21="S",M21,0) -> 0
A22: 3 | C22: DRENAGEM | E22: 1 | H22: x | I22: X | M22: =IF(J22<>"",ROUND(I22/J22,2),IF(K22<>"",ROUND(I22*K22,2),IF(L22="M",ROUND(I22/(E22*182.49),2),""))) | N22: =SUM(H23:H24) -> 0.93 | O22: =SUM(O23:O24) -> 0 | P22: =SUM(P23:P24) -> 0 | Q22: =SUM(Q23:Q24) -> 0 | R22: =SUM(R23:R24) -> 0
B23: 2003257 | C23: SARJETA TRIANGULAR DE CONCRETO - STC 100-20 - ESCAVAÇÃO MECÂNICA - AREIA E BRITA COMERCIAIS | D23: M | E23: 1 | F23: 0.00019 | H23: =IF(F23<>"",ROUND(I23*F23,2),IF(G23<>"",ROUND(G23*(I23/(E23*182.49)),2),ROUND(I23/(E23*182.49),2))) -> 0.33 | I23: 1725
B24: 2003377 | C24: MEIO-FIO DE CONCRETO - MFC 05 - AREIA E BRITA COMERCIAIS - FÔRMA DE MADEIRA | D24: M | E24: 1 | F24: 0.00021 | H24: =IF(F24<>"",ROUND(I24*F24,2),IF(G24<>"",ROUND(G24*(I24/(E24*182.49)),2),ROUND(I24/(E24*182.49),2))) -> 0.6 | I24: 2865
A25: 4 | C25: OBRAS COMPLEMENTARES, PROTEÇÃO AMBIENTAL | E25: 1 | H25: x | I25: X | M25: =IF(J25<>"",ROUND(I25/J25,2),IF(K25<>"",ROUND(I25*K25,2),IF(L25="M",ROUND(I25/(E25*182.49),2),""))) | N25: =SUM(H26) -> 0.11 | O25: =SUM(O26) -> 0 | P25: =SUM(P26) -> 0 | Q25: =SUM(Q26) -> 0 | R25: =SUM(R26) -> 0.11
B26: 5501700 | C26: DESMATAMENTO, DESTOCAMENTO E LIMPEZA DE ÁREA COM ÁRVORES DE DIÂMETRO ATÉ 0,15 M | D26: M² | E26: 1532.91 | H26: =IF(F26<>"",ROUND(I26*F26,2),IF(G26<>"",ROUND(G26*(I26/(E26*182.49)),2),ROUND(I26/(E26*182.49),2))) -> 0.11 | I26: 29513.06 | L26: M | M26: =IF(J26<>"",ROUND(I26/J26,2),IF(K26<>"",ROUND(I26*K26,2),IF(L26="M",ROUND(I26/(E26*182.49),2),""))) -> 0.11 | O26: =IF(L26="S",M26,0) -> 0 | P26: =IF(L26="A",M26,0) -> 0 | Q26: =IF(L26="C",M26,0) -> 0 | R26: =IF(L26="M",M26,0) -> 0.11
A27: 5 | C27: SINALIZAÇÃO | E27: 1 | H27: x | I27: X | M27: =IF(J27<>"",ROUND(I27/J27,2),IF(K27<>"",ROUND(I27*K27,2),IF(L27="M",ROUND(I27/(E27*182.49),2),""))) | N27: =SUM(H28:H32) -> 0.15 | O27: =SUM(O28:O32) -> 0 | P27: =SUM(P28:P32) -> 0 | Q27: =SUM(Q28:Q32) -> 0 | R27: =SUM(R28:R32) -> 0
B28: 5213442 | C28: PLACA DE REGULAMENTAÇÃO EM AÇO D = 1,00 M - PELÍCULA RETRORREFLETIVA TIPO I + SI - FORNECIMENTO E IMPLANTAÇÃO | D28: UN | E28: 3 | G28: 0.2 | H28: =IF(F28<>"",ROUND(I28*F28,2),IF(G28<>"",ROUND(G28*(I28/(E28*182.49)),2),ROUND(I28/(E28*182.49),2))) -> 0.01 | I28: 20
B29: 5213571 | C29: PLACA EM AÇO - PELÍCULA I + III - FORNECIMENTO E IMPLANTAÇÃO | D29: M² | E29: 3 | G29: 0.2 | H29: =IF(F29<>"",ROUND(I29*F29,2),IF(G29<>"",ROUND(G29*(I29/(E29*182.49)),2),ROUND(I29/(E29*182.49),2))) -> 0.05 | I29: 130
B30: 5216111 | C30: SUPORTE PARA PLACA DE SINALIZAÇÃO EM MADEIRA DE LEI TRATADA 8 X 8 CM - FORNECIMENTO E IMPLANTAÇÃO | D30: UN | E30: 4 | G30: 0.2 | H30: =IF(F30<>"",ROUND(I30*F30,2),IF(G30<>"",ROUND(G30*(I30/(E30*182.49)),2),ROUND(I30/(E30*182.49),2))) -> 0.03 | I30: 120
B31: 5213401 | C31: PINTURA DE FAIXA COM TINTA ACRÍLICA - ESPESSURA DE 0,6 MM | D31: M² | E31: 149.4 | G31: 0.2 | H31: =IF(F31<>"",ROUND(I31*F31,2),IF(G31<>"",ROUND(G31*(I31/(E31*182.49)),2),ROUND(I31/(E31*182.49),2))) -> 0.03 | I31: 3502
B32: 5213405 | C32: PINTURA DE SETAS E ZEBRADOS COM TINTA ACRÍLICA - ESPESSURA DE 0,6 MM | D32: M² | E32: 30.18 | G32: 0.2 | H32: =IF(F32<>"",ROUND(I32*F32,2),IF(G32<>"",ROUND(G32*(I32/(E32*182.49)),2),ROUND(I32/(E32*182.49),2))) -> 0.03 | I32: 850
C33: TOTAL | N33: =N13+N20+N22+N25+N27 -> 2.32 | O33: =O13+O20+O22+O25+O27 -> 0.42 | P33: =P13+P20+P22+P25+P27 -> 0.5 | Q33: =Q13+Q20+Q22+Q25+Q27 -> 0 | R33: =R13+R20+R22+R25+R27 -> 0.11

Sheet MÃO DE OBRA
A1: GOVERNO DO ESTADO DE PERNAMBUCO
A2: SECRETARIA DE MOBILIDADE E INFRAESTRUTURA - SEMOBI/PE
A3: DEPARTAMENTO DE ESTRADAS DE RODAGEM - DER/PE
A6: MÃO DE OBRA
A8: Código | B8: Descrição | C8: Unid | D8: Qtde | E8: Horas mensais | F8: Prazo da obra (meses) | G8: Quantidade
A10: P9824 | B10: SERVENTE | C10: H | D10: 4780.7611 | E10: 182.49 | F10: 6 | G10: =ROUNDUP(D10/E10/F10,0) -> 5
A11: P9808 | B11: CARPINTEIRO | C11: H | D11: 1558.7665 | E11: 182.49 | F11: =$F$10 -> 6 | G11: =ROUNDUP(D11/E11/F11,0) -> 2
A12: P9801 | B12: AJUDANTE | C12: H | D12: 1684.0803 | E12: 182.49 | F12: =$F$10 -> 6 | G12: =ROUNDUP(D12/E12/F12,0) -> 2
A13: P9845 | B13: OPERADOR DE EQUIPAMENTO PESADO | C13: H | D13: 516.02703 | E13: 182.49 | F13: =$F$10 -> 6 | G13: =ROUNDUP(D13/E13/F13,0) -> 1
A14: P9843 | B14: OPERADOR DE EQUIPAMENTO LEVE | C14: H | D14: 313.29845 | E14: 182.49 | F14: =$F$10 -> 6 | G14: =ROUNDUP(D14/E14/F14,0) -> 1
A15: P9866 | B15: MOTORISTA DE CAMINHÃO | C15: H | D15: 190.89282 | E15: 182.49 | F15: =$F$10 -> 6 | G15: =ROUNDUP(D15/E15/F15,0) -> 1
A16: P9830 | B16: MONTADOR | C16: H | D16: 88.2722 | E16: 182.49 | F16: =$F$10 -> 6 | G16: =ROUNDUP(D16/E16/F16,0) -> 1
A17: P9805 | B17: ARMADOR | C17: H | D17: 70.764336 | E17: 182.49 | F17: =$F$10 -> 6 | G17: =ROUNDUP(D17/E17/F17,0) -> 1
A18: P9821 | B18: PEDREIRO | C18: H | D18: 72.34523 | E18: 182.49 | F18: =$F$10 -> 6 | G18: =ROUNDUP(D18/E18/F18,0) -> 1
A19: P9871 | B19: MOTORISTA DE VEÍCULO ESPECIAL | C19: H | D19: 51.604775 | E19: 182.49 | F19: =$F$10 -> 6 | G19: =ROUNDUP(D19/E19/F19,0) -> 1
A20: P9846 | B20: OPERADOR DE EQUIPAMENTO ESPECIAL | C20: H | D20: 43.558232 | E20: 182.49 | F20: =$F$10 -> 6 | G20: =ROUNDUP(D20/E20/F20,0) -> 1
A21: P9822 | B21: PINTOR | C21: H | D21: 48.437106 | E21: 182.49 | F21: =$F$10 -> 6 | G21: =ROUNDUP(D21/E21/F21,0) -> 1
A22: P9853 | B22: PRÉ-MARCADOR | C22: H | D22: 51.604775 | E22: 182.49 | F22: =$F$10 -> 6 | G22: =ROUNDUP(D22/E22/F22,0) -> 1
... A24: P9825 | B24: SOLDADOR | C24: H | D24: 0.010949 | E24: 182.49 | F24: =$F$10 -> 6 | G24: =ROUNDUP(D24/E24/F24,0) -> 1
B25: TOTAL MÃO OBRA: | D25: =SUM(D10:D24) -> 9508.7105 | E25: Número total de mão de obra ordinária | G25: =SUM(G10:G24) -> 21

Sheet Canteiro
B2: GOVERNO DO ESTADO DE PERNAMBUCO
B3: SECRETARIA DE MOBILIDADE E INFRAESTRUTURA - SEMOBI/PE
B4: DEPARTAMENTO DE ESTRADAS DE RODAGEM - DER/PE
B6: RODOVIA: | C6: PE-060
B7: TRECHO: | C7: ENTR. BR-101 (CABO DE SANTO AGOSTINHO) - DIV. PE/AL
B8: DATA BASE: | C8: OUTUBRO/2025
B9: TIPO: | C9: SEM DESONERAÇÃO
B11: METODOLOGIA E CRITÉRIOS ADOTADOS PARA O CANTEIRO DE OBRAS
B13: PARÂMETROS DA OBRA CONSIDERADOS
B15: NATUREZA DA OBRA
D17: Construção | G17: Restauração | J17: Conservação Rotineira
D18: OAE - Construção | G18: OAE - Restauração | I18: X | J18: Intervenções Pontuais
B20: PORTE DA OBRA
D22: Pequena | G22: Média | J22: Grande | L22: X | M22: Único
B24: INSTALAÇÕES INDUSTRIAIS
D26: Central de Britagem (m³/h) | J26: Usina de Concreto (m³/h)
D27: Usina de Asfalto a Quente (t/h) | J27: Usina de Asfalto a Frio (t/h)
D28: Usina de Solos (m³/h) | J28: Fábrica de Premoldados
B30: PADRÃO DE CONSTRUÇÃO
D32: Provisório | G32: Permanente | I32: X | J32: Estrutura Modular
B35: CENTROS REGIONAL
C37: 97.9 | D37: Km | F37: RECIFE | H37: Município | J37: PE | K37: UF
B40: FATORES DE AJUSTE
D42: K2 - FATOR DE MOBILIÁRIO E APARELHAGEM | G42: Canteiros de Obras | K42: Fator K2
G43: Construção e restauração rodoviária de pequeno ou médio porte | K43: 1.05
G44: Construção e restauração rodoviária de grande porte | K44: 1.04
G45: Conservação rodoviária | K45: 1.13
G46: Construção ou recuperação, reforço e alargamento de obras de arte especiais de pequeno porte | K46: 1.06
G47: Construção ou recuperação, reforço e alargamento de obras de arte especiais de médio ou grande porte | K47: 1.04
G48: Construção ferroviária | K48: 1.05
G49: Inervenções Pontuais | K49: 1.33
D51: K3 - FATOR DE DISTÂNCIA DO CANTEIRO AOS CENTROS FORNECEDORES | G51: Condição do Pavimento | H51: Equação - Fator K3 | J51: Extensão | K51: Fator K3
G52: Leito Natural | H52: 1 + 0,0014 x DT | J52: 0 | K52: =TRUNC(IF(J52=0,0,(1+(0.0014*J52))),3) -> 0
G53: Revestimento Primário | H53: 1 + 0,0009 x DT | J53: 0 | K53: =TRUNC(IF(J53=0,0,(1+(0.0009*J53))),3) -> 0
G54: Rodovia Pavimentada | H54: 1 + 0,0008 x DT | J54: =C37 -> 97.9 | K54: =TRUNC(IF(J54=0,0,(1+(0.0008*J54))),3) -> 1.078
B55: CUSTO MÉDIO DA CONSTRUÇÃO CIVIL
C57: PE | D57: UF | F57: 1672.62 | G57: CMCC (R$/m²) | I57: X | J57: Desonerado | M57: Onerado
C59: PE | D59: UF | F59: 1780.31 | G59: CMCC (R$/m²) | J59: Desonerado | L59: X | M59: Onerado
B62: RELAÇÃO ENTRE ÁREA COBERTA X TERRENO
C64: Intervenções Pontuais | F64: Porte Único
C65: Relação entre as áreas cobertas edificadas e as áreas totais dos terrenos | F65: 0.234
B67: FATOR DE EQUIVALÊNCIA DE ÁREA TERRENO - FEAT
D69: =0.97/100 -> 0.0097 | E69: Custo equivalente das áreas totais do terreno em relação ao custo básico da construção civil, para uso de estruturas modulares
C73: Instalações | E73: Área referência (m²) | F73: Estrutura Modular | J73: Unidade | K73: Quantidade | L73: Valor Unitário | M73: Valor Total
F74: Código SICRO | G74: Descrição
C75: Almoxarifado + Depósito de cimento | E75: =7.39+7.39 -> 14.78 | F75: M0042 | G75: Conteiner modular com janela - L = 2,44 m e C = 6,09 m (1 TEU) | J75: Und | K75: 1 | L75: =VLOOKUP(F75,'[5]Material (ok)'!$D$10:$J$1664,7,0) -> 43777.879 | M75: =TRUNC(K75*L75,2) -> 43777.87
C76: Local para refeição | E76: 29.57 | F76: M0058 | G76: Conteiner com janela e 2 banheiros - L = 4,88 m e C = 6,09 m (1 TEU duplo) | J76: Und | K76: 1 | L76: =VLOOKUP(F76,'[5]Material (ok)'!$D$10:$J$1664,7,0) -> 156659.75 | M76: =TRUNC(K76*L76,2) -> 156659.75
C77: Instalações sanitárias e vestiário | E77: 14.79 | F77: M0041 | G77: Conteiner com 2 banheiros - L = 2,44 m e C = 6,09 m (1 TEU) | J77: Und | K77: 1 | L77: =VLOOKUP(F77,'[5]Material (ok)'!$D$10:$J$1664,7,0) -> 92336.8 | M77: =TRUNC(K77*L77,2) -> 92336.79
C78: Laboratório | E78: 14.78 | F78: M0042 | G78: Conteiner modular com janela - L = 2,44 m e C = 6,09 m (1 TEU) | J78: Und | K78: 1 | L78: =VLOOKUP(F78,'[5]Material (ok)'!$D$10:$J$1664,7,0) -> 43777.879 | M78: =TRUNC(K78*L78,2) -> 43777.87
C79: Área Total Coberta (AC) | E79: =SUM((E75*K75),(E76*K76),(E77*K77),(E78*K78)) -> 73.92 | G79: Número de Estruturas Modulares ( QEMi ) | J79: Und | K79: =SUM(K75:K78) -> 4
C80: Área do Terreno ( AT ) | E80: =E79/F65 -> 315.89744 | G80: Custo total CIP | L80: R$ | M80: =SUM(M75:M78) -> 336552.28
C81: Área Descoberta (AD) | E81: =E80-E79 -> 241.97744
B85: CUSTO TOTAL PARA INSTALAÇÃO DO CANTEIRO COM PREVISÃO EXCLUSIVA DE ESTRUTURAS MODULARES:
H87: Onde:
H88: CIP representa o custo total do canteiro de obras para intervenções pontuais exclusivamente em estruturas modulares;
H89: P representa o prazo da obra (meses);
H90: k2 - Representa o fator de mobiliário e aparelhagem;
H91: QEMi - Representa a quantidade de estruturas modulares do canteiro;
H92: CEMi - representa o custo das estruturas modulares;
H93: AT - Representa a área total do terreno;
C94: k2 = | D94: =K49 -> 1.33 | E94: AT = | F94: =E80 -> 315.89744 | H94: FEAT - Representa o fator de equivalência de áreas totais;
C95: P = | D95: 2 | E95: FEAT = | F95: =D69 -> 0.0097 | H95: CMCC - Representa o custo médio da construção civil por metro quadrado;
E96: CMCC = | F96: =F59 -> 1780.31
C97: ∑QEMi X CEMi = | D97: =M80 -> 336552.28
C99: CPI | D99: =((((D95/300)*D94*D97))+(F94*F95*F96)) -> 8439.3319
C100: BDI = | D100: 0.2071
C101: CUSTO TOTAL | D101: =TRUNC((D99*D100+D99),2) -> 10187.11 | E101: Valor | F101: Onerado | G101: Com BDI

Sheet Mobilização-Desmobilização
A2: GOVERNO DO ESTADO DE PERNAMBUCO | O2: RECIFE/PE | P2: - | Q2: TAMANDARÉ/PE | R2: = | S2: 97.9 | T2: KM
A3: SECRETARIA DE MOBILIDADE E INFRAESTRUTURA - SEMOBI/PE
A4: DEPARTAMENTO DE ESTRADAS E RODAGEM - DER/PE
A5: RODOVIA: | B5: PE-060
A6: TRECHO: | B6: ENTR. BR-101 (CABO DE SANTO AGOSTINHO) - DIV. PE/AL
A7: DATA ABSE: | B7: OUTUBRO/2025
A8: TIPO: | B8: SEM DESONERAÇÃO
A10: CUSTO DE MOBILIZAÇÃO E DESMOBILIZAÇÃO DE EQUIPAMENTOS (LEVES, MÉDIOS E PESADOS), MÁQUINAS
A12: Item | B12: Código de Equipam. | C12: Descrição | E12: Und. | F12: Quant. | G12: DMT (Km) | H12: FU | I12: Fator K | J12: Velocidade | K12: Custo horário Veículo transp. | L12: Custo Total | M12: Equipamento
A13: 1 | C13: VEÍCULOS LEVES E CAMINHÕES COMUNS
A14: 1.1 | B14: E9571 | C14: Caminhão tanque com capacidade de 10.000 l - 188 kW | E14: und | F14: 2 | G14: =$S$2 -> 97.9 | H14: 1 | I14: 1 | J14: 60 | K14: 355.6851 | L14: =IF(J14="",0,F14*(((G14*H14*I14)/J14)*K14)) -> 1160.719 | M14: Autopropelido
A15: 1.2 | B15: E9687 | C15: Caminhão carroceria com capacidade de 5 t - 115 kw | E15: und | F15: 1 | G15: =$S$2 -> 97.9 | H15: 1 | I15: 1 | J15: 60 | K15: 175.1944 | L15: =IF(J15="",0,F15*(((G15*H15*I15)/J15)*K15)) -> 285.85886 | M15: Autopropelido
A16: 1.3 | B16: E9509 | C16: Caminhão tanque distribuidor de asfalto com capacidade de 6.000 l - 7 kW/136 kW | E16: und | F16: 1 | G16: =$S$2 -> 97.9 | H16: 1 | I16: 1 | J16: 60 | K16: 333.8549 | L16: =IF(J16="",0,F16*(((G16*H16*I16)/J16)*K16)) -> 544.73991 | M16: Autopropelido
A17: 1.4 | B17: E9644 | C17: Caminhão demarcador de faixas com sistema de pintura a frio - 28 kW/115 kW | E17: und | F17: 2 | G17: =$S$2 -> 97.9 | H17: 1 | I17: 1 | J17: 60 | K17: 456.6441 | L17: =IF(J17="",0,F17*(((G17*H17*I17)/J17)*K17)) -> 1490.1819 | M17: Autopropelido
A18: 1.5 | B18: E9667 | C18: Caminhão basculante com capacidade de 14 m³ - 210 kw | E18: und | F18: 2 | G18: =$S$2 -> 97.9 | H18: 1 | I18: 1 | J18: 60 | K18: 321.1662 | L18: =IF(J18="",0,F18*(((G18*H18*I18)/J18)*K18)) -> 1048.0724 | M18: Autopropelido
A19: SUBTOTAL 01 | L19: =TRUNC(SUM(L14:L18),2) -> 4529.57
A21: Item | B21: Código de Equipam. | C21: Descrição | D21: Und. | E21: Quant. | F21: DMT (Km) | G21: FU | H21: Fator K | I21: Velocidade | J21: Preço Transporte Terrestre (CHP) | K21: Custo Total | L21: Equipamento
A22: 2 | C22: EQUIPAMENTOS DE GRANDE PORTE
A23: 2.1 | B23: E9545 | C23: Vibroacabadora de asfalto sobre esteiras - 82 kw | D23: und | E23: 1 | F23: =$S$2 -> 97.9 | G23: 0.5 | H23: 2 | I23: 60 | J23: 552.5394 | K23: =IF(I23="",0,E23*(((F23*G23*H23)/I23)*J23)) -> 901.56012 | L23: E9018
A24: 2.2 | B24: E9540 | C24: Trator sobre esteiras com lâmina - 127 kw | D24: und | E24: 1 | F24: =$S$2 -> 97.9 | G24: 0.5 | H24: 2 | I24: 60 | J24: =$J$23 -> 552.5394 | K24: =IF(I24="",0,E24*(((F24*G24*H24)/I24)*J24)) -> 901.56012 | L24: E9018
A25: 2.3 | B25: E9541 | C25: Trator sobre esteiras com lâmina - 259 kw | D25: und | E25: 1 | F25: =$S$2 -> 97.9 | G25: 1 | H25: 2 | I25: 60 | J25: =$J$23 -> 552.5394 | K25: =IF(I25="",0,E25*(((F25*G25*H25)/I25)*J25)) -> 1803.1202 | L25: E9018
A26: 2.4 | B26: E9076 | C26: Equipamento para pintura eletrostática com cabine dupla de 7,00 kW e estufa de 80.000 kCa | D26: und | E26: 1 | F26: =$S$2 -> 97.9 | G26: 1 | H26: 2 | I26: 60 | J26: 415.7346 | K26: =IF(I26="",0,E26*(((F26*G26*H26)/I26)*J26)) -> 1356.6806 | L26: E9665
A27: 2.5 | B27: E9577 | C27: Trator agrícola sobre pneus - 77 kw | D27: und | E27: 1 | F27: =$S$2 -> 97.9 | G27: 0.5 | H27: 2 | I27: 60 | J27: =$J$26 -> 415.7346 | K27: =IF(I27="",0,E27*(((F27*G27*H27)/I27)*J27)) -> 678.34029 | L27: E9665
A28: 2.6 | B28: E9514 | C28: Distribuidor de agregados sobre pneus autopropelido - 130 kW | D28: und | E28: 1 | F28: =$S$2 -> 97.9 | G28: 0.5 | H28: 2 | I28: 60 | J28: =$J$26 -> 415.7346 | K28: =IF(I28="",0,E28*(((F28*G28*H28)/I28)*J28)) -> 678.34029 | L28: E9665
A29: 2.7 | B29: E9530 | C29: Rolo compactador liso vibratório autopropelido por pneus de 11 t - 97 kW | D29: und | E29: 1 | F29: =$S$2 -> 97.9 | G29: 0.5 | H29: 2 | I29: 60 | J29: 463.9457 | K29: =IF(I29="",0,E29*(((F29*G29*H29)/I29)*J29)) -> 757.00473 | L29: E9666
A30: 2.8 | B30: E9681 | C30: Rolo compactador liso tandem vibratório autopropelido de | D30: und | E30: 1 | F30: =$S$2 -> 97.9 | G30: 0.5 | H30: 2 | I30: 60 | J30: =$J$29 -> 463.9457 | K30: =IF(I30="",0,E30*(((F30*G30*H30)/I30)*J30)) -> 757.00473 | L30: E9666
A31: 2.9 | B31: E9762 | C31: Rolo compactador de pneus autopropelido de 27 t - 85 kW | D31: und | E31: 1 | F31: =$S$2 -> 97.9 | G31: 0.5 | H31: 2 | I31: 60 | J31: =$J$29 -> 463.9457 | K31: =IF(I31="",0,E31*(((F31*G31*H31)/I31)*J31)) -> 757.00473 | L31: E9666
A32: 2.10 | B32: E9772 | C32: Retroescavadeira de pneus com caçamba de escavação | D32: und | E32: 1 | F32: =$S$2 -> 97.9 | G32: 1 | H32: 2 | I32: 60 | J32: =$J$26 -> 415.7346 | K32: =IF(I32="",0,E32*(((F32*G32*H32)/I32)*J32)) -> 1356.6806 | L32: E9665
A33: 2.11 | B33: E9558 | C33: Tanque de estocagem de asfalto com capacidade de 30.000 l | D33: und | E33: 4 | F33: =$S$2 -> 97.9 | G33: 1 | H33: 2 | I33: 60 | J33: =$J$26 -> 415.7346 | K33: =IF(I33="",0,E33*(((F33*G33*H33)/I33)*J33)) -> 5426.7223 | L33: E9665
A34: 2.12 | B34: E9685 | C34: Rolo compactador pé de carneiro vibratório | D34: und | E34: 1 | F34: =$S$2 -> 97.9 | G34: 0.5 | H34: 2 | I34: 60 | J34: =$J$29 -> 463.9457 | K34: =IF(I34="",0,E34*(((F34*G34*H34)/I34)*J34)) -> 757.00473 | L34: E9666
A35: 2.13 | B35: E9127 | C35: Escavadeira hidráulica com martelo hidráulico de 520 kg - | D35: und | E35: 1 | F35: =$S$2 -> 97.9 | G35: 1 | H35: 2 | I35: 60 | J35: =$J$29 -> 463.9457 | K35: =IF(I35="",0,E35*(((F35*G35*H35)/I35)*J35)) -> 1514.0095 | L35: E9666
A36: 2.14 | B36: E9524 | C36: Motoniveladora - 93 kw | D36: und | E36: 1 | F36: =$S$2 -> 97.9 | G36: 1 | H36: 2 | I36: 60 | J36: =$J$26 -> 415.7346 | K36: =IF(I36="",0,E36*(((F36*G36*H36)/I36)*J36)) -> 1356.6806 | L36: E9665
A37: 2.15 | B37: E9515 | C37: Escavadeira hidráulica sobre esteiras com caçamba com | D37: und | E37: 1 | F37: =$S$2 -> 97.9 | G37: 1 | H37: 2 | I37: 60 | J37: =$J$29 -> 463.9457 | K37: =IF(I37="",0,E37*(((F37*G37*H37)/I37)*J37)) -> 1514.0095 | L37: E9666
A38: SUBTOTAL 02 | K38: =TRUNC(SUM(K23:K37),2) -> 20515.72
O39: =LOWER(C38)
A40: Item | B40: Código de Equipam. | C40: Descrição | D40: Und. | E40: Quant. | F40: DMT (Km) | G40: Ida/ Volta | H40: Peso Unitário (kg) | I40: Peso Unitário (t) | J40: Peso Total (t) | K40: Origem - Destino
A41: 3 | C41: EQUIPAMENTOS DE PEQUENO PORTE (EMBARCADOS EM CAMINHÕES)
A42: 3.1 | B42: E9535 | C42: Serra circular com bancada - d = 30 cm - 4 kw | D42: und | E42: 1 | F42: =$S$2 -> 97.9 | G42: 1 | H42: 95 | I42: =H42/1000 -> 0.095 | J42: =I42*E42 -> 0.095 | K42: Recife/PE - Canteiro
A43: 3.2 | B43: E9519 | C43: Betoneira com motor a gasolina com capacidade de 600 l - 10 | D43: und | E43: 1 | F43: =$S$2 -> 97.9 | G43: 1 | H43: 1050 | I43: =H43/1000 -> 1.05 | J43: =I43*E43 -> 1.05 | K43: Recife/PE - Canteiro
A44: 3.3 | B44: E9066 | C44: Grupo gerador - 14 kva | D44: und | E44: 1 | F44: =$S$2 -> 97.9 | G44: 1 | H44: 548 | I44: =H44/1000 -> 0.548 | J44: =I44*E44 -> 0.548 | K44: Recife/PE - Canteiro
A45: 3.4 | B45: E9764 | C45: Grupo gerador - 7,2 kva | D45: und | E45: 1 | F45: =$S$2 -> 97.9 | G45: 1 | H45: 97 | I45: =H45/1000 -> 0.097 | J45: =I45*E45 -> 0.097 | K45: Recife/PE - Canteiro
A46: 3.5 | B46: E9647 | C46: Compactador manual com soquete vibratório - 4,10 kw | D46: und | E46: 1 | F46: =$S$2 -> 97.9 | G46: 1 | H46: 78 | I46: =H46/1000 -> 0.078 | J46: =I46*E46 -> 0.078 | K46: Recife/PE - Canteiro
A47: 3.6 | B47: E9064 | C47: Transportador manual gerica com capacidade de 180 l | D47: und | E47: 5 | F47: =$S$2 -> 97.9 | G47: 1 | H47: 39.33 | I47: =H47/1000 -> 0.03933 | J47: =I47*E47 -> 0.19665 | K47: Recife/PE - Canteiro
A48: 3.7 | B48: E9071 | C48: Transportador manual carrinho de mão com capacidade de 80 l | D48: und | E48: 5 | F48: =$S$2 -> 97.9 | G48: 1 | H48: 18.05 | I48: =H48/1000 -> 0.01805 | J48: =I48*E48 -> 0.09025 | K48: Recife/PE - Canteiro
A49: 3.8 | B49: E9753 | C49: Grupo gerador - 23 kva | D49: und | E49: 1 | F49: =$S$2 -> 97.9 | G49: 1 | H49: 584 | I49: =H49/1000 -> 0.584 | J49: =I49*E49 -> 0.584 | K49: Recife/PE - Canteiro
A50: 3.9 | B50: E9717 | C50: Máquina policorte - 2,20 kw | D50: und | E50: 1 | F50: =$S$2 -> 97.9 | G50: 2 | H50: 17 | I50: =H50/1000 -> 0.017 | J50: =I50*E50 -> 0.017 | K50: Recife/PE - Canteiro
A51: 3.10 | B51: E9544 | C51: Vassoura mecânica rebocável com largura de 2,44 m | D51: und | E51: 1 | F51: =$S$2 -> 97.9 | G51: 1 | H51: 820 | I51: =H51/1000 -> 0.82 | J51: =I51*E51 -> 0.82 | K51: Recife/PE - Canteiro
A52: 3.11 | B52: E9010 | C52: Balança plataforma digital à bateria, com mesa de 75 x 75 | D52: und | E52: 1 | F52: =$S$2 -> 97.9 | G52: 1 | H52: 89 | I52: =H52/1000 -> 0.089 | J52: =I52*E52 -> 0.089 | K52: Recife/PE - Canteiro
A53: 3.12 | B53: E9069 | C53: Vibrador de imersão para concreto - 4,10 kw | D53: und | E53: 1 | F53: =$S$2 -> 97.9 | G53: 1 | H53: 13 | I53: =H53/1000 -> 0.013 | J53: =I53*E53 -> 0.013 | K53: Recife/PE - Canteiro
... A59: 3.18 | B59: E9547 | C59: Máquina de solda elétrica transformadora 250 a - 9,20 kw | D59: und | E59: 1 | F59: =$S$2 -> 97.9 | G59: 1 | H59: 24.5 | I59: =H59/1000 -> 0.0245 | J59: =I59*E59 -> 0.0245 | K59: Recife/PE - Canteiro
A60: PESO TOTAL (KG) | J60: =(SUM(J41:J59)) -> 7.6889 | K60: Código | L60: Custo do Transporte (R$)
C61: Carga, manobra e descarga de materiais diversos em caminhão carroceria de 15 t - carga e descarga com caminhão guindauto com capacidade de elevação de 6,2 t | K61: 5914333 | L61: 34.33
A62: SUBTOTAL 03 | K62: =TRUNC((J60*L61),2) -> 263.95
A64: TOTAL GERAL | K64: =TRUNC((L19+K38+K62),2) -> 25309.24
A66: BONIFICAÇÃO POR DESPESAS INDIRETAS (BDI.): | J66: 0.2071 | K66: =ROUND((J66*K64),2) -> 5241.54
A68: CUSTO TOTAL DA MOBILIZAÇÃO | K68: =TRUNC((K64+K66),2) -> 30550.78
C80: =LOWER(C60)

Sheet Equip Mínimo
A1: GOVERNO DO ESTADO DE PERNAMBUCO
A2: SECRETARIA DE MOBILIDADE E INFRAESTRUTURA - SEMOBI/PE
A3: DEPARTAMENTO DE ESTRADAS DE RODAGEM - DER/PE
A5: RODOVIA: | B5: ='Mobilização-Desmobilização'!B5:K5 -> PE-060
A6: TRECHO: | B6: ='Mobilização-Desmobilização'!B6:K6 -> ENTR. BR-101 (CABO DE SANTO AGOSTINHO) - DIV. PE/AL
A7: DATA BASE: | B7: ='Mobilização-Desmobilização'!B7:C7 -> OUTUBRO/2025
A8: TIPO: | B8: ='[6]Mob. e Desmob'!D11 -> SEM DESONERAÇÃO
A10: EQUIPAMENTO MÍNIMO
A11: Código | B11: Descrição | C11: Und | D11: Quantidade | G11: Tempo de trabalho (h/mês) | H11: Tempo de obra (meses)
D12: Produtivo | E12: Improdutivo | F12: Total | G12: 182.49 | H12: 6
A13: EQUIPAMENTOS DE GRANDE PORTE
A14: E9524 | B14: Motoniveladora - 93 kW | C14: H | D14: 4.298187 | E14: 9.721 | F14: =D14+E14 -> 14.019187 | G14: =F14/$G$12 -> 0.076821672 | H14: =ROUNDUP(G14/$H$12,0) -> 1
A15: E9687 | B15: Caminhão carroceria com capacidade de 5 t - 120 kw | C15: H | D15: 66.760046 | E15: 103.786 | F15: =D15+E15 -> 170.54605 | G15: =F15/$G$12 -> 0.93455009 | H15: =ROUNDUP(G15/$H$12,0) -> 1
A16: E9545 | B16: Vibroacabadora de asfalto sobre esteiras - 97 kW | C16: H | D16: 58.309457 | F16: =D16+E16 -> 58.309457 | G16: =F16/$G$12 -> 0.31952138 | H16: =ROUNDUP(G16/$H$12,0) -> 1
A17: E9681 | B17: Rolo compactador liso tandem vibratório autopropelido de 10,4 t - 82 kW | C17: H | D17: 46.685591 | E17: 11.623 | F17: =D17+E17 -> 58.308591 | G17: =F17/$G$12 -> 0.31951664 | H17: =ROUNDUP(G17/$H$12,0) -> 1
A18: E9558 | B18: Tanque de estocagem de asfalto com capacidade de 30.000 l | C18: H | D18: 120.71076 | F18: =D18+E18 -> 120.71076 | G18: =F18/$G$12 -> 0.66146504 | H18: =ROUNDUP(G18/$H$12,0) -> 1
A19: E9526 | B19: Retroescavadeira de pneus - capacidade da caçamba da pá-carregadeira de 0,76 m³ e da retroescavadeira de 0,29 m³ - 58 kw | C19: H | D19: 0.57 | F19: =D19+E19 -> 0.57 | G19: =F19/$G$12 -> 0.0031234588 | H19: =ROUNDUP(G19/$H$12,0) -> 1
A20: E9509 | B20: Caminhão tanque distribuidor de asfalto com capacidade de 6.000 l - 7 kW/136 kW | C20: H | D20: 60.355377 | F20: =D20+E20 -> 60.355377 | G20: =F20/$G$12 -> 0.33073252 | H20: =ROUNDUP(G20/$H$12,0) -> 1
A21: E9076 | B21: Equipamento para pintura eletrostática com cabine dupla de 7,00 kW e estufa de 80.000 kCal | C21: H | D21: 12.010538 | F21: =D21+E21 -> 12.010538 | G21: =F21/$G$12 -> 0.065814773 | H21: =ROUNDUP(G21/$H$12,0) -> 1
A22: E9577 | B22: Trator agrícola sobre pneus - 77 kW | C22: H | D22: 53.758137 | E22: 145.976 | F22: =D22+E22 -> 199.73414 | G22: =F22/$G$12 -> 1.0944936 | H22: =ROUNDUP(G22/$H$12,0) -> 1
A23: E9762 | B23: Rolo compactador de pneus autopropelido de 27 t - 85 kW | C23: H | D23: 87.864497 | E23: 17.432 | F23: =D23+E23 -> 105.2965 | G23: =F23/$G$12 -> 0.57699872 | H23: =ROUNDUP(G23/$H$12,0) -> 1
A24: E9772 | B24: Retroescavadeira de pneus com caçamba de escavação trapezoidal ou triangular com seção de corte de 0,15 a 0,20 m² - 58 kw | C24: H | D24: 42.129141 | F24: =D24+E24 -> 42.129141 | G24: =F24/$G$12 -> 0.23085726 | H24: =ROUNDUP(G24/$H$12,0) -> 1
A25: E9514 | B25: Distribuidor de agregados sobre pneus autopropelido - 130 kW | C25: H | D25: 100.27253 | F25: =D25+E25 -> 100.27253 | G25: =F25/$G$12 -> 0.5494686 | H25: =ROUNDUP(G25/$H$12,0) -> 1
A26: E9571 | B26: Caminhão tanque com capacidade de 10.000 l - 188 kw | C26: H | D26: 26.815974 | E26: 37.558 | F26: =D26+E26 -> 64.373974 | G26: =F26/$G$12 -> 0.35275343 | H26: =ROUNDUP(G26/$H$12,0) -> 1
A27: E9685 | B27: Rolo compactador pé de carneiro vibratório autopropelido por pneus de 11,6 t - 82 kw | C27: H | D27: 14.050122 | E27: 0.47 | F27: =D27+E27 -> 14.520122 | G27: =F27/$G$12 -> 0.079566672 | H27: =ROUNDUP(G27/$H$12,0) -> 1
A28: E9530 | B28: Rolo compactador liso vibratório autopropelido por pneus de 11 t - 97 kw | C28: H | D28: 93.239472 | E28: 59.938 | F28: =D28+E28 -> 153.17747 | G28: =F28/$G$12 -> 0.83937461 | H28: =ROUNDUP(G28/$H$12,0) -> 1
A29: E9645 | B29: Caminhão demarcador de faixas com sistema de pintura a quente - 5 kW/30,10 kW/136 kW | C29: H | D29: 6.518724 | F29: =D29+E29 -> 6.518724 | G29: =F29/$G$12 -> 0.035720993 | H29: =ROUNDUP(G29/$H$12,0) -> 1
A30: E9644 | B30: Caminhão demarcador de faixas com sistema de pintura a frio - 28 kw/129 kw | C30: H | D30: 55.384762 | F30: =D30+E30 -> 55.384762 | G30: =F30/$G$12 -> 0.30349478 | H30: =ROUNDUP(G30/$H$12,0) -> 1
A31: E9667 | B31: caminhão basculante com capacidade de 14 m³ - 210 kw | C31: H | D31: 9.68883 | E31: 2.534 | F31: =D31+E31 -> 12.22283 | G31: =F31/$G$12 -> 0.066978081 | H31: =ROUNDUP(G31/$H$12,0) -> 1
A32: E9515 | B32: Escavadeira hidráulica sobre esteiras com caçamba com capacidade de 1,56 m³ - 118 kw | C32: H | D32: 3.136322 | F32: =D32+E32 -> 3.136322 | G32: =F32/$G$12 -> 0.017186268 | H32: =ROUNDUP(G32/$H$12,0) -> 1
A33: E9771 | B33: Retroescavadeira de pneus com caçamba de escavação trapezoidal ou triangular com seção de corte de 0,10 a 0,15 m² - 58 kW | C33: H | D33: 8.613232 | F33: =D33+E33 -> 8.613232 | G33: =F33/$G$12 -> 0.047198378 | H33: =ROUNDUP(G33/$H$12,0) -> 1
A34: E9020 | B34: Recicladora a frio - 455 kW | C34: H | D34: 0.500334 | F34: =D34+E34 -> 0.500334 | G34: =F34/$G$12 -> 0.0027417064 | H34: =ROUNDUP(G34/$H$12,0) -> 1
A35: E9511 | B35: Carregadeira de pneus com capacidade de 3,40 m³ - 195 kw | C35: H | D35: 33.453298 | F35: =D35+E35 -> 33.453298 | G35: =F35/$G$12 -> 0.18331579 | H35: =ROUNDUP(G35/$H$12,0) -> 1
A36: E9541 | B36: Trator sobre esteiras com lâmina - 259 kw | C36: H | D36: 24.151577 | F36: =D36+E36 -> 24.151577 | G36: =F36/$G$12 -> 0.13234466 | H36: =ROUNDUP(G36/$H$12,0) -> 1
A37: E9540 | B37: Trator sobre esteiras com lâmina - 127 kw | C37: H | D37: 8.487791 | F37: =D37+E37 -> 8.487791 | G37: =F37/$G$12 -> 0.046510992 | H37: =ROUNDUP(G37/$H$12,0) -> 1
A38: E9686 | B38: Caminhão guindauto com capacidade de elevação de 6,2 t e carroceria de 7 t - 136 kw | C38: H | D38: 15.110843 | F38: =D38+E38 -> 15.110843 | G38: =F38/$G$12 -> 0.082803677 | H38: =ROUNDUP(G38/$H$12,0) -> 1
A39: E9127 | B39: Escavadeira hidráulica com martelo hidráulico de 520 kg - 75 kw | C39: H | D39: 6.12987 | F39: =D39+E39 -> 6.12987 | G39: =F39/$G$12 -> 0.033590169 | H39: =ROUNDUP(G39/$H$12,0) -> 1
A40: E9792 | B40: Caminhão para hidrossemeadura com capacidade de 7.500 l - 77,2 kw/235 kw | C40: H | D40: 24.867469 | F40: =D40+E40 -> 24.867469 | G40: =F40/$G$12 -> 0.13626757 | H40: =ROUNDUP(G40/$H$12,0) -> 1
A41: E9678 | B41: Fresadora a frio - 455 kw | C41: H | D41: 3.48747 | F41: =D41+E41 -> 3.48747 | G41: =F41/$G$12 -> 0.019110472 | H41: =ROUNDUP(G41/$H$12,0) -> 1
A42: E9579 | B42: Caminhão basculante com capacidade de 10 m³ - 210 kw | C42: H | D42: 3558.6467 | E42: 5.352 | F42: =D42+E42 -> 3563.9987 | G42: =F42/$G$12 -> 19.52983 | H42: =ROUNDUP(G42/$H$12,0) -> 4
A43: E9697 | B43: Minicarregadeira de pneus com vassoura de 1,68 m - 45,50 kw | C43: H | D43: 7.323687 | E43: 3.138 | F43: =D43+E43 -> 10.461687 | G43: =F43/$G$12 -> 0.057327454 | H43: =ROUNDUP(G43/$H$12,0) -> 1
A44: EQUIPAMENTOS DE PEQUENO PORTE
A45: E9764 | B45: Grupo gerador - 7,2 kVA | C45: H | D45: 15.733865 | E45: 0.092 | F45: =D45+E45 -> 15.825865 | G45: =F45/$G$12 -> 0.08672182 | H45: =ROUNDUP(G45/$H$12,0) -> 1
A46: E9519 | B46: Betoneira com motor a gasolina com capacidade de 600 l - 10 kW | C46: H | D46: 281.21859 | F46: =D46+E46 -> 281.21859 | G46: =F46/$G$12 -> 1.5410082 | H46: =ROUNDUP(G46/$H$12,0) -> 1
A47: E9066 | B47: Grupo gerador - 14 kVA | C47: H | D47: 228.74156 | F47: =D47+E47 -> 228.74156 | G47: =F47/$G$12 -> 1.2534471 | H47: =ROUNDUP(G47/$H$12,0) -> 1
A48: E9535 | B48: Serra circular com bancada - D = 30 cm - 4 kW | C48: H | D48: 228.74156 | F48: =D48+E48 -> 228.74156 | G48: =F48/$G$12 -> 1.2534471 | H48: =ROUNDUP(G48/$H$12,0) -> 1
A49: E9071 | B49: Transportador manual carrinho de mão com capacidade de 80 l | C49: H | D49: 1111.7686 | E49: 99.454 | F49: =D49+E49 -> 1211.2226 | G49: =F49/$G$12 -> 6.6371999 | H49: =ROUNDUP(G49/$H$12,0) -> 2
A50: E9753 | B50: Grupo gerador - 23 kVA | C50: H | D50: 40.290059 | F50: =D50+E50 -> 40.290059 | G50: =F50/$G$12 -> 0.22077954 | H50: =ROUNDUP(G50/$H$12,0) -> 1
A51: E9010 | B51: Balança plataforma digital à bateria, com mesa de 75 x 75 cm e capacidade de 500 kg | C51: H | D51: 280.95315 | F51: =D51+E51 -> 280.95315 | G51: =F51/$G$12 -> 1.5395537 | H51: =ROUNDUP(G51/$H$12,0) -> 1
A52: E9675 | B52: Martelete perfurador/rompedor elétrico - 1,50 kW | C52: H | D52: 15.666666 | F52: =D52+E52 -> 15.666666 | G52: =F52/$G$12 -> 0.085849449 | H52: =ROUNDUP(G52/$H$12,0) -> 1
A53: E9622 | B53: Máquina de bancada universal para corte de chapa - 1,50 kW | C53: H | D53: 27.711193 | F53: =D53+E53 -> 27.711193 | G53: =F53/$G$12 -> 0.15185047 | H53: =ROUNDUP(G53/$H$12,0) -> 1
A54: E9623 | B54: Máquina de bancada guilhotina - 4,00 kW | C54: H | D54: 11.54609 | F54: =D54+E54 -> 11.54609 | G54: =F54/$G$12 -> 0.063269713 | H54: =ROUNDUP(G54/$H$12,0) -> 1
A55: E9647 | B55: Compactador manual com soquete vibratório - 4,10 kW | C55: H | D55: 3.852491 | F55: =D55+E55 -> 3.852491 | G55: =F55/$G$12 -> 0.021110696 | H55: =ROUNDUP(G55/$H$12,0) -> 1
A56: EQUIPAMENTOS DE PEQUENO PORTE
A57: E9064 | B57: Transportador manual gerica com capacidade de 180 l | C57: H | D57: 345.7043 | E57: 497.951 | F57: =D57+E57 -> 843.6553 | G57: =F57/$G$12 -> 4.6230221 | H57: =ROUNDUP(G57/$H$12,0) -> 1
A58: E9544 | B58: Vassoura mecânica rebocável com largura de 2,44 m | C58: H | D58: 13.715032 | F58: =D58+E58 -> 13.715032 | G58: =F58/$G$12 -> 0.075154978 | H58: =ROUNDUP(G58/$H$12,0) -> 1
A59: E9547 | B59: Máquina de solda elétrica transformadora 250 A - 9,20 kW | C59: H | D59: 0.568327 | F59: =D59+E59 -> 0.568327 | G59: =F59/$G$12 -> 0.0031142912 | H59: =ROUNDUP(G59/$H$12,0) -> 1
A60: E9568 | B60: Furadeira de impacto de 12,5 mm - 0,80 kW | C60: H | D60: 8.659568 | F60: =D60+E60 -> 8.659568 | G60: =F60/$G$12 -> 0.047452288 | H60: =ROUNDUP(G60/$H$12,0) -> 1
A61: E9521 | B61: Grupo gerador - 3,2 kva | C61: H | D61: 0.169541 | F61: =D61+E61 -> 0.169541 | G61: =F61/$G$12 -> 0.00092904269 | H61: =ROUNDUP(G61/$H$12,0) -> 1
A62: E9156 | B62: Soprador de ar costal - 2,6 kw | C62: H | D62: 6.97494 | F62: =D62+E62 -> 6.97494 | G62: =F62/$G$12 -> 0.038220944 | H62: =ROUNDUP(G62/$H$12,0) -> 1
A63: E9556 | B63: Compactador manual de placa vibratória - 3,00 kw | C63: H | D63: 0.088214 | E63: 0.251 | F63: =D63+E63 -> 0.339214 | G63: =F63/$G$12 -> 0.0018588087 | H63: =ROUNDUP(G63/$H$12,0) -> 1
A64: E9069 | B64: Vibrador de imersão para concreto - 4,10 kw | C64: H | D64: 4.909477 | F64: =D64+E64 -> 4.909477 | G64: =F64/$G$12 -> 0.026902718 | H64: =ROUNDUP(G64/$H$12,0) -> 1
A65: E9643 | B65: Equipamento para pintura a ar comprimido de pistola com caneca com capacidade de 1.000 ml e compressor de 1,50 kw | C65: H | D65: 0.169541 | F65: =D65+E65 -> 0.169541 | G65: =F65/$G$12 -> 0.00092904269 | H65: =ROUNDUP(G65/$H$12,0) -> 1
A66: E9717 | B66: Máquina policorte - 2,20 kw | C66: H | D66: 0.067199 | E66: 0.092 | F66: =D66+E66 -> 0.159199 | G66: =F66/$G$12 -> 0.00087237109 | H66: =ROUNDUP(G66/$H$12,0) -> 1
A67: E9646 | B67: Compressor de ar portátil de 58,52 l/s (124 pcm) - 27 kw | C67: H | D67: 145.44793 | F67: =D67+E67 -> 145.44793 | G67: =F67/$G$12 -> 0.79701861 | H67: =ROUNDUP(G67/$H$12,0) -> 1
A68: E9527 | B68: Martelete perfurador/rompedor a ar comprimido de 25 kg para rocha com capacidade de 2.040 gpm | C68: H | D68: 145.44793 | F68: =D68+E68 -> 145.44793 | G68: =F68/$G$12 -> 0.79701861 | H68: =ROUNDUP(G68/$H$12,0) -> 1
A69: E9518 | B69: Grade de 24 discos rebocável de d = 60 cm (24") | C69: H | D69: 5.543104 | E69: 7.976 | F69: =D69+E69 -> 13.519104 | G69: =F69/$G$12 -> 0.074081341 | H69: =ROUNDUP(G69/$H$12,0) -> 1
A70: E9507 | B70: Plotadora de recorte com computador e programa computacional | C70: H | D70: 25.301543 | F70: =D70+E70 -> 25.301543 | G70: =F70/$G$12 -> 0.13864619 | H70: =ROUNDUP(G70/$H$12,0) -> 1
A71: E9155 | B71: Caldeira de asfalto rebocável com capacidade de 600 l - 5,20 kW | C71: H | D71: 0.006785 | E71: 0.332 | F71: =D71+E71 -> 0.338785 | G71: =F71/$G$12 -> 0.0018564579 | H71: =ROUNDUP(G71/$H$12,0) -> 1
A72: E9591 | B72: Serra para corte de concreto e asfalto - 10 kW | C72: H | D72: 0.111964 | E72: 0.227 | F72: =D72+E72 -> 0.338964 | G72: =F72/$G$12 -> 0.0018574388 | H72: =ROUNDUP(G72/$H$12,0) -> 1
A73: E9154 | B73: Equipamento para selagem com material asfáltico rebocável com capacidade de 370 l - 35 kW | C73: H | D73: 23.14776 | F73: =D73+E73 -> 23.14776 | G73: =F73/$G$12 -> 0.12684399 | H73: =ROUNDUP(G73/$H$12,0) -> 1
A74: TOTAL | H74: =SUM(H14:H73) -> 62

Sheet Rotas
A1: GOVERNO DO ESTADO DE PERNAMBUCO
A2: SECRETARIA DE MOBILIDADE E INFRAESTRUTURA - SEMOBI/PE
A3: DEPARTAMENTO DE ESTRADAS DE RODAGEM - DER/PE
A5: RODOVIA: | B5: ='Mobilização-Desmobilização'!B5:K5 -> PE-060
A6: TRECHO: | B6: ='Mobilização-Desmobilização'!B6:K6 -> ENTR. BR-101 (CABO DE SANTO AGOSTINHO) - DIV. PE/AL
A8: ROTA CAPITAL
A10: RECIFE/PE

Sheet FIT
A1: GOVERNO DO ESTADO DE PERNAMBUCO
A2: SECRETARIA DE MOBILIDADE E INFRAESTRUTURA - SEMOBI/PE
A3: DEPARTAMENTO DE ESTRADAS DE RODAGEM - DER/PE
A5: RODOVIA: | B5: PE-060
A6: TRECHO: | B6: ENTR. BR-101 (CABO DE SANTO AGOSTINHO) - DIV. PE/AL
A7: DATA BASE: | B7: OUTUBRO/2025
A8: TIPO: | B8: SEM DESONERAÇÃO
A10: CÁLCULO DO FIT
A11: CÁLCULO DO FIT:
A12: RODOVIA | B12: MUNICÍPIO | C12: KM INICIAL | D12: KM FINAL | E12: EXTENSÃO (KM) | F12: % | G12: TRECHO URBANO (KM)
G13: KM INICIAL | H13: KM FINAL | I13: EXTENSÃO (KM)
A14: PE-060 | B14: RIO FORMOSO | C14: 57.01 | D14: 61.92 | E14: =D14-C14 -> 4.91 | F14: =E14/(SUM($E$14:$E$16)) -> 0.34097222 | I14: =H14-G14 -> 0
A15: PE-060 | B15: TAMANDARÉ | C15: 61.92 | D15: 68.6 | E15: =D15-C15 -> 6.68 | F15: =E15/(SUM($E$14:$E$16)) -> 0.46388889 | I15: =H15-G15 -> 0
A16: PE-060 | B16: BARREIROS | C16: 68.6 | D16: 71.41 | E16: =D16-C16 -> 2.81 | F16: =E16/(SUM($E$14:$E$16)) -> 0.19513889 | I16: =H16-G16 -> 0
E17: =SUM(E14:E16) -> 14.4 | F17: =SUM(F14:F16) -> 1 | I17: =SUM(I14:I16) -> 0
E18: Percentual de trecho urbano na Rodovia | I18: =I17/E17 -> 0
A19: VMD = | B19: 18228
A30: =ROUND(IF(B19<2000,0%,IF(AND(B19>=2000,B19<=11000),(((B19-2000)/600)/100),IF(B19>11000,15%,"-"))),4) -> 0.15
A31: FIT = 15%
A33: FIT = | B33: =0.15 -> 0.15

Sheet BDI
B2: GOVERNO DO ESTADO DE PERNAMBUCO
B3: SECRETARIA DE MOBILIDADE E INFRAESTRUTURA - SEMOBI/PE
B4: DEPARTAMENTO DE ESTRADAS DE RODAGEM - DER/PE
B6: RODOVIA: | C6: PE-060
B7: TRECHO: | C7: ENTR. BR-101 (CABO DE SANTO AGOSTINHO) - DIV. PE/AL
B8: DATA BASE: | C8: OUTUBRO/2025
B9: TIPO: | C9: SEM DESONERAÇÃO
B11: COMPOSIÇÃO DAS TAXAS DE BENEFÍCIOS E DESPESAS INDIRETAS (BDI)
C13: DETALHAMENTO DO BDI - SEM DESONERAÇÃO
C14: Despesas Indiretas | E14: % | F14: % sobre CD
C15: Administração Central | E15: 0.038
C16: Custos Financeiros | E16: 0.0032
C17: Seguros e Garantias Contratuais | E17: 0.005
C18: Riscos | E18: 0.0102
C19: Subtotal Despesas Indiretas | E19: =SUM(E15:F18) -> 0.0564 | F19: =SUM(F15:F18) -> 0
C20: Benefícios | E20: % | F20: % sobre CD
C21: Lucro Operacional | E21: 0.0708
C22: Subtotal Benefícios | E22: =SUM(E21) -> 0.0708 | F22: =SUM(F21) -> 0
C23: Tributos | E23: % | F23: % sobre CD
C24: PIS | E24: 0.0065
C25: COFINS | E25: 0.03
C26: ISSQN | E26: =H40 -> 0.025975694
C27: CPRB | E27: 0
C28: Subtotal Tributos | E28: =SUM(E24:F27) -> 0.062475694 | F28: =SUM(F24:F27) -> 0
C29: BDI com Impostos | E29: =(((1+E15+E16+E17)*(1+E18)*(1+E22))/(1-E28)-1) -> 0.20711294 | F29: =((1+(F15/100+F21/100))/(1-(E16/100+E17/100+E18/100+E24/100+E25/100+E26/100+E27/100))-1)*100 -> 0.080941156
C30: BDI SEM DESONERAÇÃO | F30: =E29 -> 0.20711294
B32: PERCENTUAL DO ISSQN INCIDENTE NA COMPOSIÇÃO DO BDI:
B33: Em atendimento ao item 9.2.2 do Acórdão nº 32/2008 – Plenário, que determina a previsão dos percentuais de recolhimento a título de ISS a serem aplicados na composição de LDI dos licitantes, com base nas alíquotas adotadas pelos municípios situados na região da obra, apresentamos a planilha e cálculo a seguir:
B34: MUNICÍPIO | C34: KM INICIAL | D34: KM FINAL | E34: EXTENSÃO | F34: ALÍQUOTA | G34: DEDUÇÃO | H34: ALÍQUOTA | I34: PROPORÇÃO (%)
E35: (KM)
B36: RIO FORMOSO | C36: 57.01 | D36: 61.92 | E36: =D36-C36 -> 4.91 | F36: 0.05 | G36: 0.5 | H36: =F36*(1-G36) -> 0.025 | I36: =E36/$E$39 -> 0.34097222
B37: TAMANDARÉ | C37: 61.92 | D37: 68.6 | E37: =D37-C37 -> 6.68 | F37: 0.05 | G37: 0.5 | H37: =F37*(1-G37) -> 0.025 | I37: =E37/$E$39 -> 0.46388889
B38: BARREIROS | C38: 68.6 | D38: 71.41 | E38: =D38-C38 -> 2.81 | F38: 0.05 | G38: 0.4 | H38: =F38*(1-G38) -> 0.03 | I38: =E38/$E$39 -> 0.19513889
B39: EXTENSÃO TOTAL DO TRECHO | E39: =SUM(E36:E38) -> 14.4 | I39: =SUM(I36:I38) -> 1
B40: MÉDIA PONDERADA | H40: =SUMPRODUCT(I36:I38,H36:H38) -> 0.025975694
B42: OBSERVAÇÃO:
B43: O percentual de ISSQN adotado foi proveniente das alíquotas dos municípios situados na área de influência da obra.
B44: Código Tributário do Município de Rio Formoso/Pe, Lei nº 1.645/2017. Capítulo III, Seção VII, Art. 60, § 1º e Tabela 1.
B45: Código Tributário do Município de Tamandaré, Lei nº 316/2010. Capítulo III, Seção VII, Art. 60, § 1º e Anexo I.
B46: Código Tributário do Município de Barreiros, Lei nº 919/2013. Capítulo IV, Seção II, Art. 188, I e Art. 191, III
B51: COMPOSIÇÃO DAS TAXAS DE BENEFÍCIOS E DESPESAS INDIRETAS - DIFERENCIADO (BDI DIFERENCIADO)
C53: DETALHAMENTO DO BDI DIFERENCIADO - SEM DESONERAÇÃO
C54: Despesas Indiretas | E54: %
C55: Administração Central | E55: 0.015
C56: Custos Financeiros | E56: 0.003
C57: Seguros e Garantias Contratuais | E57: 0.0056
C58: Riscos | E58: 0.0085
C59: Subtotal Despesas Indiretas | E59: =SUM(E55:F58) -> 0.0321
C60: Benefícios | E60: %
C61: Lucro Operacional | E61: 0.0399
C62: Subtotal Benefícios | E62: =SUM(E61) -> 0.0399
C63: Tributos | E63: %
C64: PIS | E64: 0.0065
C65: COFINS | E65: 0.03
C66: ISSQN | E66: =H80 -> 0.025975694
C67: CPRB | E67: 0
D68: Subtotal Tributos | E68: =SUM(E64:F67) -> 0.062475694
C69: BDI com Impostos | E69: =(((1+E55+E56+E57)*(1+E58)*(1+E61))/(1-E68)-1) -> 0.14502567
C70: BDI DIFERENCIADO SEM DESONERAÇÃO | F70: =E69 -> 0.14502567
B72: PERCENTUAL DO ISSQN INCIDENTE NA COMPOSIÇÃO DO BDI:
B73: Em atendimento ao item 9.2.2 do Acórdão nº 32/2008 – Plenário, que determina a previsão dos percentuais de recolhimento a título de ISS a serem aplicados na composição de LDI dos licitantes, com base nas alíquotas adotadas pelos municípios situados na região da obra, apresentamos a planilha e cálculo a seguir:
B74: MUNICÍPIO | C74: KM INICIAL | D74: KM FINAL | E74: EXTENSÃO | F74: ALÍQUOTA | G74: DEDUÇÃO | H74: ALÍQUOTA | I74: PROPORÇÃO (%)
E75: (KM)
B76: =B36 -> RIO FORMOSO | C76: =C36 -> 57.01 | D76: =D36 -> 61.92 | E76: =D76-C76 -> 4.91 | F76: =F36 -> 0.05 | G76: =G36 -> 0.5 | H76: =F76*(1-G76) -> 0.025 | I76: =E76/$E$39 -> 0.34097222
B77: =B37 -> TAMANDARÉ | C77: =C37 -> 61.92 | D77: =D37 -> 68.6 | E77: =D77-C77 -> 6.68 | F77: =F37 -> 0.05 | G77: =G37 -> 0.5 | H77: =F77*(1-G77) -> 0.025 | I77: =E77/$E$39 -> 0.46388889
B78: =B38 -> BARREIROS | C78: =C38 -> 68.6 | D78: =D38 -> 71.41 | E78: =D78-C78 -> 2.81 | F78: =F38 -> 0.05 | G78: =G38 -> 0.4 | H78: =F78*(1-G78) -> 0.03 | I78: =E78/$E$39 -> 0.19513889
B79: EXTENSÃO TOTAL DO TRECHO | E79: =SUM(E76:E78) -> 14.4 | I79: =SUM(I76:I78) -> 1
B80: MÉDIA PONDERADA | H80: =SUMPRODUCT(I76:I78,H76:H78) -> 0.025975694
B82: OBSERVAÇÃO:
B83: O percentual de ISSQN adotado foi proveniente das alíquotas dos municípios situados na área de influência da obra.
B84: =B44 -> Código Tributário do Município de Rio Formoso/Pe, Lei nº 1.645/2017. Capítulo III, Seção VII, Art. 60, § 1º e Tabela 1.
B85: =B45 -> Código Tributário do Município de Tamandaré, Lei nº 316/2010. Capítulo III, Seção VII, Art. 60, § 1º e Anexo I.
B86: =B46 -> Código Tributário do Município de Barreiros, Lei nº 919/2013. Capítulo IV, Seção II, Art. 188, I e Art. 191, III

Sheet Cotações
B2: GOVERNO DO ESTADO DE PERNAMBUCO
B3: SECRETARIA DE MOBILIDADE E INFRAESTRUTURA - SEMOBI/PE
B4: DEPARTAMENTO DE ESTRADAS DE RODAGEM - DER/PE
B6: RODOVIA: | C6: PE-060 | F6: DATA BASE: | G6: OUTUBRO/2025
B7: TRECHO: | C7: ENTR. BR-101 (CABO DE SANTO AGOSTINHO) - DIV. PE/AL | F7: TIPO: | G7: SEM DESONERAÇÃO
B9: COTAÇÕES
B648: INSERIR PROPOSTA ECOPARQUE

Sheet Mapa+Binômio
B2: GOVERNO DO ESTADO DE PERNAMBUCO
B3: SECRETARIA DE MOBILIDADE E INFRAESTRUTURA - SEMOBI/PE
B4: DEPARTAMENTO DE ESTRADAS DE RODAGEM - DER/PE
B6: RODOVIA: | C6: =Cotações!$C$6 -> PE-060 | K6: DATA BASE: | L6: =Cotações!G6 -> OUTUBRO/2025
B7: TRECHO: | C7: =Cotações!C7 -> ENTR. BR-101 (CABO DE SANTO AGOSTINHO) - DIV. PE/AL | K7: TIPO: | L7: =Cotações!G7 -> SEM DESONERAÇÃO
B9: MAPA DE COTAÇÕES E ESTUDO DE BINÔMIO
C10: CONSIDERAÇÕES:
C12: 1. Dados das cotações informados pelos fornecedores
C13: 2. DMT de aquisição dos Materiais Pétreos: FORNECEDOR/PARA O CANTEIRO
B15: MATERIAL PÉTREO E ARENOSO E MASSA ASFÁLTICA
B17: Insumo | C17: Fornecedor | D17: Data Cotação | E17: Preço Cotação | F17: Und Cotação | G17: Condição de Frete | H17: Índice Adotado | I17: Data Base Orçamento | J17: Índice de Reajsutamento | L17: Fator de Regressão | M17: Custo Reajustado | N17: Densidade Adotada | O17: Custo Reajustado (R$/m³) | P17: Distância Fixa | S17: Transporte | T17: Preço Unitário do Transporte | X17: Valor Total do Transporte | Y17: Binômio (Aquisição + Transporte)
J18: Índice Cotação | K18: Índice Data Base | P18: P | Q18: RP | R18: LN | T18: P (5914389) | U18: RP (5914374) | V18: LN (5914359) | W18: Und | Y18: Valor Total | Z18: Und
B19: BRITA 0 | C19: MINERAÇÃO AURORA | D19: 45748 | E19: 65 | F19: t | G19: FOB | H19: PAVIMENTAÇÃO | I19: 45931 | J19: 588.804 | K19: 590.239 | L19: =TRUNC(K19/J19,4) -> 1.0024 | M19: =TRUNC(E19*L19,2) -> 65.15 | N19: 1.5 | O19: =M19*N19 -> 97.725 | P19: 74.2 | R19: 1.2 | S19: Transp C. Basc 10 m³ (t.km) | T19: 0.83 | U19: 1 | V19: 1.25 | W19: R$/t.km | X19: =TRUNC((P19*T19+Q19*U19+R19*V19),2) -> 63.08 | Y19: =X19+O19 -> 160.805 | Z19: R$/m³
C20: PEDREIRA VITÓRIA | D20: 45809 | E20: 86 | F20: m³ | G20: FOB | H20: PAVIMENTAÇÃO | I20: 45931 | J20: 586.211 | K20: 590.239 | L20: =TRUNC(K20/J20,4) -> 1.0068 | M20: =TRUNC(E20*L20,2) -> 86.58 | N20: 1.5 | O20: =M20 -> 86.58 | P20: 109 | R20: 1.5 | S20: Transp C. Basc 10 m³ (t.km) | T20: =$T$19 -> 0.83 | U20: =$U$19 -> 1 | V20: =$V$19 -> 1.25 | W20: R$/t.km | X20: =TRUNC((P20*T20+Q20*U20+R20*V20),2) -> 92.34 | Y20: =X20+O20 -> 178.92 | Z20: R$/m³
C21: PEDREIRA MARACATU | D21: 45962 | E21: 70 | F21: t | G21: FOB | H21: PAVIMENTAÇÃO | I21: 45931 | J21: 590.669 | K21: 590.239 | L21: =TRUNC(K21/J21,4) -> 0.9992 | M21: =TRUNC(E21*L21,2) -> 69.94 | N21: 1.5 | O21: =M21*N21 -> 104.91 | P21: 160 | R21: 2.2 | S21: Transp C. Basc 10 m³ (t.km) | T21: =$T$19 -> 0.83 | U21: =$U$19 -> 1 | V21: =$V$19 -> 1.25 | W21: R$/t.km | X21: =TRUNC((P21*T21+Q21*U21+R21*V21),2) -> 135.55 | Y21: =X21+O21 -> 240.46 | Z21: R$/m³
B22: BRITA 1 | C22: =$C$19 -> MINERAÇÃO AURORA | D22: 45748 | E22: 65 | F22: t | G22: FOB | H22: PAVIMENTAÇÃO | I22: 45931 | J22: =$J$19 -> 588.804 | K22: =$K$19 -> 590.239 | L22: =TRUNC(K22/J22,4) -> 1.0024 | M22: =TRUNC(E22*L22,2) -> 65.15 | N22: 1.5 | O22: =M22*N22 -> 97.725 | P22: =$P$19 -> 74.2 | R22: =$R$19 -> 1.2 | S22: Transp C. Basc 10 m³ (t.km) | T22: =$T$19 -> 0.83 | U22: =$U$19 -> 1 | V22: =$V$19 -> 1.25 | W22: R$/t.km | X22: =TRUNC((P22*T22+Q22*U22+R22*V22),2) -> 63.08 | Y22: =X22+O22 -> 160.805 | Z22: R$/m³
C23: =$C$20 -> PEDREIRA VITÓRIA | D23: 45809 | E23: 89 | F23: m³ | G23: FOB | H23: PAVIMENTAÇÃO | I23: 45931 | J23: =$J$20 -> 586.211 | K23: 590.239 | L23: =TRUNC(K23/J23,4) -> 1.0068 | M23: =TRUNC(E23*L23,2) -> 89.6 | N23: 1.5 | O23: =M23 -> 89.6 | P23: =$P$20 -> 109 | R23: =$R$20 -> 1.5 | S23: Transp C. Basc 10 m³ (t.km) | T23: =$T$19 -> 0.83 | U23: =$U$19 -> 1 | V23: =$V$19 -> 1.25 | W23: R$/t.km | X23: =TRUNC((P23*T23+Q23*U23+R23*V23),2) -> 92.34 | Y23: =X23+O23 -> 181.94 | Z23: R$/m³
C24: =$C$21 -> PEDREIRA MARACATU | D24: 45962 | E24: 70 | F24: t | G24: FOB | H24: PAVIMENTAÇÃO | I24: 45931 | J24: =$J$21 -> 590.669 | K24: 590.239 | L24: =TRUNC(K24/J24,4) -> 0.9992 | M24: =TRUNC(E24*L24,2) -> 69.94 | N24: 1.5 | O24: =M24*N24 -> 104.91 | P24: =$P$21 -> 160 | R24: =$R$21 -> 2.2 | S24: Transp C. Basc 10 m³ (t.km) | T24: =$T$19 -> 0.83 | U24: =$U$19 -> 1 | V24: =$V$19 -> 1.25 | W24: R$/t.km | X24: =TRUNC((P24*T24+Q24*U24+R24*V24),2) -> 135.55 | Y24: =X24+O24 -> 240.46 | Z24: R$/m³
B25: BRITA 2 | C25: =$C$19 -> MINERAÇÃO AURORA | D25: 45748 | E25: 65 | F25: t | G25: FOB | H25: PAVIMENTAÇÃO | I25: 45931 | J25: =$J$19 -> 588.804 | K25: =$K$19 -> 590.239 | L25: =TRUNC(K25/J25,4) -> 1.0024 | M25: =TRUNC(E25*L25,2) -> 65.15 | N25: 1.5 | O25: =M25*N25 -> 97.725 | P25: =$P$19 -> 74.2 | R25: =$R$19 -> 1.2 | S25: Transp C. Basc 10 m³ (t.km) | T25: =$T$19 -> 0.83 | U25: =$U$19 -> 1 | V25: =$V$19 -> 1.25 | W25: R$/t.km | X25: =TRUNC((P25*T25+Q25*U25+R25*V25),2) -> 63.08 | Y25: =X25+O25 -> 160.805 | Z25: R$/m³
C26: =$C$20 -> PEDREIRA VITÓRIA | D26: 45809 | E26: 82 | F26: m³ | G26: FOB | H26: PAVIMENTAÇÃO | I26: 45931 | J26: =$J$20 -> 586.211 | K26: 590.239 | L26: =TRUNC(K26/J26,4) -> 1.0068 | M26: =TRUNC(E26*L26,2) -> 82.55 | N26: 1.5 | O26: =M26 -> 82.55 | P26: =$P$20 -> 109 | R26: =$R$20 -> 1.5 | S26: Transp C. Basc 10 m³ (t.km) | T26: =$T$19 -> 0.83 | U26: =$U$19 -> 1 | V26: =$V$19 -> 1.25 | W26: R$/t.km | X26: =TRUNC((P26*T26+Q26*U26+R26*V26),2) -> 92.34 | Y26: =X26+O26 -> 174.89 | Z26: R$/m³
C27: =$C$21 -> PEDREIRA MARACATU | D27: 45962 | E27: 65 | F27: t | G27: FOB | H27: PAVIMENTAÇÃO | I27: 45931 | J27: =$J$21 -> 590.669 | K27: 590.239 | L27: =TRUNC(K27/J27,4) -> 0.9992 | M27: =TRUNC(E27*L27,2) -> 64.94 | N27: 1.5 | O27: =M27*N27 -> 97.41 | P27: =$P$21 -> 160 | R27: =$R$21 -> 2.2 | S27: Transp C. Basc 10 m³ (t.km) | T27: =$T$19 -> 0.83 | U27: =$U$19 -> 1 | V27: =$V$19 -> 1.25 | W27: R$/t.km | X27: =TRUNC((P27*T27+Q27*U27+R27*V27),2) -> 135.55 | Y27: =X27+O27 -> 232.96 | Z27: R$/m³
B28: BRITA 4 | C28: =$C$19 -> MINERAÇÃO AURORA | D28: 45748 | E28: 40 | F28: t | G28: FOB | H28: PAVIMENTAÇÃO | I28: 45931 | J28: =$J$19 -> 588.804 | K28: =$K$19 -> 590.239 | L28: =TRUNC(K28/J28,4) -> 1.0024 | M28: =TRUNC(E28*L28,2) -> 40.09 | N28: 1.5 | O28: =M28*N28 -> 60.135 | P28: =$P$19 -> 74.2 | R28: =$R$19 -> 1.2 | S28: Transp C. Basc 10 m³ (t.km) | T28: =$T$19 -> 0.83 | U28: =$U$19 -> 1 | V28: =$V$19 -> 1.25 | W28: R$/t.km | X28: =TRUNC((P28*T28+Q28*U28+R28*V28),2) -> 63.08 | Y28: =X28+O28 -> 123.215 | Z28: R$/m³
C29: =$C$20 -> PEDREIRA VITÓRIA | D29: 45809 | E29: 77.5 | F29: m³ | G29: FOB | H29: PAVIMENTAÇÃO | I29: 45931 | J29: =$J$20 -> 586.211 | K29: 590.239 | L29: =TRUNC(K29/J29,4) -> 1.0068 | M29: =TRUNC(E29*L29,2) -> 78.02 | N29: 1.5 | O29: =M29 -> 78.02 | P29: =$P$20 -> 109 | R29: =$R$20 -> 1.5 | S29: Transp C. Basc 10 m³ (t.km) | T29: =$T$19 -> 0.83 | U29: =$U$19 -> 1 | V29: =$V$19 -> 1.25 | W29: R$/t.km | X29: =TRUNC((P29*T29+Q29*U29+R29*V29),2) -> 92.34 | Y29: =X29+O29 -> 170.36 | Z29: R$/m³
C30: =$C$21 -> PEDREIRA MARACATU | D30: 45962 | E30: 55 | F30: t | G30: FOB | H30: PAVIMENTAÇÃO | I30: 45931 | J30: =$J$21 -> 590.669 | K30: 590.239 | L30: =TRUNC(K30/J30,4) -> 0.9992 | M30: =TRUNC(E30*L30,2) -> 54.95 | N30: 1.5 | O30: =M30*N30 -> 82.425 | P30: =$P$21 -> 160 | R30: =$R$21 -> 2.2 | S30: Transp C. Basc 10 m³ (t.km) | T30: =$T$19 -> 0.83 | U30: =$U$19 -> 1 | V30: =$V$19 -> 1.25 | W30: R$/t.km | X30: =TRUNC((P30*T30+Q30*U30+R30*V30),2) -> 135.55 | Y30: =X30+O30 -> 217.975 | Z30: R$/m³
B31: PEDRA DE MÃO | C31: =$C$19 -> MINERAÇÃO AURORA | D31: 45748 | E31: 0 | F31: t | G31: FOB | H31: DRENAGEM | I31: 45931 | J31: 482.299 | K31: 491.278 | L31: =TRUNC(K31/J31,4) -> 1.0186 | M31: =TRUNC(E31*L31,2) -> 0 | N31: 1.5 | O31: =M31*N31 -> 0 | S31: Transp C. Basc 10 m³ (t.km) | T31: 0.79 | U31: =$U$19 -> 1 | V31: =$V$19 -> 1.25 | W31: R$/t.km | X31: =TRUNC((P31*T31+Q31*U31+R31*V31),2) -> 0 | Y31: =X31+O31 -> 0 | Z31: R$/m³
C32: =$C$20 -> PEDREIRA VITÓRIA | D32: 45809 | E32: 65 | F32: m³ | G32: FOB | H32: DRENAGEM | I32: 45931 | J32: 483.132 | K32: 491.278 | L32: =TRUNC(K32/J32,4) -> 1.0168 | M32: =TRUNC(E32*L32,2) -> 66.09 | N32: 1.5 | O32: =M32 -> 66.09 | P32: =$P$20 -> 109 | R32: =$R$20 -> 1.5 | S32: Transp C. Basc 10 m³ (t.km) | T32: =$T$19 -> 0.83 | U32: =$U$19 -> 1 | V32: =$V$19 -> 1.25 | W32: R$/t.km | X32: =TRUNC((P32*T32+Q32*U32+R32*V32),2) -> 92.34 | Y32: =X32+O32 -> 158.43 | Z32: R$/m³
C33: =$C$21 -> PEDREIRA MARACATU | D33: 45962 | E33: 50 | F33: t | G33: FOB | H33: DRENAGEM | I33: 45931 | J33: 492.689 | K33: 491.278 | L33: =TRUNC(K33/J33,4) -> 0.9971 | M33: =TRUNC(E33*L33,2) -> 49.85 | N33: 1.5 | O33: =M33*N33 -> 74.775 | P33: =$P$21 -> 160 | R33: =$R$21 -> 2.2 | S33: Transp C. Basc 10 m³ (t.km) | T33: =$T$19 -> 0.83 | U33: =$U$19 -> 1 | V33: =$V$19 -> 1.25 | W33: R$/t.km | X33: =TRUNC((P33*T33+Q33*U33+R33*V33),2) -> 135.55 | Y33: =X33+O33 -> 210.325 | Z33: R$/m³
B34: BGS | C34: =$C$19 -> MINERAÇÃO AURORA | D34: 45748 | E34: 40 | F34: t | G34: FOB | H34: PAVIMENTAÇÃO | I34: 45931 | J34: =$J$19 -> 588.804 | K34: =$K$19 -> 590.239 | L34: =TRUNC(K34/J34,4) -> 1.0024 | M34: =TRUNC(E34*L34,2) -> 40.09 | N34: 1.5 | O34: =M34*N34 -> 60.135 | P34: =$P$19 -> 74.2 | R34: =$R$19 -> 1.2 | S34: Transp C. Basc 10 m³ (t.km) | T34: 0.79 | U34: =$U$19 -> 1 | V34: =$V$19 -> 1.25 | W34: R$/t.km | X34: =TRUNC((P34*T34+Q34*U34+R34*V34),2) -> 60.11 | Y34: =X34+O34 -> 120.245 | Z34: R$/m³
C35: =$C$20 -> PEDREIRA VITÓRIA | D35: 45809 | E35: 73 | F35: m³ | G35: FOB | H35: PAVIMENTAÇÃO | I35: 45931 | J35: =$J$20 -> 586.211 | K35: 590.239 | L35: =TRUNC(K35/J35,4) -> 1.0068 | M35: =TRUNC(E35*L35,2) -> 73.49 | N35: 1.5 | O35: =M35 -> 73.49 | P35: =$P$20 -> 109 | R35: =$R$20 -> 1.5 | S35: Transp C. Basc 10 m³ (t.km) | T35: =$T$19 -> 0.83 | U35: =$U$19 -> 1 | V35: =$V$19 -> 1.25 | W35: R$/t.km | X35: =TRUNC((P35*T35+Q35*U35+R35*V35),2) -> 92.34 | Y35: =X35+O35 -> 165.83 | Z35: R$/m³
C36: =$C$21 -> PEDREIRA MARACATU | D36: 45962 | E36: 55 | F36: t | G36: FOB | H36: PAVIMENTAÇÃO | I36: 45931 | J36: =$J$21 -> 590.669 | K36: 590.239 | L36: =TRUNC(K36/J36,4) -> 0.9992 | M36: =TRUNC(E36*L36,2) -> 54.95 | N36: 1.5 | O36: =M36 -> 54.95 | P36: =$P$21 -> 160 | R36: =$R$21 -> 2.2 | S36: Transp C. Basc 10 m³ (t.km) | T36: =$T$19 -> 0.83 | U36: =$U$19 -> 1 | V36: =$V$19 -> 1.25 | W36: R$/t.km | X36: =TRUNC((P36*T36+Q36*U36+R36*V36),2) -> 135.55 | Y36: =X36+O36 -> 190.5 | Z36: R$/m³
B37: PÓ DE PEDRA | C37: =$C$19 -> MINERAÇÃO AURORA | D37: 45748 | E37: 45 | F37: t | G37: FOB | H37: PAVIMENTAÇÃO | I37: 45931 | J37: =$J$19 -> 588.804 | K37: =$K$19 -> 590.239 | L37: =TRUNC(K37/J37,4) -> 1.0024 | M37: =TRUNC(E37*L37,2) -> 45.1 | N37: 1.5 | O37: =M37*N37 -> 67.65 | P37: =$P$19 -> 74.2 | R37: =$R$19 -> 1.2 | S37: Transp C. Basc 10 m³ (t.km) | T37: 0.79 | U37: =$U$19 -> 1 | V37: =$V$19 -> 1.25 | W37: R$/t.km | X37: =TRUNC((P37*T37+Q37*U37+R37*V37),2) -> 60.11 | Y37: =X37+O37 -> 127.76 | Z37: R$/m³
C38: =$C$20 -> PEDREIRA VITÓRIA | D38: 45809 | E38: 75 | F38: m³ | G38: FOB | H38: PAVIMENTAÇÃO | I38: 45931 | J38: =$J$20 -> 586.211 | K38: 590.239 | L38: =TRUNC(K38/J38,4) -> 1.0068 | M38: =TRUNC(E38*L38,2) -> 75.51 | N38: 1.5 | O38: =M38 -> 75.51 | P38: =$P$20 -> 109 | R38: =$R$20 -> 1.5 | S38: Transp C. Basc 10 m³ (t.km) | T38: =$T$19 -> 0.83 | U38: =$U$19 -> 1 | V38: =$V$19 -> 1.25 | W38: R$/t.km | X38: =TRUNC((P38*T38+Q38*U38+R38*V38),2) -> 92.34 | Y38: =X38+O38 -> 167.85 | Z38: R$/m³
C39: =$C$21 -> PEDREIRA MARACATU | D39: 45962 | E39: 45 | F39: t | G39: FOB | H39: PAVIMENTAÇÃO | I39: 45931 | J39: =$J$21 -> 590.669 | K39: 590.239 | L39: =TRUNC(K39/J39,4) -> 0.9992 | M39: =TRUNC(E39*L39,2) -> 44.96 | N39: 1.5 | O39: =M39*N39 -> 67.44 | P39: =$P$21 -> 160 | R39: =$R$21 -> 2.2 | S39: Transp C. Basc 10 m³ (t.km) | T39: =$T$19 -> 0.83 | U39: =$U$19 -> 1 | V39: =$V$19 -> 1.25 | W39: R$/t.km | X39: =TRUNC((P39*T39+Q39*U39+R39*V39),2) -> 135.55 | Y39: =X39+O39 -> 202.99 | Z39: R$/m³
B40: AREIA MÉDIA LAVADA | C40: AREIASIL | D40: 45962 | E40: 90 | F40: m³ | G40: FOB | H40: DRENAGEM | I40: 45931 | J40: 482.299 | K40: 491.278 | L40: =TRUNC(K40/J40,4) -> 1.0186 | M40: =TRUNC(E40*L40,2) -> 91.67 | O40: =M40 -> 91.67 | P40: 25.9 | S40: Transp C. Basc 10 m³ (t.km) | T40: =$T$19 -> 0.83 | U40: =$U$19 -> 1 | V40: =$V$19 -> 1.25 | W40: R$/t.km | X40: =TRUNC((P40*T40+Q40*U40+R40*V40),2) -> 21.49 | Y40: =X40+O40 -> 113.16 | Z40: R$/m³
C41: CS AREIA E BRITA | D41: 45748 | E41: 60 | F41: m³ | G41: FOB | H41: DRENAGEM | I41: 45931 | J41: 482.299 | K41: 491.278 | L41: =TRUNC(K41/J41,4) -> 1.0186 | M41: =TRUNC(E41*L41,2) -> 61.11 | O41: =M41 -> 61.11 | P41: 150 | S41: Transp C. Basc 10 m³ (t.km) | T41: =$T$19 -> 0.83 | U41: =$U$19 -> 1 | V41: =$V$19 -> 1.25 | W41: R$/t.km | X41: =TRUNC((P41*T41+Q41*U41+R41*V41),2) -> 124.5 | Y41: =X41+O41 -> 185.61 | Z41: R$/m³
B42: MASSA ASFÁLTICA FAIXA C | C42: AGC CONSTRUÇÕES | D42: 45962 | E42: 577.73 | F42: t | G42: FOB | H42: PAVIMENTAÇÃO | I42: 45931 | J42: 590.669 | K42: =$K$19 -> 590.239 | L42: =TRUNC(K42/J42,4) -> 0.9992 | M42: =TRUNC(E42*L42,2) -> 577.26 | N42: 2.4 | O42: =TRUNC(M42*N42,2) -> 1385.42 | P42: 91.2 | S42: Transp C. Basc 10 m³ (t.km) | T42: =$T$19 -> 0.83 | U42: =$U$19 -> 1 | V42: =$V$19 -> 1.25 | W42: R$/t.km | X42: =TRUNC((P42*T42+Q42*U42+R42*V42),2) -> 75.69 | Y42: =X42+O42 -> 1461.11 | Z42: R$/t
C43: INSTTALE ENGENHARIA | D43: 45931 | E43: 710 | F43: t | G43: FOB | H43: PAVIMENTAÇÃO | I43: 45931 | J43: 590.239 | K43: =$K$19 -> 590.239 | L43: =TRUNC(K43/J43,4) -> 1 | M43: =TRUNC(E43*L43,2) -> 710 | N43: 2.4 | O43: =TRUNC(M43*N43,2) -> 1704 | P43: 70.4 | R43: 0.81 | S43: Transp C. Basc 10 m³ (t.km) | T43: =$T$19 -> 0.83 | U43: =$U$19 -> 1 | V43: =$V$19 -> 1.25 | W43: R$/t.km | X43: =TRUNC((P43*T43+Q43*U43+R43*V43),2) -> 59.44 | Y43: =X43+O43 -> 1763.44 | Z43: R$/t
C44: LIDERMAC CONSTRUÇÕES | D44: 45962 | E44: 556 | F44: t | G44: FOB | H44: PAVIMENTAÇÃO | I44: 45931 | J44: 590.669 | K44: =$K$19 -> 590.239 | L44: =TRUNC(K44/J44,4) -> 0.9992 | M44: =TRUNC(E44*L44,2) -> 555.55 | N44: 2.4 | O44: =TRUNC(M44*N44,2) -> 1333.32 | P44: 84.8 | S44: Transp C. Basc 10 m³ (t.km) | T44: =$T$19 -> 0.83 | U44: =$U$19 -> 1 | V44: =$V$19 -> 1.25 | W44: R$/t.km | X44: =TRUNC((P44*T44+Q44*U44+R44*V44),2) -> 70.38 | Y44: =X44+O44 -> 1403.7 | Z44: R$/t
B46: DESTINAÇÃO DE RESÍDUOS SÓLIDOS
B48: Insumo | C48: Fornecedor | D48: Data Cotação | E48: Preço Cotação | F48: Und Cotação | G48: Condição de Frete | H48: Índice Adotado | I48: Data Base Orçamento | J48: Índice de Reajsutamento | L48: Fator de Regressão | M48: Custo Reajustado | P48: Distância Canteiro - CTR | S48: Transporte | T48: Preço Unitário do Transporte | X48: Valor Total do Transporte | Y48: Binômio (Aquisição + Transporte)
J49: Índice Cotação | K49: Índice Data Base | P49: P | Q49: RP | R49: LN | T49: P (5914389) | U49: RP (5914374) | V49: LN (5914359) | W49: Und | Y49: Valor Total | Z49: Und
B50: DESTINAÇÃO DE RESÍDUOS SÓLIDOS (Entulho) | C50: ECOPARQUE JABOATÃO | D50: 46023 | E50: 70 | F50: t | G50: FOB | H50: OBRAS COMPLEMENTARES E MEIO AMBIENTE | I50: 45931 | J50: 167.965 | K50: 167.061 | L50: =TRUNC(K50/J50,4) -> 0.9946 | M50: =TRUNC(E50*L50,2) -> 69.62 | P50: 74.7 | S50: Transp C. Basc 10 m³ (t.km) | T50: =$T$19 -> 0.83 | U50: =$U$19 -> 1 | V50: =$V$19 -> 1.25 | W50: R$/t.km | X50: =TRUNC((P50*T50+Q50*U50+R50*V50),2) -> 62 | Y50: =X50+M50 -> 131.62 | Z50: R$/t
C51: CTR IPOJUCA | D51: 46023 | E51: 100 | F51: t | G51: FOB | H51: OBRAS COMPLEMENTARES E MEIO AMBIENTE | I51: 45931 | J51: 167.965 | K51: 167.061 | L51: =TRUNC(K51/J51,4) -> 0.9946 | M51: =TRUNC(E51*L51,2) -> 99.46 | P51: 29.5 | R51: 4.9 | S51: Transp C. Basc 10 m³ (t.km) | T51: =$T$19 -> 0.83 | U51: =$U$19 -> 1 | V51: =$V$19 -> 1.25 | W51: R$/t.km | X51: =TRUNC((P51*T51+Q51*U51+R51*V51),2) -> 30.61 | Y51: =X51+M51 -> 130.07 | Z51: R$/t
B52: DESTINAÇÃO DE RESÍDUOS SÓLIDOS (Solo) | C52: =C50 -> ECOPARQUE JABOATÃO | D52: 45809 | E52: 70 | F52: t | G52: FOB | H52: OBRAS COMPLEMENTARES E MEIO AMBIENTE | I52: 45931 | J52: =J50 -> 167.965 | K52: 167.061 | L52: =TRUNC(K52/J52,4) -> 0.9946 | M52: =TRUNC(E52*L52,2) -> 69.62 | P52: =P50 -> 74.7 | S52: Transp C. Basc 10 m³ (t.km) | T52: =$T$19 -> 0.83 | U52: =$U$19 -> 1 | V52: =$V$19 -> 1.25 | W52: R$/t.km | X52: =TRUNC((P52*T52+Q52*U52+R52*V52),2) -> 62 | Y52: =X52+M52 -> 131.62 | Z52: R$/t
C53: =C51 -> CTR IPOJUCA | D53: 45809 | E53: 85 | F53: t | G53: FOB | H53: OBRAS COMPLEMENTARES E MEIO AMBIENTE | I53: 45931 | J53: =J51 -> 167.965 | K53: 167.061 | L53: =TRUNC(K53/J53,4) -> 0.9946 | M53: =TRUNC(E53*L53,2) -> 84.54 | P53: =P51 -> 29.5 | R53: =R51 -> 4.9 | S53: Transp C. Basc 10 m³ (t.km) | T53: =$T$19 -> 0.83 | U53: =$U$19 -> 1 | V53: =$V$19 -> 1.25 | W53: R$/t.km | X53: =TRUNC((P53*T53+Q53*U53+R53*V53),2) -> 30.61 | Y53: =X53+M53 -> 115.15 | Z53: R$/t
B54: Último índice de reajustamento disponível na elaboração do orçamento: Mês Base: Dezembro/2025 Fonte: SICRO

Sheet Diagrama
A2: RODOVIA PE-060 - 3ª FAIXA
E5: RECIFE/PE | M5: ALAGOAS/AL
F8: Km | I8: Km | M8: Km
F9: 57.1 | I9: 65.6 | M9: 71.4
M12: LN+P: | N12: =74.2+1.2 -> 75.4
E13: LN+P: | F13: 84.8 | I13: Canteiro | M13: Pedreira (Aurora) | N13: LN: 1,20
E14: Usina (Lidermac) | F14: LN: 0,00 | N14: P: 74,20
F15: P: 84,8
E17: LN+P: | F17: =34.4 -> 34.4
E18: Destinação | F18: LN: 4,90
F19: P: 29,50
E21: LN+P: | F21: 17.3
E22: Areal (Areiasil) | F22: LN: 0,00
F23: P: 17,30
D28: MATERIAL | F28: ORIGEM | G28: DESTINO | H28: Df | I28: a - b | J28: c - a | K28: DMT | L28: LN | M28: P
D30: Material Pétreo | F30: Pedreira | G30: Canteiro | H30: =N12 -> 75.4 | J30: =M9-I9 -> 5.8 | K30: =J30+H30 -> 81.2 | L30: 1.2 | M30: =K30-L30 -> 80
F31: =G30 -> Canteiro | G31: Pista | H31: =I12 -> 0 | I31: =I9-F9 -> 8.5 | J31: =M9-I9 -> 5.8 | K31: =IF(AND(I31=0,J31=0),H31,(I31^2+J31^2)/(2*(I31+J31))+H31) -> 3.7024476 | M31: =K31+L31 -> 3.7024476
D32: Total: | L32: =L30 -> 1.2 | M32: =SUM(M30:M31) -> 83.702448
D33: Material Arenoso | F33: Areal | G33: Canteiro | H33: =F21 -> 17.3 | I33: =I9-F9 -> 8.5 | K33: =I33+H33 -> 25.8 | M33: =K33 -> 25.8
F34: =G33 -> Canteiro | G34: Pista | H34: =I12 -> 0 | I34: =I9-F9 -> 8.5 | J34: =M9-I9 -> 5.8 | K34: =IF(AND(I34=0,J34=0),H34,(I34^2+J34^2)/(2*(I34+J34))+H34) -> 3.7024476 | M34: =K34 -> 3.7024476
D35: Total: | M35: =SUM(M33:M34) -> 29.502448
D36: Mistura Betuminosa | F36: Usina | G36: Canteiro | K36: =I36+H36 -> 0 | M36: =K36 -> 0
F37: Usina | G37: Pista | H37: =F13 -> 84.8 | I37: =M9-F9 -> 14.3 | K37: =IF(AND(I37=0,J37=0),H37,(I37^2+J37^2)/(2*(I37+J37))+H37) -> 91.95 | M37: =K37 -> 91.95
D38: Total: | M38: =SUM(M36:M37) -> 91.95
D39: Destinação de Resíduos | F39: Pista | G39: Destinação | H39: =F17 -> 34.4 | I39: =M9-F9 -> 14.3 | K39: =IF(AND(I39=0,J39=0),H39,(I39^2+J39^2)/(2*(I39+J39))+H39) -> 41.55 | M39: =K39-L39 -> 41.55
D40: Total: | L40: =L39 -> 0 | M40: =SUM(M39) -> 41.55
D41: Total: | M41: =SUM(L40:M40) -> 41.55
D42: Mobilização | F42: Recife/PE | G42: Canteiro | H42: 97.9 | K42: =I42+H42 -> 97.9 | M42: =K42 -> 97.9

Sheet Mat. Betuminoso
B2: GOVERNO DO ESTADO DE PERNAMBUCO
B3: SECRETARIA DE MOBILIDADE E INFRAESTRUTURA - SEMOBI/PE
B4: DEPARTAMENTO DE ESTRADAS DE RODAGEM - DER/PE
B6: RODOVIA: | C6: PE-060 | F6: DATA BASE: | G6: OUTUBRO/2025
B7: TRECHO: | C7: ENTR. BR-101 (CABO DE SANTO AGOSTINHO) - DIV. PE/AL | F7: TIPO: | G7: SEM DESONERAÇÃO
B9: TRANSPORTE DE MATERIAL BETUMINOSO
B11: As equações tarifárias de transporte referidas na Portaria nº 1977 de 25 de outubro de 2017 não consideram eventuais despesas relacionadas ao pagamento de pedágio em rodovias concessionadas. Para fim de cálculo do custo referencial de pedágio foram considerados veículos de classe 3S3 com capacidade de carga de 28 toneladas. Segue relação de postos de pedágio em cada percurso considerado na avaliação do binômio "Aquisição + Transporte" dos fornecedores de material betuminoso. | K11: IND. REAJ. | L11: DATA BASE | N11: FATOR
L12: I0 | M12: I1
L13: 45962 | M13: 45931
K14: PAVIM | L14: 590.669 | M14: 590.239 | N14: =ROUND((M14/L14),4) -> 0.9993
C17: Refinaria | D17: Localidade | E17: DMT
C18: Refinaria Mataripe | D18: Mataripe/BA | E18: 741
C19: Refinaria Lubrificantes e Derivados do Nordeste (Lubnor) | D19: Fortaleza/CE | E19: 864
C20: Refinaria Gabriel Passo (Regap) | D20: Betim/MG | E20: 2018
C21: Refinaria Alberto Pasqualini (Refap) | D21: Canoas/RS | E21: 3732
C23: Base de Distribuição | D23: Localidade | E23: DMT
C24: Brasil Asfaltos | D24: Candeias/BA | E24: 726
C26: CBAA Asfaltos | D26: Feira de Santana/BA | E26: 724
C28: Betunel Asfaltos | D28: Fortaleza/CE | E28: 855
C30: Último índice de reajustamento disponível na elaboração do orçamento: Novembro/2025 Fonte: https://qualp.com.br/
B39: PREÇOS DE DISTRIBUIÇÃO DE PRODUTOS ASFÁLTICOS
B41: Agência Nacional do Petróleo, Gás Natural e Biocombustíveis
B42: Superintendência de Defesa da Concorrência, Estudos e Regulação Econômica
B45: PREÇO MÉDIO MENSAL PONDERADO PRATICADO PELOS DISTRIBUIDORES DE PRODUTOS ASFÁLTICOS (R$/KG)
C48: Mês | D48: Produto | F48: Estado/Região | G48: Preço
C49: =$G$6 -> OUTUBRO/2025 | D49: ASFALTOS DILUÍDOS CM-30 | F49: Minas Gerais | G49: 5.585124
C50: =$G$6 -> OUTUBRO/2025 | D50: ASFALTOS DILUÍDOS CM-30 | F50: Ceará | G50: 4.2711866
C51: =$G$6 -> OUTUBRO/2025 | D51: ASFALTOS DILUÍDOS CM-30 | F51: Sudeste | G51: 4.553685
C52: =$G$6 -> OUTUBRO/2025 | D52: EMULSÕES ASFÁLTICAS RR-1C | F52: Bahia | G52: 3.0280438
C53: =$G$6 -> OUTUBRO/2025 | D53: EMULSÕES ASFÁLTICAS RR-1C | F53: Ceará | G53: 2.9898729
C54: =$G$6 -> OUTUBRO/2025 | D54: EMULSÕES ASFÁLTICAS RR-1C | F54: Nordeste | G54: 2.9976051
C55: Fonte: https://www.gov.br/anp/pt-br/assuntos/precos-e-defesa-da-concorrencia/precos/precos-de-distribuicao-de-produtos-asfalticos

Sheet Aquis. Betuminoso
B2: GOVERNO DO ESTADO DE PERNAMBUCO
B3: SECRETARIA DE MOBILIDADE E INFRAESTRUTURA - SEMOBI/PE
B4: DEPARTAMENTO DE ESTRADAS DE RODAGEM - DER/PE
B6: RODOVIA: | C6: ='Mat. Betuminoso'!C6:E6 -> PE-060 | J6: DATA BASE: | K6: ='Mat. Betuminoso'!G6 -> OUTUBRO/2025
B7: TRECHO: | C7: ='Mat. Betuminoso'!C7:E7 -> ENTR. BR-101 (CABO DE SANTO AGOSTINHO) - DIV. PE/AL | J7: TIPO: | K7: ='Mat. Betuminoso'!G7 -> SEM DESONERAÇÃO
B9: CUSTO DO MATERIAL BETUMINOSO - BINÔMIO DE AQUISIÇÃO E TRANSPORTE
B10: BASEADO NA PORTARIA Nº 1977 DE 25 DE OUTUBRO DE 2017 E PORTARIA COMPLEMENTAR Nº 434 DE 14 DE MARÇO DE 2017
B13: MATERIAL BETUMINOSO - CM-30
C15: UF | D15: LOCAL (AQUISIÇÃO) | E15: FLU (D) | F15: PAV (D1) | G15: N PAV (D2) | H15: L N (D3) | I15: ICMS (%) | J15: COFINS (%) | K15: PIS (%) | L15: BDI (%) | M15: AQUISIÇÃO ANP (R$/kg) | N15: VALOR PEDÁGIO | O15: VALOR BALSA
B16: R-1 Ref. REGAP | C16: ='Mat. Betuminoso'!F49 -> Minas Gerais | D16: ='Mat. Betuminoso'!$D$20 -> Betim/MG | E16: 0 | F16: ='Mat. Betuminoso'!$E$20 -> 2018 | G16: 0 | H16: 0 | I16: 20.5 | J16: 3 | K16: 0.65 | L16: 14.5 | M16: =VLOOKUP(C16,'Mat. Betuminoso'!$F$49:$G$51,2,0) -> 5.585124
B17: R-2 Ref. LUBNOR | C17: ='Mat. Betuminoso'!F50 -> Ceará | D17: ='Mat. Betuminoso'!$D$19 -> Fortaleza/CE | E17: 0 | F17: ='Mat. Betuminoso'!$E$19 -> 864 | G17: 0 | H17: 0 | I17: 20.5 | J17: 3 | K17: 0.65 | L17: =$L$16 -> 14.5 | M17: =VLOOKUP(C17,'Mat. Betuminoso'!$F$49:$G$51,2,0) -> 4.2711866
B18: R-3 Ref. REPAR | C18: ='Mat. Betuminoso'!F51 -> Sudeste | D18: ='Mat. Betuminoso'!$D$21 -> Canoas/RS | E18: 0 | F18: ='Mat. Betuminoso'!$E$21 -> 3732 | G18: 0 | H18: 0 | I18: 20.5 | J18: 3 | K18: 0.65 | L18: =$L$16 -> 14.5 | M18: =VLOOKUP(C18,'Mat. Betuminoso'!$F$49:$G$51,2,0) -> 4.553685
C20: Transporte Rodoviário | H20: Indice Reajuste | I20: DATA BASE | K20: Fator Correção
C21: T.R. = 26,939 + (0,253 x D1) + (0,299xD2) + (0,412xD3) | I21: I0 | J21: I1
I22: 41821 | J22: ='Mat. Betuminoso'!$M$13 -> 45931
H23: PAVIM | I23: 270.237 | J23: ='Mat. Betuminoso'!$M$14 -> 590.239 | K23: =ROUND((J23/I23),4) -> 2.1842
B26: Serviço | D26: R-1 Sem ICMS | E26: Unidade | G26: R-2 Sem ICMS | H26: Unidade | J26: R-3 Sem ICMS | K26: Unidade | M26: R-4 Sem ICMS | N26: Unidade
B27: Aquisição | D27: =M16*1000 -> 5585.124 | E27: R$/T | G27: =M17*1000 -> 4271.1866 | H27: R$/T | J27: =M18*1000 -> 4553.685 | K27: R$/T
B28: Transporte | D28: =TRUNC(($K$23*((26.939+(0.253*F16)+(0.299*G16)+(0.412*H16)))),2) -> 1173.99 | E28: R$/T | G28: =TRUNC(($K$23*((26.939+(0.253*F17)+(0.299*G17)+(0.412*H17)))),2) -> 536.28 | H28: R$/T | J28: =($K$23*((26.939+(0.253*F18)+(0.299*G18)+(0.412*H18)))) -> 2121.1531 | K28: R$/T
B30: Serviço | D30: R-1 Com Impostos | E30: Unidade | G30: R-2 Com Impostos | H30: Unidade | J30: R-3 Com Impostos | K30: Unidade | M30: R-4 Com Impostos | N30: Unidade
B31: Aquisição | D31: =D27/(1-($I$16%+$J$16%+$K$16%-($K$16%+$J$16%)*$I$16%)) -> 7291.4511 | E31: R$/T | G31: =G27/(1-($I$17%+$J$17%+$K$17%-($K$17%+$J$17%)*$I$17%)) -> 5576.089 | H31: R$/T | J31: =J27/(1-($I$18%+$J$18%+$K$18%-($K$18%+$J$18%)*$I$18%)) -> 5944.8943 | K31: R$/T
B32: Transporte | D32: =D28/(1-(I16/100)) -> 1476.717 | E32: R$/T | G32: =G28/(1-(I17/100)) -> 674.56604 | H32: R$/T | J32: =J28/(1-(I18/100)) -> 2668.1171 | K32: R$/T
B34: Serviço | D34: R-1 C/ Impostos/Pedágio | E34: Unidade | G34: R-2 C/ Impostos/Pedágio | H34: Unidade | J34: R-3 C/ Impostos/Pedágio | K34: Unidade | M34: R-4 C/ Impostos/Pedágio | N34: Unidade
B35: Aquisição | D35: =D31 -> 7291.4511 | E35: R$/T | G35: =G31 -> 5576.089 | H35: R$/T | J35: =J31 -> 5944.8943 | K35: R$/T
B36: Transporte | D36: =SUM(D32,N16) -> 1476.717 | E36: R$/T | G36: =SUM(G32,N17) -> 674.56604 | H36: R$/T | J36: =SUM(J32,N18) -> 2668.1171 | K36: R$/T
B38: Serviço | D38: BDI | E38: Unidade | G38: BDI | H38: Unidade | J38: BDI | K38: Unidade | M38: BDI | N38: Unidade
B39: Aquisição | D39: =D35*L16/100 -> 1057.2604 | E39: R$/T | G39: =G35*L17/100 -> 808.5329 | H39: R$/T | J39: =J35*L18/100 -> 862.00968 | K39: R$/T
B40: Transporte | D40: =D36*L16/100 -> 214.12396 | E40: R$/T | G40: =G36*L17/100 -> 97.812075 | H40: R$/T | J40: =J36*L18/100 -> 386.87697 | K40: R$/T
B42: Serviço | D42: R-1 Total | E42: Unidade | G42: R-2 Total | H42: Unidade | J42: R-3 Total | K42: Unidade | M42: R-4 Total | N42: Unidade
B43: Aquisição | D43: =TRUNC(SUM(D35,D39),3) -> 8348.711 | E43: R$ | G43: =TRUNC(SUM(G35,G39),3) -> 6384.621 | H43: R$ | J43: =TRUNC(SUM(J35,J39),2) -> 6806.9 | K43: R$
B44: Transporte | D44: =TRUNC(SUM(D36,D40),3) -> 1690.84 | E44: R$ | G44: =TRUNC(SUM(G36,G40),3) -> 772.378 | H44: R$ | J44: =TRUNC(SUM(J36,J40),2) -> 3054.99 | K44: R$
B45: Total | D45: =IF(D43=0,0,SUM(D43:D44)) -> 10039.551 | E45: R$ | G45: =IF(G43=0,0,SUM(G43:G44)) -> 7156.999 | H45: R$ | J45: =IF(J43=0,0,SUM(J43:J44)) -> 9861.89 | K45: R$
B73: MATERIAL BETUMINOSO - RR-1C
C75: UF | D75: LOCAL (AQUISIÇÃO) | E75: FLU (D) | F75: PAV (D1) | G75: N PAV (D2) | H75: L N (D3) | I75: ICMS (%) | J75: COFINS (%) | K75: PIS (%) | L75: BDI (%) | M75: AQUISIÇÃO ANP (R$/kg) | N75: VALOR PEDÁGIO | O75: VALOR BALSA
B76: B-1 Brasil Asfaltos | C76: ='Mat. Betuminoso'!F52 -> Bahia | D76: ='Mat. Betuminoso'!D24 -> Candeias/BA | E76: 0 | F76: ='Mat. Betuminoso'!E24 -> 726 | G76: 0 | H76: 0 | I76: 20.5 | J76: 3 | K76: 0.65 | L76: =$L$16 -> 14.5 | M76: =VLOOKUP(C76,'Mat. Betuminoso'!$F$52:$G$54,2,0) -> 3.0280438
B77: B-2 CBAA Asfaltos | C77: ='Mat. Betuminoso'!F53 -> Ceará | D77: ='Mat. Betuminoso'!D26 -> Feira de Santana/BA | E77: 0 | F77: ='Mat. Betuminoso'!E26 -> 724 | G77: 0 | H77: 0 | I77: 20.5 | J77: 3 | K77: 0.65 | L77: =$L$16 -> 14.5 | M77: =VLOOKUP(C77,'Mat. Betuminoso'!$F$52:$G$54,2,0) -> 2.9898729
B78: B-3 Betunel Asfaltos | C78: ='Mat. Betuminoso'!F54 -> Nordeste | D78: ='Mat. Betuminoso'!D28 -> Fortaleza/CE | E78: 0 | F78: ='Mat. Betuminoso'!E28 -> 855 | G78: 0 | H78: 0 | I78: 20.5 | J78: 3 | K78: 0.65 | L78: =$L$16 -> 14.5 | M78: =VLOOKUP(C78,'Mat. Betuminoso'!$F$52:$G$54,2,0) -> 2.9976051
C80: Transporte Rodoviário | H80: Indice Reajuste | I80: DATA BASE | K80: Fator Correção
C81: T.R. = 26,939 + (0,253 x D1) + (0,299xD2) + (0,412xD3) | I81: I0 | J81: I1
I82: 41821 | J82: ='Mat. Betuminoso'!$M$13 -> 45931
H83: PAVIM | I83: 270.237 | J83: ='Mat. Betuminoso'!$M$14 -> 590.239 | K83: =ROUND((J83/I83),4) -> 2.1842
B86: Serviço | D86: BD-1 Sem ICMS | E86: Unidade | G86: BD-2 Sem ICMS | H86: Unidade | J86: BD-3 Sem ICMS | K86: Unidade | M86: BD-4 Sem ICMS | N86: Unidade
B87: Aquisição | D87: =M76*1000 -> 3028.0438 | E87: R$/T | G87: =TRUNC(M77*1000,2) -> 2989.87 | H87: R$/T | J87: =M78*1000 -> 2997.6051 | K87: R$/T
B88: Transporte | D88: =TRUNC(($K$23*((26.939+(0.253*F76)+(0.299*G76)+(0.412*H76)))),2) -> 460.02 | E88: R$/T | G88: =TRUNC(($K$23*((26.939+(0.253*F77)+(0.299*G77)+(0.412*H77)))),2) -> 458.92 | H88: R$/T | J88: =($K$23*((26.939+(0.253*F78)+(0.299*G78)+(0.412*H78)))) -> 531.31539 | K88: R$/T
B90: Serviço | D90: BD-1 Com Impostos | E90: Unidade | G90: BD-2 Com Impostos | H90: Unidade | J90: BD-3 Com Impostos | K90: Unidade | M90: BD-4 Com Impostos | N90: Unidade
B91: Aquisição | D91: =D87/(1-($I$76%+$J$76%+$K$76%-($K$76%+$J$76%)*$I$76%)) -> 3953.1501 | E91: R$/T | G91: =G87/(1-($I$77%+$J$77%+$K$77%-($K$77%+$J$77%)*$I$77%)) -> 3903.3137 | H91: R$/T | J91: =J87/(1-($I$78%+$J$78%+$K$78%-($K$78%+$J$78%)*$I$78%)) -> 3913.4119 | K91: R$/T
B92: Transporte | D92: =D88/(1-(I76/100)) -> 578.64151 | E92: R$/T | G92: =G88/(1-(I77/100)) -> 577.25786 | H92: R$/T | J92: =J88/(1-(I78/100)) -> 668.32124 | K92: R$/T
B94: Serviço | D94: BD-1 C/ Impostos/Pedágio | E94: Unidade | G94: BD-2 C/ Impostos/Pedágio | H94: Unidade | J94: BD-3 C/ Impostos/Pedágio | K94: Unidade | M94: BD-4 C/ Impostos/Pedágio | N94: Unidade
B95: Aquisição | D95: =D91 -> 3953.1501 | E95: R$/T | G95: =G91 -> 3903.3137 | H95: R$/T | J95: =J91 -> 3913.4119 | K95: R$/T
B96: Transporte | D96: =SUM(D92,N76) -> 578.64151 | E96: R$/T | G96: =SUM(G92,N77) -> 577.25786 | H96: R$/T | J96: =SUM(J92,N78) -> 668.32124 | K96: R$/T
B98: Serviço | D98: BDI | E98: Unidade | G98: BDI | H98: Unidade | J98: BDI | K98: Unidade | M98: BDI | N98: Unidade
B99: Aquisição | D99: =D95*L76/100 -> 573.20677 | E99: R$/T | G99: =G95*L77/100 -> 565.98049 | H99: R$/T | J99: =J95*L78/100 -> 567.44473 | K99: R$/T
B100: Transporte | D100: =D96*L76/100 -> 83.903019 | E100: R$/T | G100: =G96*L77/100 -> 83.70239 | H100: R$/T | J100: =J96*L78/100 -> 96.90658 | K100: R$/T
B102: Serviço | D102: BD-1 Total | E102: Unidade | G102: BD-2 Total | H102: Unidade | J102: BD-3 Total | K102: Unidade | M102: BD-4 Total | N102: Unidade
B103: Aquisição | D103: =TRUNC(SUM(D95,D99),2) -> 4526.35 | E103: R$ | G103: =ROUND(SUM(G95,G99),2) -> 4469.29 | H103: R$ | J103: =TRUNC(SUM(J95,J99),2) -> 4480.85 | K103: R$
B104: Transporte | D104: =TRUNC(SUM(D96,D100),2) -> 662.54 | E104: R$ | G104: =ROUND(SUM(G96,G100),2) -> 660.96 | H104: R$ | J104: =TRUNC(SUM(J96,J100),2) -> 765.22 | K104: R$
B105: Total | D105: =IF(D103=0,0,SUM(D103:D104)) -> 5188.89 | E105: R$ | G105: =IF(G103=0,0,SUM(G103:G104)) -> 5130.25 | H105: R$ | J105: =IF(J103=0,0,SUM(J103:J104)) -> 5246.07 | K105: R$
E109: RESUMO
E110: PRODUTO | F110: CÓDIGO | G110: SERVIÇO | I110: UNIDADE | J110: CUSTO DIRETO | K110: PREÇO UNITARIO
E111: CM-30 | F111: AQ-01 | G111: Aquisição de CM-30 | I111: t | J111: =G31 -> 5576.089 | K111: =G43 -> 6384.621
F112: TR-01 | G112: Transporte de CM-30 | I112: t | J112: =G36 -> 674.56604 | K112: =G44 -> 772.378
E113: RR-1C | F113: AQ-02 | G113: Aquisição de RR-1C | I113: t | J113: =G91 -> 3903.3137 | K113: =G103 -> 4469.29
F114: TR-02 | G114: Transporte de RR-1C | I114: t | J114: =G96 -> 577.25786 | K114: =G104 -> 660.96

Sheet Maps
A1: GOVERNO DO ESTADO DE PERNAMBUCO
A2: SECRETARIA DE MOBILIDADE E INFRAESTRUTURA - SEMOBI/PE
A3: DEPARTAMENTO DE ESTRADAS DE RODAGEM - DER/PE
A4: RODOVIA: | B4: ='Mat. Betuminoso'!C6 -> PE-060
A5: TRECHO: | B5: ='Mat. Betuminoso'!C7 -> ENTR. BR-101 (CABO DE SANTO AGOSTINHO) - DIV. PE/AL
A7: ROTAS FORNECEDORES
A9: REFINARIA LUBNOR/CE
A43: REFINARIA MATARIPE/BA
A77: REFINARIA REGAP/MG
A111: REFINARIA REFAP/RS
A145: BASE DE DISTRIBUIÇÃO - BRASIL ASFALTOS/BA
A179: BASE DE DISTRIBUIÇÃO - CBAA ASFALTOS/BA
A213: BASE DE DISTRIBUIÇÃO - BETUNEL ASFALTOS/CE
